Workbook
Name d: [1]proposta!#REF!
Name d: [1]proposta!#REF!
Name j: #REF!
Name j: [2]PROPOSTA!#REF!
Name j: [2]PROPOSTA!#REF!
Name j: 'orc DER JAN 2021'!$B$1

Sheet LIGANTES
A3: Sobre os preços coletados no Site da ANP foram incluídos os impostos, PIS/COFINS (3,65%) e ICMS (18,00%), totalizando 21,65%.
F6: ANP1 | G6: PARANÁ | P6: Preços de distribuição de produtos asfálticos
F7: ANP2 | G7: REGIÃO SUL | P7: Preços de produtores e importadores de derivados de petróleo
A8: Grupo de serviço: LIGANTES BETUMINOSOS | F8: ANP3 | G8: produtores sul
A10: DER janeiro 2021 | F10: ANP 3 (Preços Produtores) 4 A 10 MAIO / 2021 | H10: ANP 2 e 3 (Preços Distribuidores) MAIO 2021 | M10: menor valor Entre: ANP-Greca-CBB
A11: Código | B11: Descrição do Serviço | C11: Unidade | D11: Custo Unitário DER jan/2021 | F11: Custo Unitário SEM IMPOSTO | G11: Custo Unitário (+21,65%) | H11: Custo Unitário SEM IMPOSTO | I11: Custo Unitário (+21,65%) | J11: Custo Unitário Greca Asfáltos | K11: Custo Unitário CBB Asfáltos | M11: Custo Unitário Paranacidade Maio 2021 2ª PUBLICAÇÃO | P11: Custo Unitário Paranacidade Maio 2021 1ª PUBLICAÇÃO | Q11: Custo Unitário Paranacidade xxx 2021 2ª PUBLICAÇÃO
A12: 589100 | B12: Fornecimento de asfalto diluído CM-30 | C12: t | D12: 5022.5 | F12: 4779.5845 | G12: =ROUND(F12/(1-21.65%),2) -> 6100.3 | H12: 4523.99 | I12: =ROUND(H12/(1-21.65%),2) -> 5774.08 | J12: 7392 | K12: =6700*1.18 -> 7906 | M12: =SMALL((G12,I12,J12,K12),1) -> 5774.08 | N12: =M12/D12 -> 1.1496426 | O12: ANP2 | P12: 6100.3 | Q12: 5774.08
A13: 589050 | B13: Fornecimento de asfalto modificado por borracha AB8 | C13: t | D13: 3788.14 | H13: 3906.77 | I13: =ROUND(H13/(1-21.65%),2) -> 4986.31 | J13: 5316 | K13: =4800*1.18 -> 5664 | M13: =SMALL((G13,I13,J13,K13),1) -> 4986.31 | N13: =M13/D13 -> 1.3162951 | O13: ANP1 | P13: 5316 | Q13: 4986.31
A14: 589070 | B14: Fornecimento de CAP-30/45 | C14: t | D14: 4130.03 | F14: 3489.272 | G14: =ROUND(F14/(1-21.65%),2) -> 4453.44 | H14: 3899.05 | I14: =ROUND(H14/(1-21.65%),2) -> 4976.45 | K14: =4900*1.18 -> 5782 | M14: =SMALL((G14,I14,J14,K14),1) -> 4453.44 | N14: =M14/D14 -> 1.0783069 | O14: ANP3 | Q14: 4453.44
A15: 589000 | B15: Fornecimento de CAP-50/70 | C15: t | D15: 3340.63 | F15: 3689.1872 | G15: =ROUND(F15/(1-21.65%),2) -> 4708.6 | H15: 3474.42 | I15: =ROUND(H15/(1-21.65%),2) -> 4434.49 | J15: 5703 | K15: =5000*1.18 -> 5900 | M15: =SMALL((G15,I15,J15,K15),1) -> 4434.49 | N15: =M15/D15 -> 1.3274412 | O15: ANP2 | P15: 4708.6 | Q15: 4434.49
A16: 589030 | B16: Fornecimento de CAP-50/70 com polímero elastomérico (55/75) | C16: t | D16: 3932.27 | H16: 3054.31 | I16: =ROUND(H16/(1-21.65%),2) -> 3898.29 | K16: =6200*1.18 -> 7316 | M16: =SMALL((G16,I16,J16,K16),1) -> 3898.29 | N16: =M16/D16 -> 0.99135868 | O16: ANP1 | Q16: 3898.29
A17: 589040 | B17: Fornecimento de CAP-50/70 com polímero elastomérico (60/85) | C17: t | D17: 4296.93 | H17: 4060.71 | I17: =ROUND(H17/(1-21.65%),2) -> 5182.78 | J17: 6816 | K17: =6300*1.18 -> 7434 | M17: =SMALL((G17,I17,J17,K17),1) -> 5182.78 | N17: =M17/D17 -> 1.2061588 | O17: ANP1 | P17: 6056.4997 | Q17: 5182.78
A18: 589060 | B18: Fornecimento de CAP-50/70 com polímero elastomérico (65/90) | C18: t | D18: 4032.87 | H18: n | M18: =ROUND(D18/D17*M17,2) -> 4864.28 | N18: =M18/D18 -> 1.2061584 | O18: média der jan | Q18: 4864.28
A19: 589190 | B19: Fornecimento de emulsão asfáltica EAI p/imprimação | C19: t | D19: 2803.16 | H19: 2774.03 | I19: =ROUND(H19/(1-21.65%),2) -> 3540.56 | K19: =3800*1.18 -> 4484 | M19: =SMALL((G19,I19,J19,K19),1) -> 3540.56 | N19: =M19/D19 -> 1.2630603 | O19: ANP1 | P19: 3951.04 | Q19: 3540.56
A20: 589180 | B20: Fornecimento de emulsão asfáltica RC-1C-E com polímero | C20: t | D20: 3295.64 | H20: 3197.1 | I20: =ROUND(H20/(1-21.65%),2) -> 4080.54 | K20: =4500*1.18 -> 5310 | M20: =SMALL((G20,I20,J20,K20),1) -> 4080.54 | N20: =M20/D20 -> 1.2381631 | O20: ANP1 | P20: 4645.19 | Q20: 4080.54
A21: 589170 | B21: Fornecimento de emulsão asfáltica RL-1C | C21: t | D21: 2659.11 | H21: 3022.72 | I21: =ROUND(H21/(1-21.65%),2) -> 3857.97 | K21: =3500*1.18 -> 4130 | M21: =SMALL((G21,I21,J21,K21),1) -> 3857.97 | N21: =M21/D21 -> 1.4508501 | O21: ANP1 | P21: 3748 | Q21: 3857.97
A22: 589220 | B22: Fornecimento de emulsão asfáltica RM-1C | C22: t | D22: 2963.28 | H22: 2562.43 | I22: =ROUND(H22/(1-21.65%),2) -> 3270.49 | K22: =3800*1.18 -> 4484 | M22: =SMALL((G22,I22,J22,K22),1) -> 3270.49 | N22: =M22/D22 -> 1.1036723 | O22: ANP1 | P22: 4176.73 | Q22: 3270.49
A23: 589320 | B23: Fornecimento de emulsão asfáltica RM-2C | C23: t | D23: 2773.46 | H23: 2834.02 | I23: =ROUND(H23/(1-21.65%),2) -> 3617.13 | J23: 4573 | K23: =4000*1.18 -> 4720 | M23: =SMALL((G23,I23,J23,K23),1) -> 3617.13 | N23: =M23/D23 -> 1.304194 | O23: ANP2 | P23: 3909.18 | Q23: 3617.13
A24: 589420 | B24: Fornecimento de emulsão asfáltica RR-1C | C24: t | D24: 2353.66 | H24: 2299 | I24: =ROUND(H24/(1-21.65%),2) -> 2934.27 | J24: 3836 | K24: =3300*1.18 -> 3894 | M24: =SMALL((G24,I24,J24,K24),1) -> 2934.27 | N24: =M24/D24 -> 1.2466839 | O24: ANP1 | P24: 3317.47 | Q24: 2934.27
A25: 589430 | B25: Fornecimento de emulsão asfáltica RR-1C-E com polímero | C25: t | D25: 2858.64 | H25: 3025.5 | I25: =ROUND(H25/(1-21.65%),2) -> 3861.52 | M25: =SMALL((G25,I25,J25,K25),1) -> 3861.52 | N25: =M25/D25 -> 1.3508242 | O25: ANP2 | Q25: 3861.52
A26: 589520 | B26: Fornecimento de emulsão asfáltica RR-2C | C26: t | D26: 2665.24 | H26: 2597.07 | I26: =ROUND(H26/(1-21.65%),2) -> 3314.7 | J26: 4172 | K26: =3700*1.18 -> 4366 | M26: =SMALL((G26,I26,J26,K26),1) -> 3314.7 | N26: =M26/D26 -> 1.2436779 | O26: ANP1 | P26: 3756.64 | Q26: 3314.7
A27: 589530 | B27: Fornecimento de emulsão asfáltica RR-2C-E com polímero | C27: t | D27: 2884.67 | H27: 2867.99 | I27: =ROUND(H27/(1-21.65%),2) -> 3660.49 | M27: =SMALL((G27,I27,J27,K27),1) -> 3660.49 | N27: =M27/D27 -> 1.2689458 | O27: ANP2 brasil | Q27: 3660.49

Sheet Prazos e Áreas
A1: 1 - | B1: PAVIMENTAÇÃO (IMPLANTAÇÃO - RESTAURAÇÃO DE PAVIMENTO - IMPLASNTAÇÃO + RECAPE)
B2: PRAZOS E ÁREAS MÁXIMAS DE PAVIMENTAÇÃO PARA O CRONOGRMA
B3: Prazo do | C3: Áreas Máximas
B4: Cronograma (N) | C4: de | D4: até
B5: 3 meses | C5: - | D5: 2.000 m2
B6: 4 meses | C6: 2.000 m2 | D6: 4.000 m2
B7: 5 meses | C7: 4.000 m2 | D7: 8.000 m2 | E7: Obs. | F7: Para áreas maiores que 30.000 m2 : Dividir em "Lotes"
B8: 6 meses | C8: 8.000 m2 | D8: 13.000 m2
B9: 7 meses | C9: 13.000 m2 | D9: 18.000 m2
B10: 8 meses | C10: 18.000 m2 | D10: 24.000 m2
B11: 9 meses | C11: 24.000 m2 | D11: 30.000 m2
A13: 2 | B13: RECAPE ASFÁLTICO
B14: PRAZOS E ÁREAS MÁXIMAS DE RECAPE PARA O CRONOGRMA
B15: Prazo do | C15: Áreas Máximas
B16: Cronograma (N) | C16: de | D16: até
B17: 3 meses | C17: - | D17: 10.000 m2
B18: 4 meses | C18: 10.000 m2 | D18: 15.000 m2 | E18: Obs. | F18: Para áreas maiores que 60.000 m2 : Dividir em "Lotes"
B19: 5 meses | C19: 15.000 m2 | D19: 20.000 m2
B20: 6 meses | C20: 20.000 m2 | D20: 30.000 m2
B21: 7 meses | C21: 30.000 m2 | D21: 40.000 m2
B22: 8 meses | C22: 40.000 m2 | D22: 50.000 m2
B23: 9 meses | C23: 50.000 m2 | D23: 60.000 m2

Sheet Cronograma PAM
B1: PAM | C1: SECRETARIA DE ESTADO DO DESENVOLVIMENTO URBANO - SEDU | D1: SECRETARIA DE ESTADO DO DESENVOLVIMENTO URBANO - SEDU | K1: PAVIMENTAÇÃO
B2: Município: | C2: PIÊN | F2: SAM | G2: 58 | H2: Edital no Município | J2: Procedimento prévio | L2: Início previsto da Obra | N2: Convênio | P2: Repasse do Concedente | S2: 2100000
B3: Projeto : | C3: PAVIMENTAÇÃO DE ESTRADAS VICINAIS | F3: LOTE nº | G3: 1 | H3: Data | I3: =TODAY() -> 44441 | J3: Dias | K3: =80-10 -> 70 | L3: Data | M3: =I3+K3+10 -> 44521 | N3: nº | P3: Contrapartida do Proponente | S3: 812909.53 | T3: =IF(S3=0,0,1-T2) -> 1 | W3: =S21-S2 -> -227208.49
B4: Quantidade: | C4: ='orc DER JAN 2021'!O2667 -> 9818.79 | E4: CRONOGRAMA FÍSICO FINANCEIRO | P4: Valor Total | S4: =SUM(S2:S3) -> 2912909.5 | T4: =SUM(T2:T3) -> 1
B5: GRUPO | C5: SERVIÇOS | E5: N | F5: PARCELAS (%) | S5: TOTAL | T5: % S/ | W5: Controle | X5: =IF(S4=S51,"OK","erro") -> erro
B6: ITEM | E6: 7 | F6: =IF(E6=0,0,1) -> 1 | G6: =IF($E$6<2,0,2) -> 2 | H6: =IF($E$6<3,0,3) -> 3 | I6: =IF($E$6<4,0,4) -> 4 | J6: =IF($E$6<5,0,5) -> 5 | K6: =IF($E$6<6,0,6) -> 6 | L6: =IF($E$6<7,0,7) -> 7 | M6: =IF($E$6<8,0,8) -> 0 | N6: =IF($E$6<9,0,9) -> 0 | O6: =IF($E$6<10,0,10) -> 0 | P6: =IF($E$6<11,0,11) -> 0 | Q6: =IF($E$6<12,0,12) -> 0 | S6: ITEM (R$) | T6: TOTAL
C7: Data Início | F7: =IF(E6=0,0,M3) -> 44521 | G7: =IF(G6=0,0,F8+1) -> 44552 | H7: =IF(H6=0,0,G8+1) -> 44583 | I7: =IF(I6=0,0,H8+1) -> 44614 | J7: =IF(J6=0,0,I8+1) -> 44645 | K7: =IF(K6=0,0,J8+1) -> 44676 | L7: =IF(L6=0,0,K8+1) -> 44707 | M7: =IF(M6=0,0,L8+1) -> 0 | N7: =IF(N6=0,0,M8+1) -> 0 | ... Q7: =IF(Q6=0,0,P8+1) -> 0
C8: Data Fim | F8: =IF(E6=0,0,F7+30) -> 44551 | G8: =IF(G6=0,0,G7+30) -> 44582 | H8: =IF(H6=0,0,H7+30) -> 44613 | I8: =IF(I6=0,0,I7+30) -> 44644 | J8: =IF(J6=0,0,J7+30) -> 44675 | K8: =IF(K6=0,0,K7+30) -> 44706 | L8: =IF(L6=0,0,L7+30) -> 44737 | M8: =IF(M6=0,0,M7+30) -> 0 | N8: =IF(N6=0,0,N7+30) -> 0 | ... Q8: =IF(Q6=0,0,Q7+30) -> 0
A9: =CONCATENATE($E$6,"|",B9) -> 7|1 | B9: 1 | C9: SERVIÇOS PRELIMINARES | E9: 1 | F9: 20 | G9: 30 | H9: 30 | I9: 20 | J9: 0 | K9: 0 | L9: 0 | M9: 0 | N9: 0 | O9: 0 | P9: 0 | Q9: 0 | S9: ='orc DER JAN 2021'!V18 -> 6097.39 | T9: =IF($S$21=0,0,(S9/$S$21)*100) -> 0.32557762 | W9: =SUM(F9:Q9) -> 100
A10: =CONCATENATE($E$6,"|",B10) -> 7|2 | B10: 2 | C10: TERRAPLENAGEM | E10: 2 | F10: 15 | G10: 25 | H10: 30 | I10: 25 | J10: 5 | K10: 0 | L10: 0 | M10: 0 | N10: 0 | O10: 0 | P10: 0 | Q10: 0 | S10: ='orc DER JAN 2021'!V68 -> 20910.88 | T10: =IF($S$21=0,0,(S10/$S$21)*100) -> 1.1165621 | W10: =SUM(F10:Q10) -> 100
A11: =CONCATENATE($E$6,"|",B11) -> 7|3 | B11: 3 | C11: BASE / SUB-BASE | E11: 3 | F11: 5 | G11: 20 | H11: 30 | I11: 25 | J11: 20 | K11: 0 | L11: 0 | M11: 0 | N11: 0 | O11: 0 | P11: 0 | Q11: 0 | S11: ='orc DER JAN 2021'!V113 -> 515253.24 | T11: =IF($S$21=0,0,(S11/$S$21)*100) -> 27.512579 | W11: =SUM(F11:Q11) -> 100
A12: =CONCATENATE($E$6,"|",B12) -> 7|4 | B12: 4 | C12: REVESTIMENTO | E12: 4 | F12: 0 | G12: 5 | H12: 20 | I12: 30 | J12: 25 | K12: 20 | L12: 0 | M12: 0 | N12: 0 | O12: 0 | P12: 0 | Q12: 0 | S12: ='orc DER JAN 2021'!V223 -> 678892.08 | T12: =IF($S$21=0,0,(S12/$S$21)*100) -> 36.250275 | W12: =SUM(F12:Q12) -> 100
A13: =CONCATENATE($E$6,"|",B13) -> 7|5 | B13: 5 | C13: MEIO-FIO E SARJETA | E13: 5 | F13: 0 | G13: 15 | H13: 30 | I13: 30 | J13: 25 | K13: 0 | L13: 0 | M13: 0 | N13: 0 | O13: 0 | P13: 0 | Q13: 0 | S13: ='orc DER JAN 2021'!V467 -> 54029.08 | T13: =IF($S$21=0,0,(S13/$S$21)*100) -> 2.884949 | W13: =SUM(F13:Q13) -> 100
A14: =CONCATENATE($E$6,"|",B14) -> 7|6 | B14: 6 | C14: PAISAGISMO / URBANISMO | E14: 3 | F14: 0 | G14: 5 | H14: 10 | I14: 30 | J14: 30 | K14: 25 | L14: 0 | M14: 0 | N14: 0 | O14: 0 | P14: 0 | Q14: 0 | S14: ='orc DER JAN 2021'!V522 -> 182134.95 | T14: =IF($S$21=0,0,(S14/$S$21)*100) -> 9.7253191 | W14: =SUM(F14:Q14) -> 100
A15: =CONCATENATE($E$6,"|",B15) -> 7|7 | B15: 7 | C15: SINALIZAÇÃO DE TRÂNSITO | E15: 5 | F15: 0 | G15: 0 | H15: 20 | I15: 20 | J15: 30 | K15: 30 | L15: 0 | M15: 0 | N15: 0 | O15: 0 | P15: 0 | Q15: 0 | S15: ='orc DER JAN 2021'!V719 -> 55596.86 | T15: =IF($S$21=0,0,(S15/$S$21)*100) -> 2.9686625 | W15: =SUM(F15:Q15) -> 100
A16: =CONCATENATE($E$6,"|",B16) -> 7|8 | B16: 8 | C16: ILUMINAÇÃO PÚBLICA | E16: 6 | F16: 0 | G16: 0 | H16: 20 | I16: 30 | J16: 30 | K16: 20 | L16: 0 | M16: 0 | N16: 0 | O16: 0 | P16: 0 | Q16: 0 | S16: ='orc DER JAN 2021'!V779 -> 52935.52 | T16: =IF($S$21=0,0,(S16/$S$21)*100) -> 2.826557 | W16: =SUM(F16:Q16) -> 100
A17: =CONCATENATE($E$6,"|",B17) -> 7|9 | B17: 9 | C17: SERVIÇOS DIVERSOS | E17: 6 | F17: 5 | G17: 15 | H17: 25 | I17: 25 | J17: 20 | K17: 10 | L17: 0 | M17: 0 | N17: 0 | O17: 0 | P17: 0 | Q17: 0 | T17: =IF($S$21=0,0,(S17/$S$21)*100) -> 0 | W17: =SUM(F17:Q17) -> 100
A18: =CONCATENATE($E$6,"|",B18) -> 7|10 | B18: 10 | C18: DRENAGEM | F18: 20 | G18: 30 | H18: 30 | I18: 15 | J18: 5 | K18: 0 | L18: 0 | M18: 0 | N18: 0 | O18: 0 | P18: 0 | Q18: 0 | S18: ='orc DER JAN 2021'!V1734 -> 278168.89 | T18: =IF($S$21=0,0,(S18/$S$21)*100) -> 14.853169 | W18: =SUM(F18:Q18) -> 100
A19: =CONCATENATE($E$6,"|",B19) -> 7|11 | B19: 11 | C19: ENSAIOS TECNOLÓGICOS | F19: 3 | G19: 12 | H19: 25 | I19: 28 | J19: 21 | K19: 11 | L19: 0 | M19: 0 | N19: 0 | O19: 0 | P19: 0 | Q19: 0 | S19: ='orc DER JAN 2021'!V2611 -> 28772.62 | T19: =IF($S$21=0,0,(S19/$S$21)*100) -> 1.5363493 | W19: =SUM(F19:Q19) -> 100
C21: TOTAIS | D21: TOTAIS | S21: =SUM(S9:S20) -> 1872791.5 | T21: =SUM(T9:T19) -> 100
B22: COMPOSIÇÃO DOS RECURSOS (TESOURO E CONTRAPARTIDA)
B23: ITEM | F23: PARCELAS | R23: Nº DE | S23: TOTAL | T23: % S/
F24: =F6 -> 1 | G24: =G6 -> 2 | H24: =H6 -> 3 | I24: =I6 -> 4 | J24: =J6 -> 5 | K24: =K6 -> 6 | L24: =L6 -> 7 | M24: =M6 -> 0 | ... Q24: =Q6 -> 0 | R24: MESES | S24: ITEM | T24: ITEM
B25: 1T | C25: SERVIÇOS PRELIMINARES | D25: TESOURO | E25: R$ | F25: =((F9/100)*$S$9)*$T$2 -> 0 | G25: =((G9/100)*$S$9)*$T$2 -> 0 | H25: =((H9/100)*$S$9)*$T$2 -> 0 | I25: =((I9/100)*$S$9)*$T$2 -> 0 | J25: =((J9/100)*$S$9)*$T$2 -> 0 | K25: =((K9/100)*$S$9)*$T$2 -> 0 | L25: =((L9/100)*$S$9)*$T$2 -> 0 | M25: =((M9/100)*$S$9)*$T$2 -> 0 | ... Q25: =((Q9/100)*$S$9)*$T$2 -> 0 | R25: =COUNTIF(F25:Q25,">0") -> 0 | S25: =SUM(F25:Q25) -> 0 | T25: =IF($S$51=0,0,(S25/$S$51)) -> 0
B26: 1C | D26: CONTRAPARTIDA | E26: R$ | F26: =((F9/100)*$S$9)*T3 -> 1219.478 | G26: =((G9/100)*$S$9)*$T$3 -> 1829.217 | H26: =((H9/100)*$S$9)*$T$3 -> 1829.217 | I26: =((I9/100)*$S$9)*$T$3 -> 1219.478 | J26: =((J9/100)*$S$9)*$T$3 -> 0 | K26: =((K9/100)*$S$9)*$T$3 -> 0 | L26: =((L9/100)*$S$9)*$T$3 -> 0 | M26: =((M9/100)*$S$9)*$T$3 -> 0 | N26: =((N9/100)*$S$9)*$T$3 -> 0 | ... Q26: =((Q9/100)*$S$9)*$T$3 -> 0 | R26: =COUNTIF(F26:Q26,">0") -> 4 | S26: =SUM(F26:Q26) -> 6097.39 | T26: =IF($S$51=0,0,(S26/$S$51)) -> 0.0032557762
B27: 2T | C27: TERRAPLENAGEM | D27: TESOURO | E27: R$ | F27: =((F10/100)*$S$10)*$T$2 -> 0 | G27: =((G10/100)*$S$10)*$T$2 -> 0 | H27: =((H10/100)*$S$10)*$T$2 -> 0 | I27: =((I10/100)*$S$10)*$T$2 -> 0 | J27: =((J10/100)*$S$10)*$T$2 -> 0 | K27: =((K10/100)*$S$10)*$T$2 -> 0 | L27: =((L10/100)*$S$10)*$T$2 -> 0 | M27: =((M10/100)*$S$10)*$T$2 -> 0 | ... Q27: =((Q10/100)*$S$10)*$T$2 -> 0 | R27: =COUNTIF(F27:Q27,">0") -> 0 | S27: =SUM(F27:Q27) -> 0 | T27: =IF($S$51=0,0,(S27/$S$51)) -> 0
B28: 2C | D28: CONTRAPARTIDA | E28: R$ | F28: =((F10/100)*$S$10)*$T$3 -> 3136.632 | G28: =((G10/100)*$S$10)*$T$3 -> 5227.72 | H28: =((H10/100)*$S$10)*$T$3 -> 6273.264 | I28: =((I10/100)*$S$10)*$T$3 -> 5227.72 | J28: =((J10/100)*$S$10)*$T$3 -> 1045.544 | K28: =((K10/100)*$S$10)*$T$3 -> 0 | L28: =((L10/100)*$S$10)*$T$3 -> 0 | M28: =((M10/100)*$S$10)*$T$3 -> 0 | ... Q28: =((Q10/100)*$S$10)*$T$3 -> 0 | R28: =COUNTIF(F28:Q28,">0") -> 5 | S28: =SUM(F28:Q28) -> 20910.88 | T28: =IF($S$51=0,0,(S28/$S$51)) -> 0.011165621
B29: 3T | C29: BASE / SUB-BASE | D29: TESOURO | E29: R$ | F29: =((F11/100)*$S$11)*$T$2 -> 0 | G29: =((G11/100)*$S$11)*$T$2 -> 0 | H29: =((H11/100)*$S$11)*$T$2 -> 0 | I29: =((I11/100)*$S$11)*$T$2 -> 0 | J29: =((J11/100)*$S$11)*$T$2 -> 0 | K29: =((K11/100)*$S$11)*$T$2 -> 0 | L29: =((L11/100)*$S$11)*$T$2 -> 0 | M29: =((M11/100)*$S$11)*$T$2 -> 0 | ... Q29: =((Q11/100)*$S$11)*$T$2 -> 0 | R29: =COUNTIF(F29:Q29,">0") -> 0 | S29: =SUM(F29:Q29) -> 0 | T29: =IF($S$51=0,0,(S29/$S$51)) -> 0
B30: 3C | D30: CONTRAPARTIDA | E30: R$ | F30: =((F11/100)*$S$11)*$T$3 -> 25762.662 | G30: =((G11/100)*$S$11)*$T$3 -> 103050.65 | H30: =((H11/100)*$S$11)*$T$3 -> 154575.97 | I30: =((I11/100)*$S$11)*$T$3 -> 128813.31 | J30: =((J11/100)*$S$11)*$T$3 -> 103050.65 | K30: =((K11/100)*$S$11)*$T$3 -> 0 | L30: =((L11/100)*$S$11)*$T$3 -> 0 | M30: =((M11/100)*$S$11)*$T$3 -> 0 | ... Q30: =((Q11/100)*$S$11)*$T$3 -> 0 | R30: =COUNTIF(F30:Q30,">0") -> 5 | S30: =SUM(F30:Q30) -> 515253.24 | T30: =IF($S$51=0,0,(S30/$S$51)) -> 0.27512579
B31: 4T | C31: REVESTIMENTO | D31: TESOURO | E31: R$ | F31: =((F12/100)*$S$12)*T2 -> 0 | G31: =((G12/100)*$S$12)*$T$2 -> 0 | H31: =((H12/100)*$S$12)*$T$2 -> 0 | I31: =((I12/100)*$S$12)*$T$2 -> 0 | J31: =((J12/100)*$S$12)*$T$2 -> 0 | K31: =((K12/100)*$S$12)*$T$2 -> 0 | L31: =((L12/100)*$S$12)*$T$2 -> 0 | M31: =((M12/100)*$S$12)*$T$2 -> 0 | N31: =((N12/100)*$S$12)*$T$2 -> 0 | ... Q31: =((Q12/100)*$S$12)*$T$2 -> 0 | R31: =COUNTIF(F31:Q31,">0") -> 0 | S31: =SUM(F31:Q31) -> 0 | T31: =IF($S$51=0,0,(S31/$S$51)) -> 0
B32: 4C | D32: CONTRAPARTIDA | E32: R$ | F32: =((F12/100)*$S$12)*$T$3 -> 0 | G32: =((G12/100)*$S$12)*$T$3 -> 33944.604 | H32: =((H12/100)*$S$12)*$T$3 -> 135778.42 | I32: =((I12/100)*$S$12)*$T$3 -> 203667.62 | J32: =((J12/100)*$S$12)*$T$3 -> 169723.02 | K32: =((K12/100)*$S$12)*$T$3 -> 135778.42 | L32: =((L12/100)*$S$12)*$T$3 -> 0 | M32: =((M12/100)*$S$12)*$T$3 -> 0 | ... Q32: =((Q12/100)*$S$12)*$T$3 -> 0 | R32: =COUNTIF(F32:Q32,">0") -> 5 | S32: =SUM(F32:Q32) -> 678892.08 | T32: =IF($S$51=0,0,(S32/$S$51)) -> 0.36250275
B33: 5T | C33: MEIO-FIO E SARJETA | D33: TESOURO | E33: R$ | F33: =((F13/100)*$S$13)*$T$2 -> 0 | G33: =((G13/100)*$S$13)*$T$2 -> 0 | H33: =((H13/100)*$S$13)*$T$2 -> 0 | I33: =((I13/100)*$S$13)*$T$2 -> 0 | J33: =((J13/100)*$S$13)*$T$2 -> 0 | K33: =((K13/100)*$S$13)*$T$2 -> 0 | L33: =((L13/100)*$S$13)*$T$2 -> 0 | M33: =((M13/100)*$S$13)*$T$2 -> 0 | ... Q33: =((Q13/100)*$S$13)*$T$2 -> 0 | R33: =COUNTIF(F33:Q33,">0") -> 0 | S33: =SUM(F33:Q33) -> 0 | T33: =IF($S$51=0,0,(S33/$S$51)) -> 0
B34: 5C | D34: CONTRAPARTIDA | E34: R$ | F34: =((F13/100)*$S$13)*$T$3 -> 0 | G34: =((G13/100)*$S$13)*$T$3 -> 8104.362 | H34: =((H13/100)*$S$13)*$T$3 -> 16208.724 | I34: =((I13/100)*$S$13)*$T$3 -> 16208.724 | J34: =((J13/100)*$S$13)*$T$3 -> 13507.27 | K34: =((K13/100)*$S$13)*$T$3 -> 0 | L34: =((L13/100)*$S$13)*$T$3 -> 0 | M34: =((M13/100)*$S$13)*$T$3 -> 0 | ... Q34: =((Q13/100)*$S$13)*$T$3 -> 0 | R34: =COUNTIF(F34:Q34,">0") -> 4 | S34: =SUM(F34:Q34) -> 54029.08 | T34: =IF($S$51=0,0,(S34/$S$51)) -> 0.02884949
B35: 6T | C35: PAISAGISMO / URBANISMO | D35: TESOURO | E35: R$ | F35: =((F14/100)*$S$14)*$T$2 -> 0 | G35: =((G14/100)*$S$14)*$T$2 -> 0 | H35: =((H14/100)*$S$14)*$T$2 -> 0 | I35: =((I14/100)*$S$14)*$T$2 -> 0 | J35: =((J14/100)*$S$14)*$T$2 -> 0 | K35: =((K14/100)*$S$14)*$T$2 -> 0 | L35: =((L14/100)*$S$14)*$T$2 -> 0 | M35: =((M14/100)*$S$14)*$T$2 -> 0 | ... Q35: =((Q14/100)*$S$14)*$T$2 -> 0 | R35: =COUNTIF(F35:Q35,">0") -> 0 | S35: =SUM(F35:Q35) -> 0 | T35: =IF($S$51=0,0,(S35/$S$51)) -> 0
B36: 6C | D36: CONTRAPARTIDA | E36: R$ | F36: =((F14/100)*$S$14)*$T$3 -> 0 | G36: =((G14/100)*$S$14)*$T$3 -> 9106.7475 | H36: =((H14/100)*$S$14)*$T$3 -> 18213.495 | I36: =((I14/100)*$S$14)*$T$3 -> 54640.485 | J36: =((J14/100)*$S$14)*$T$3 -> 54640.485 | K36: =((K14/100)*$S$14)*$T$3 -> 45533.738 | L36: =((L14/100)*$S$14)*$T$3 -> 0 | M36: =((M14/100)*$S$14)*$T$3 -> 0 | ... Q36: =((Q14/100)*$S$14)*$T$3 -> 0 | R36: =COUNTIF(F36:Q36,">0") -> 5 | S36: =SUM(F36:Q36) -> 182134.95 | T36: =IF($S$51=0,0,(S36/$S$51)) -> 0.097253191
B37: 7T | C37: SINALIZAÇÃO DE TRÂNSITO | D37: TESOURO | E37: R$ | F37: =((F15/100)*$S$15)*$T$2 -> 0 | G37: =((G15/100)*$S$15)*$T$2 -> 0 | H37: =((H15/100)*$S$15)*$T$2 -> 0 | I37: =((I15/100)*$S$15)*$T$2 -> 0 | J37: =((J15/100)*$S$15)*$T$2 -> 0 | K37: =((K15/100)*$S$15)*$T$2 -> 0 | L37: =((L15/100)*$S$15)*$T$2 -> 0 | M37: =((M15/100)*$S$15)*$T$2 -> 0 | ... Q37: =((Q15/100)*$S$15)*$T$2 -> 0 | R37: =COUNTIF(F37:Q37,">0") -> 0 | S37: =SUM(F37:Q37) -> 0 | T37: =IF($S$51=0,0,(S37/$S$51)) -> 0
B38: 7C | D38: CONTRAPARTIDA | E38: R$ | F38: =((F15/100)*$S$15)*$T$3 -> 0 | G38: =((G15/100)*$S$15)*$T$3 -> 0 | H38: =((H15/100)*$S$15)*$T$3 -> 11119.372 | I38: =((I15/100)*$S$15)*$T$3 -> 11119.372 | J38: =((J15/100)*$S$15)*$T$3 -> 16679.058 | K38: =((K15/100)*$S$15)*$T$3 -> 16679.058 | L38: =((L15/100)*$S$15)*$T$3 -> 0 | M38: =((M15/100)*$S$15)*$T$3 -> 0 | ... Q38: =((Q15/100)*$S$15)*$T$3 -> 0 | R38: =COUNTIF(F38:Q38,">0") -> 4 | S38: =SUM(F38:Q38) -> 55596.86 | T38: =IF($S$51=0,0,(S38/$S$51)) -> 0.029686625
B39: 8T | C39: ILUMINAÇÃO PÚBLICA | D39: TESOURO | E39: R$ | F39: =((F16/100)*$S$16)*$T$2 -> 0 | G39: =((G16/100)*$S$16)*$T$2 -> 0 | H39: =((H16/100)*$S$16)*$T$2 -> 0 | I39: =((I16/100)*$S$16)*$T$2 -> 0 | J39: =((J16/100)*$S$16)*$T$2 -> 0 | K39: =((K16/100)*$S$16)*$T$2 -> 0 | L39: =((L16/100)*$S$16)*$T$2 -> 0 | M39: =((M16/100)*$S$16)*$T$2 -> 0 | ... Q39: =((Q16/100)*$S$16)*$T$2 -> 0 | R39: =COUNTIF(F39:Q39,">0") -> 0 | S39: =SUM(F39:Q39) -> 0 | T39: =IF($S$51=0,0,(S39/$S$51)) -> 0
B40: 8C | D40: CONTRAPARTIDA | E40: R$ | F40: =((F16/100)*$S$16)*$T$3 -> 0 | G40: =((G16/100)*$S$16)*$T$3 -> 0 | H40: =((H16/100)*$S$16)*$T$3 -> 10587.104 | I40: =((I16/100)*$S$16)*$T$3 -> 15880.656 | J40: =((J16/100)*$S$16)*$T$3 -> 15880.656 | K40: =((K16/100)*$S$16)*$T$3 -> 10587.104 | L40: =((L16/100)*$S$16)*$T$3 -> 0 | M40: =((M16/100)*$S$16)*$T$3 -> 0 | ... Q40: =((Q16/100)*$S$16)*$T$3 -> 0 | R40: =COUNTIF(F40:Q40,">0") -> 4 | S40: =SUM(F40:Q40) -> 52935.52 | T40: =IF($S$51=0,0,(S40/$S$51)) -> 0.02826557
B41: 9T | C41: SERVIÇOS DIVERSOS | D41: TESOURO | E41: R$ | F41: =((F17/100)*$S$17)*$T$2 -> 0 | G41: =((G17/100)*$S$17)*$T$2 -> 0 | H41: =((H17/100)*$S$17)*$T$2 -> 0 | I41: =((I17/100)*$S$17)*$T$2 -> 0 | J41: =((J17/100)*$S$17)*$T$2 -> 0 | K41: =((K17/100)*$S$17)*$T$2 -> 0 | L41: =((L17/100)*$S$17)*$T$2 -> 0 | M41: =((M17/100)*$S$17)*$T$2 -> 0 | ... Q41: =((Q17/100)*$S$17)*$T$2 -> 0 | R41: =COUNTIF(F41:Q41,">0") -> 0 | S41: =SUM(F41:Q41) -> 0 | T41: =IF($S$51=0,0,(S41/$S$51)) -> 0
B42: 9C | D42: CONTRAPARTIDA | E42: R$ | F42: =((F17/100)*$S$17)*$T$3 -> 0 | G42: =((G17/100)*$S$17)*$T$3 -> 0 | H42: =((H17/100)*$S$17)*$T$3 -> 0 | I42: =((I17/100)*$S$17)*$T$3 -> 0 | J42: =((J17/100)*$S$17)*$T$3 -> 0 | K42: =((K17/100)*$S$17)*$T$3 -> 0 | L42: =((L17/100)*$S$17)*$T$3 -> 0 | M42: =((M17/100)*$S$17)*$T$3 -> 0 | ... Q42: =((Q17/100)*$S$17)*$T$3 -> 0 | R42: =COUNTIF(F42:Q42,">0") -> 0 | S42: =SUM(F42:Q42) -> 0 | T42: =IF($S$51=0,0,(S42/$S$51)) -> 0
B43: 10T | C43: DRENAGEM | D43: TESOURO | E43: R$ | F43: =((F18/100)*$S$18)*$T$2 -> 0 | G43: =((G18/100)*$S$18)*$T$2 -> 0 | H43: =((H18/100)*$S$18)*$T$2 -> 0 | I43: =((I18/100)*$S$18)*$T$2 -> 0 | J43: =((J18/100)*$S$18)*$T$2 -> 0 | K43: =((K18/100)*$S$18)*$T$2 -> 0 | L43: =((L18/100)*$S$18)*$T$2 -> 0 | M43: =((M18/100)*$S$18)*$T$2 -> 0 | ... Q43: =((Q18/100)*$S$18)*$T$2 -> 0 | R43: =COUNTIF(F43:Q43,">0") -> 0 | S43: =SUM(F43:Q43) -> 0 | T43: =IF($S$51=0,0,(S43/$S$51)) -> 0
B44: 10C | D44: CONTRAPARTIDA | E44: R$ | F44: =((F18/100)*$S$18)*$T$3 -> 55633.778 | G44: =((G18/100)*$S$18)*$T$3 -> 83450.667 | H44: =((H18/100)*$S$18)*$T$3 -> 83450.667 | I44: =((I18/100)*$S$18)*$T$3 -> 41725.334 | J44: =((J18/100)*$S$18)*$T$3 -> 13908.445 | K44: =((K18/100)*$S$18)*$T$3 -> 0 | L44: =((L18/100)*$S$18)*$T$3 -> 0 | M44: =((M18/100)*$S$18)*$T$3 -> 0 | ... Q44: =((Q18/100)*$S$18)*$T$3 -> 0 | R44: =COUNTIF(F44:Q44,">0") -> 5 | S44: =SUM(F44:Q44) -> 278168.89 | T44: =IF($S$51=0,0,(S44/$S$51)) -> 0.14853169
B45: 11T | C45: ENSAIOS TECNOLÓGICOS | D45: TESOURO | E45: R$ | F45: =((F19/100)*$S$19)*$T$2 -> 0 | G45: =((G19/100)*$S$19)*$T$2 -> 0 | H45: =((H19/100)*$S$19)*$T$2 -> 0 | I45: =((I19/100)*$S$19)*$T$2 -> 0 | J45: =((J19/100)*$S$19)*$T$2 -> 0 | K45: =((K19/100)*$S$19)*$T$2 -> 0 | L45: =((L19/100)*$S$19)*$T$2 -> 0 | M45: =((M19/100)*$S$19)*$T$2 -> 0 | ... Q45: =((Q19/100)*$S$19)*$T$2 -> 0 | R45: =COUNTIF(F45:Q45,">0") -> 0 | S45: =SUM(F45:Q45) -> 0 | T45: =IF($S$51=0,0,(S45/$S$51)) -> 0
B46: 11C | D46: CONTRAPARTIDA | E46: R$ | F46: =((F19/100)*$S$19)*$T$3 -> 863.1786 | G46: =((G19/100)*$S$19)*$T$3 -> 3452.7144 | H46: =((H19/100)*$S$19)*$T$3 -> 7193.155 | I46: =((I19/100)*$S$19)*$T$3 -> 8056.3336 | J46: =((J19/100)*$S$19)*$T$3 -> 6042.2502 | K46: =((K19/100)*$S$19)*$T$3 -> 3164.9882 | L46: =((L19/100)*$S$19)*$T$3 -> 0 | M46: =((M19/100)*$S$19)*$T$3 -> 0 | ... Q46: =((Q19/100)*$S$19)*$T$3 -> 0 | R46: =COUNTIF(F46:Q46,">0") -> 6 | S46: =SUM(F46:Q46) -> 28772.62 | T46: =IF($S$51=0,0,(S46/$S$51)) -> 0.015363493
B48: T | C48: TOTAIS | D48: TESOURO | E48: R$ | F48: =SUMIF($D$25:$D$46,"TESOURO",F$25:F$46) -> 0 | G48: =SUMIF($D$25:$D$46,"TESOURO",G$25:G$46) -> 0 | H48: =SUMIF($D$25:$D$46,"TESOURO",H$25:H$46) -> 0 | I48: =SUMIF($D$25:$D$46,"TESOURO",I$25:I$46) -> 0 | J48: =SUMIF($D$25:$D$46,"TESOURO",J$25:J$46) -> 0 | K48: =SUMIF($D$25:$D$46,"TESOURO",K$25:K$46) -> 0 | L48: =SUMIF($D$25:$D$46,"TESOURO",L$25:L$46) -> 0 | M48: =SUMIF($D$25:$D$46,"TESOURO",M$25:M$46) -> 0 | ... Q48: =SUMIF($D$25:$D$46,"TESOURO",Q$25:Q$46) -> 0 | S48: =SUMIF($D$25:$D$46,"TESOURO",S$25:S$46) -> 0 | T48: =SUMIF($D$25:$D$46,"TESOURO",T$25:T$46) -> 0
B49: C | D49: CONTRAPARTIDA | E49: R$ | F49: =SUMIF($D$25:$D$46,"CONTRAPARTIDA",F$25:F$46) -> 86615.729 | G49: =SUMIF($D$25:$D$46,"CONTRAPARTIDA",G$25:G$46) -> 248166.68 | H49: =SUMIF($D$25:$D$46,"CONTRAPARTIDA",H$25:H$46) -> 445229.39 | I49: =SUMIF($D$25:$D$46,"CONTRAPARTIDA",I$25:I$46) -> 486559.04 | J49: =SUMIF($D$25:$D$46,"CONTRAPARTIDA",J$25:J$46) -> 394477.38 | K49: =SUMIF($D$25:$D$46,"CONTRAPARTIDA",K$25:K$46) -> 211743.3 | L49: =SUMIF($D$25:$D$46,"CONTRAPARTIDA",L$25:L$46) -> 0 | M49: =SUMIF($D$25:$D$46,"CONTRAPARTIDA",M$25:M$46) -> 0 | ... Q49: =SUMIF($D$25:$D$46,"CONTRAPARTIDA",Q$25:Q$46) -> 0 | S49: =SUMIF($D$25:$D$46,"CONTRAPARTIDA",S$25:S$46) -> 1872791.5 | T49: =SUMIF($D$25:$D$46,"CONTRAPARTIDA",T$25:T$46) -> 1
B51: FATURAMENTO MENSAL PREVISTO | E51: R$ | F51: =SUM(F48:F49) -> 86615.729 | G51: =SUM(G48:G49) -> 248166.68 | H51: =SUM(H48:H49) -> 445229.39 | I51: =SUM(I48:I49) -> 486559.04 | J51: =SUM(J48:J49) -> 394477.38 | K51: =SUM(K48:K49) -> 211743.3 | L51: =SUM(L48:L49) -> 0 | M51: =SUM(M48:M49) -> 0 | ... Q51: =SUM(Q48:Q49) -> 0 | S51: =SUM(F51:Q51) -> 1872791.5 | T51: =SUM(T48:T49) -> 1
B52: MENSAL PARCIAL PREVISTO EM % | E52: R$ | F52: =IF($S$51=0,0,F51/$S$51) -> 0.046249531 | G52: =IF($S$51=0,0,G51/$S$51) -> 0.13251164 | H52: =IF($S$51=0,0,H51/$S$51) -> 0.23773569 | I52: =IF($S$51=0,0,I51/$S$51) -> 0.25980417 | J52: =IF($S$51=0,0,J51/$S$51) -> 0.21063603 | K52: =IF($S$51=0,0,K51/$S$51) -> 0.11306293 | L52: =IF($S$51=0,0,L51/$S$51) -> 0 | M52: =IF($S$51=0,0,M51/$S$51) -> 0 | ... Q52: =IF($S$51=0,0,Q51/$S$51) -> 0 | S52: =S48+S49 -> 1872791.5 | T52: =SUM(F52:Q52) -> 1
B53: MENSAL ACUMULADO PREVISTO EM % | E53: R$ | F53: =F52 -> 0.046249531 | G53: =IF(G51=0,0,F53+G52) -> 0.17876117 | H53: =IF(H51=0,0,G53+H52) -> 0.41649687 | I53: =IF(I51=0,0,H53+I52) -> 0.67630103 | J53: =IF(J51=0,0,I53+J52) -> 0.88693707 | K53: =IF(K51=0,0,J53+K52) -> 1 | L53: =IF(L51=0,0,K53+L52) -> 0 | M53: =IF(M51=0,0,L53+M52) -> 0 | N53: =IF(N51=0,0,M53+N52) -> 0 | ... Q53: =IF(Q51=0,0,P53+Q52) -> 0 | S53: =IF(S51=S52,"OK","CORRIGIR") -> OK | T53: =IF(T51=T52,"OK","CORRIGIR") -> OK
B54: Resp. Técnico: | F54: Assinatura: | J54: Prefeito: | N54: Assinatura: | Q54: data:
G55: ___________________________ | O55: __________________

Sheet Cronograma SFM
B1: SFM | C1: SECRETARIA DE ESTADO DO DESENVOLVIMENTO URBANO - SEDU | D1: SECRETARIA DE ESTADO DO DESENVOLVIMENTO URBANO - SEDU | K1: PAVIMENTAÇÃO
B2: Município: | C2: PIÊN | F2: SAM | G2: 58 | H2: Edital no Município | J2: Procedimento prévio | L2: Início previsto da Obra | P2: Empréstimo | S2: ='orc DER JAN 2021'!V2659 -> 1872791.5 | T2: =IF(S4=0,0,S2/S4) -> 1
B3: Projeto : | C3: PAVIMENTAÇÃO VIA URBANA | F3: LOTE nº | G3: 1 | H3: Data | I3: =TODAY() -> 44441 | J3: Dias | K3: =80-10 -> 70 | L3: Data | M3: =I3+K3+10 -> 44521 | P3: Contrapartida do Proponente | T3: =IF(S3=0,0,1-T2) -> 0
B4: Quantidade: | C4: ='orc DER JAN 2021'!O2667 -> 9818.79 | E4: CRONOGRAMA FÍSICO FINANCEIRO | P4: Valor Total | S4: =SUM(S2:S3) -> 1872791.5 | T4: =SUM(T2:T3) -> 1
B5: GRUPO | C5: SERVIÇOS | E5: N | F5: PARCELAS (%) | S5: TOTAL | T5: % S/ | W5: Controle | X5: =IF(S4=S51,"OK","erro") -> OK
B6: ITEM | E6: 6 | F6: =IF(E6=0,0,1) -> 1 | G6: =IF($E$6<2,0,2) -> 2 | H6: =IF($E$6<3,0,3) -> 3 | I6: =IF($E$6<4,0,4) -> 4 | J6: =IF($E$6<5,0,5) -> 5 | K6: =IF($E$6<6,0,6) -> 6 | L6: =IF($E$6<7,0,7) -> 0 | M6: =IF($E$6<8,0,8) -> 0 | N6: =IF($E$6<9,0,9) -> 0 | O6: =IF($E$6<10,0,10) -> 0 | P6: =IF($E$6<11,0,11) -> 0 | Q6: =IF($E$6<12,0,12) -> 0 | S6: ITEM (R$) | T6: TOTAL
C7: Data Início | F7: =IF(E6=0,0,M3) -> 44521 | G7: =IF(G6=0,0,F8+1) -> 44552 | H7: =IF(H6=0,0,G8+1) -> 44583 | I7: =IF(I6=0,0,H8+1) -> 44614 | J7: =IF(J6=0,0,I8+1) -> 44645 | K7: =IF(K6=0,0,J8+1) -> 44676 | L7: =IF(L6=0,0,K8+1) -> 0 | M7: =IF(M6=0,0,L8+1) -> 0 | N7: =IF(N6=0,0,M8+1) -> 0 | ... Q7: =IF(Q6=0,0,P8+1) -> 0
C8: Data Fim | F8: =IF(E6=0,0,F7+30) -> 44551 | G8: =IF(G6=0,0,G7+30) -> 44582 | H8: =IF(H6=0,0,H7+30) -> 44613 | I8: =IF(I6=0,0,I7+30) -> 44644 | J8: =IF(J6=0,0,J7+30) -> 44675 | K8: =IF(K6=0,0,K7+30) -> 44706 | L8: =IF(L6=0,0,L7+30) -> 0 | M8: =IF(M6=0,0,M7+30) -> 0 | N8: =IF(N6=0,0,N7+30) -> 0 | ... Q8: =IF(Q6=0,0,Q7+30) -> 0
A9: =CONCATENATE($E$6,"|",B9) -> 6|1 | B9: 1 | C9: SERVIÇOS PRELIMINARES | E9: 1 | F9: 20 | G9: 30 | H9: 30 | I9: 20 | J9: 0 | K9: 0 | L9: 0 | M9: 0 | N9: 0 | O9: 0 | P9: 0 | Q9: 0 | S9: ='orc DER JAN 2021'!V18 -> 6097.39 | T9: =IF($S$21=0,0,(S9/$S$21)*100) -> 0.32557762 | W9: =SUM(F9:Q9) -> 100
A10: =CONCATENATE($E$6,"|",B10) -> 6|2 | B10: 2 | C10: TERRAPLENAGEM | E10: 2 | F10: 15 | G10: 25 | H10: 30 | I10: 25 | J10: 5 | K10: 0 | L10: 0 | M10: 0 | N10: 0 | O10: 0 | P10: 0 | Q10: 0 | S10: ='orc DER JAN 2021'!V68 -> 20910.88 | T10: =IF($S$21=0,0,(S10/$S$21)*100) -> 1.1165621 | W10: =SUM(F10:Q10) -> 100
A11: =CONCATENATE($E$6,"|",B11) -> 6|3 | B11: 3 | C11: BASE / SUB-BASE | E11: 3 | F11: 5 | G11: 20 | H11: 30 | I11: 25 | J11: 20 | K11: 0 | L11: 0 | M11: 0 | N11: 0 | O11: 0 | P11: 0 | Q11: 0 | S11: ='orc DER JAN 2021'!V113 -> 515253.24 | T11: =IF($S$21=0,0,(S11/$S$21)*100) -> 27.512579 | W11: =SUM(F11:Q11) -> 100
A12: =CONCATENATE($E$6,"|",B12) -> 6|4 | B12: 4 | C12: REVESTIMENTO | E12: 4 | F12: 0 | G12: 5 | H12: 20 | I12: 30 | J12: 25 | K12: 20 | L12: 0 | M12: 0 | N12: 0 | O12: 0 | P12: 0 | Q12: 0 | S12: ='orc DER JAN 2021'!V223 -> 678892.08 | T12: =IF($S$21=0,0,(S12/$S$21)*100) -> 36.250275 | W12: =SUM(F12:Q12) -> 100
A13: =CONCATENATE($E$6,"|",B13) -> 6|5 | B13: 5 | C13: MEIO-FIO E SARJETA | E13: 5 | F13: 0 | G13: 15 | H13: 30 | I13: 30 | J13: 25 | K13: 0 | L13: 0 | M13: 0 | N13: 0 | O13: 0 | P13: 0 | Q13: 0 | S13: ='orc DER JAN 2021'!V467 -> 54029.08 | T13: =IF($S$21=0,0,(S13/$S$21)*100) -> 2.884949 | W13: =SUM(F13:Q13) -> 100
A14: =CONCATENATE($E$6,"|",B14) -> 6|6 | B14: 6 | C14: PAISAGISMO / URBANISMO | E14: 3 | F14: 0 | G14: 5 | H14: 10 | I14: 30 | J14: 30 | K14: 25 | L14: 0 | M14: 0 | N14: 0 | O14: 0 | P14: 0 | Q14: 0 | S14: ='orc DER JAN 2021'!V522 -> 182134.95 | T14: =IF($S$21=0,0,(S14/$S$21)*100) -> 9.7253191 | W14: =SUM(F14:Q14) -> 100
A15: =CONCATENATE($E$6,"|",B15) -> 6|7 | B15: 7 | C15: SINALIZAÇÃO DE TRÂNSITO | E15: 5 | F15: 0 | G15: 0 | H15: 20 | I15: 20 | J15: 30 | K15: 30 | L15: 0 | M15: 0 | N15: 0 | O15: 0 | P15: 0 | Q15: 0 | S15: ='orc DER JAN 2021'!V719 -> 55596.86 | T15: =IF($S$21=0,0,(S15/$S$21)*100) -> 2.9686625 | W15: =SUM(F15:Q15) -> 100
A16: =CONCATENATE($E$6,"|",B16) -> 6|8 | B16: 8 | C16: ILUMINAÇÃO PÚBLICA | E16: 6 | F16: 0 | G16: 0 | H16: 20 | I16: 30 | J16: 30 | K16: 20 | L16: 0 | M16: 0 | N16: 0 | O16: 0 | P16: 0 | Q16: 0 | S16: ='orc DER JAN 2021'!V779 -> 52935.52 | T16: =IF($S$21=0,0,(S16/$S$21)*100) -> 2.826557 | W16: =SUM(F16:Q16) -> 100
A17: =CONCATENATE($E$6,"|",B17) -> 6|9 | B17: 9 | C17: SERVIÇOS DIVERSOS | E17: 6 | F17: 5 | G17: 15 | H17: 25 | I17: 25 | J17: 20 | K17: 10 | L17: 0 | M17: 0 | N17: 0 | O17: 0 | P17: 0 | Q17: 0 | T17: =IF($S$21=0,0,(S17/$S$21)*100) -> 0 | W17: =SUM(F17:Q17) -> 100
A18: =CONCATENATE($E$6,"|",B18) -> 6|10 | B18: 10 | C18: DRENAGEM | F18: 20 | G18: 30 | H18: 30 | I18: 15 | J18: 5 | K18: 0 | L18: 0 | M18: 0 | N18: 0 | O18: 0 | P18: 0 | Q18: 0 | S18: ='orc DER JAN 2021'!V1734 -> 278168.89 | T18: =IF($S$21=0,0,(S18/$S$21)*100) -> 14.853169 | W18: =SUM(F18:Q18) -> 100
A19: =CONCATENATE($E$6,"|",B19) -> 6|11 | B19: 11 | C19: ENSAIOS TECNOLÓGICOS | F19: 3 | G19: 12 | H19: 25 | I19: 28 | J19: 21 | K19: 11 | L19: 0 | M19: 0 | N19: 0 | O19: 0 | P19: 0 | Q19: 0 | S19: ='orc DER JAN 2021'!V2611 -> 28772.62 | T19: =IF($S$21=0,0,(S19/$S$21)*100) -> 1.5363493 | W19: =SUM(F19:Q19) -> 100
C21: TOTAIS | D21: TOTAIS | S21: =SUM(S9:S20) -> 1872791.5 | T21: =SUM(T9:T19) -> 100
B22: COMPOSIÇÃO DOS RECURSOS (FINANCIAMENTO E CONTRAPARTIDA)
B23: ITEM | F23: PARCELAS | R23: Nº DE | S23: TOTAL | T23: % S/
F24: =F6 -> 1 | G24: =G6 -> 2 | H24: =H6 -> 3 | I24: =I6 -> 4 | J24: =J6 -> 5 | K24: =K6 -> 6 | L24: =L6 -> 0 | M24: =M6 -> 0 | ... Q24: =Q6 -> 0 | R24: MESES | S24: ITEM | T24: ITEM
B25: 1T | C25: SERVIÇOS PRELIMINARES | D25: FINANCIAMENTO | E25: R$ | F25: =((F9/100)*$S$9)*$T$2 -> 1219.478 | G25: =((G9/100)*$S$9)*$T$2 -> 1829.217 | H25: =((H9/100)*$S$9)*$T$2 -> 1829.217 | I25: =((I9/100)*$S$9)*$T$2 -> 1219.478 | J25: =((J9/100)*$S$9)*$T$2 -> 0 | K25: =((K9/100)*$S$9)*$T$2 -> 0 | L25: =((L9/100)*$S$9)*$T$2 -> 0 | M25: =((M9/100)*$S$9)*$T$2 -> 0 | ... Q25: =((Q9/100)*$S$9)*$T$2 -> 0 | R25: =COUNTIF(F25:Q25,">0") -> 4 | S25: =SUM(F25:Q25) -> 6097.39 | T25: =IF($S$51=0,0,(S25/$S$51)) -> 0.0032557762
B26: 1C | D26: CONTRAPARTIDA | E26: R$ | F26: =((F9/100)*$S$9)*T3 -> 0 | G26: =((G9/100)*$S$9)*$T$3 -> 0 | H26: =((H9/100)*$S$9)*$T$3 -> 0 | I26: =((I9/100)*$S$9)*$T$3 -> 0 | J26: =((J9/100)*$S$9)*$T$3 -> 0 | K26: =((K9/100)*$S$9)*$T$3 -> 0 | L26: =((L9/100)*$S$9)*$T$3 -> 0 | M26: =((M9/100)*$S$9)*$T$3 -> 0 | N26: =((N9/100)*$S$9)*$T$3 -> 0 | ... Q26: =((Q9/100)*$S$9)*$T$3 -> 0 | R26: =COUNTIF(F26:Q26,">0") -> 0 | S26: =SUM(F26:Q26) -> 0 | T26: =IF($S$51=0,0,(S26/$S$51)) -> 0
B27: 2T | C27: TERRAPLENAGEM | D27: FINANCIAMENTO | E27: R$ | F27: =((F10/100)*$S$10)*$T$2 -> 3136.632 | G27: =((G10/100)*$S$10)*$T$2 -> 5227.72 | H27: =((H10/100)*$S$10)*$T$2 -> 6273.264 | I27: =((I10/100)*$S$10)*$T$2 -> 5227.72 | J27: =((J10/100)*$S$10)*$T$2 -> 1045.544 | K27: =((K10/100)*$S$10)*$T$2 -> 0 | L27: =((L10/100)*$S$10)*$T$2 -> 0 | M27: =((M10/100)*$S$10)*$T$2 -> 0 | ... Q27: =((Q10/100)*$S$10)*$T$2 -> 0 | R27: =COUNTIF(F27:Q27,">0") -> 5 | S27: =SUM(F27:Q27) -> 20910.88 | T27: =IF($S$51=0,0,(S27/$S$51)) -> 0.011165621
B28: 2C | D28: CONTRAPARTIDA | E28: R$ | F28: =((F10/100)*$S$10)*$T$3 -> 0 | G28: =((G10/100)*$S$10)*$T$3 -> 0 | H28: =((H10/100)*$S$10)*$T$3 -> 0 | I28: =((I10/100)*$S$10)*$T$3 -> 0 | J28: =((J10/100)*$S$10)*$T$3 -> 0 | K28: =((K10/100)*$S$10)*$T$3 -> 0 | L28: =((L10/100)*$S$10)*$T$3 -> 0 | M28: =((M10/100)*$S$10)*$T$3 -> 0 | ... Q28: =((Q10/100)*$S$10)*$T$3 -> 0 | R28: =COUNTIF(F28:Q28,">0") -> 0 | S28: =SUM(F28:Q28) -> 0 | T28: =IF($S$51=0,0,(S28/$S$51)) -> 0
B29: 3T | C29: BASE / SUB-BASE | D29: FINANCIAMENTO | E29: R$ | F29: =((F11/100)*$S$11)*$T$2 -> 25762.662 | G29: =((G11/100)*$S$11)*$T$2 -> 103050.65 | H29: =((H11/100)*$S$11)*$T$2 -> 154575.97 | I29: =((I11/100)*$S$11)*$T$2 -> 128813.31 | J29: =((J11/100)*$S$11)*$T$2 -> 103050.65 | K29: =((K11/100)*$S$11)*$T$2 -> 0 | L29: =((L11/100)*$S$11)*$T$2 -> 0 | M29: =((M11/100)*$S$11)*$T$2 -> 0 | ... Q29: =((Q11/100)*$S$11)*$T$2 -> 0 | R29: =COUNTIF(F29:Q29,">0") -> 5 | S29: =SUM(F29:Q29) -> 515253.24 | T29: =IF($S$51=0,0,(S29/$S$51)) -> 0.27512579
B30: 3C | D30: CONTRAPARTIDA | E30: R$ | F30: =((F11/100)*$S$11)*$T$3 -> 0 | G30: =((G11/100)*$S$11)*$T$3 -> 0 | H30: =((H11/100)*$S$11)*$T$3 -> 0 | I30: =((I11/100)*$S$11)*$T$3 -> 0 | J30: =((J11/100)*$S$11)*$T$3 -> 0 | K30: =((K11/100)*$S$11)*$T$3 -> 0 | L30: =((L11/100)*$S$11)*$T$3 -> 0 | M30: =((M11/100)*$S$11)*$T$3 -> 0 | ... Q30: =((Q11/100)*$S$11)*$T$3 -> 0 | R30: =COUNTIF(F30:Q30,">0") -> 0 | S30: =SUM(F30:Q30) -> 0 | T30: =IF($S$51=0,0,(S30/$S$51)) -> 0
B31: 4T | C31: REVESTIMENTO | D31: FINANCIAMENTO | E31: R$ | F31: =((F12/100)*$S$12)*T2 -> 0 | G31: =((G12/100)*$S$12)*$T$2 -> 33944.604 | H31: =((H12/100)*$S$12)*$T$2 -> 135778.42 | I31: =((I12/100)*$S$12)*$T$2 -> 203667.62 | J31: =((J12/100)*$S$12)*$T$2 -> 169723.02 | K31: =((K12/100)*$S$12)*$T$2 -> 135778.42 | L31: =((L12/100)*$S$12)*$T$2 -> 0 | M31: =((M12/100)*$S$12)*$T$2 -> 0 | N31: =((N12/100)*$S$12)*$T$2 -> 0 | ... Q31: =((Q12/100)*$S$12)*$T$2 -> 0 | R31: =COUNTIF(F31:Q31,">0") -> 5 | S31: =SUM(F31:Q31) -> 678892.08 | T31: =IF($S$51=0,0,(S31/$S$51)) -> 0.36250275
B32: 4C | D32: CONTRAPARTIDA | E32: R$ | F32: =((F12/100)*$S$12)*$T$3 -> 0 | G32: =((G12/100)*$S$12)*$T$3 -> 0 | H32: =((H12/100)*$S$12)*$T$3 -> 0 | I32: =((I12/100)*$S$12)*$T$3 -> 0 | J32: =((J12/100)*$S$12)*$T$3 -> 0 | K32: =((K12/100)*$S$12)*$T$3 -> 0 | L32: =((L12/100)*$S$12)*$T$3 -> 0 | M32: =((M12/100)*$S$12)*$T$3 -> 0 | ... Q32: =((Q12/100)*$S$12)*$T$3 -> 0 | R32: =COUNTIF(F32:Q32,">0") -> 0 | S32: =SUM(F32:Q32) -> 0 | T32: =IF($S$51=0,0,(S32/$S$51)) -> 0
B33: 5T | C33: MEIO-FIO E SARJETA | D33: FINANCIAMENTO | E33: R$ | F33: =((F13/100)*$S$13)*$T$2 -> 0 | G33: =((G13/100)*$S$13)*$T$2 -> 8104.362 | H33: =((H13/100)*$S$13)*$T$2 -> 16208.724 | I33: =((I13/100)*$S$13)*$T$2 -> 16208.724 | J33: =((J13/100)*$S$13)*$T$2 -> 13507.27 | K33: =((K13/100)*$S$13)*$T$2 -> 0 | L33: =((L13/100)*$S$13)*$T$2 -> 0 | M33: =((M13/100)*$S$13)*$T$2 -> 0 | ... Q33: =((Q13/100)*$S$13)*$T$2 -> 0 | R33: =COUNTIF(F33:Q33,">0") -> 4 | S33: =SUM(F33:Q33) -> 54029.08 | T33: =IF($S$51=0,0,(S33/$S$51)) -> 0.02884949
B34: 5C | D34: CONTRAPARTIDA | E34: R$ | F34: =((F13/100)*$S$13)*$T$3 -> 0 | G34: =((G13/100)*$S$13)*$T$3 -> 0 | H34: =((H13/100)*$S$13)*$T$3 -> 0 | I34: =((I13/100)*$S$13)*$T$3 -> 0 | J34: =((J13/100)*$S$13)*$T$3 -> 0 | K34: =((K13/100)*$S$13)*$T$3 -> 0 | L34: =((L13/100)*$S$13)*$T$3 -> 0 | M34: =((M13/100)*$S$13)*$T$3 -> 0 | ... Q34: =((Q13/100)*$S$13)*$T$3 -> 0 | R34: =COUNTIF(F34:Q34,">0") -> 0 | S34: =SUM(F34:Q34) -> 0 | T34: =IF($S$51=0,0,(S34/$S$51)) -> 0
B35: 6T | C35: PAISAGISMO / URBANISMO | D35: FINANCIAMENTO | E35: R$ | F35: =((F14/100)*$S$14)*$T$2 -> 0 | G35: =((G14/100)*$S$14)*$T$2 -> 9106.7475 | H35: =((H14/100)*$S$14)*$T$2 -> 18213.495 | I35: =((I14/100)*$S$14)*$T$2 -> 54640.485 | J35: =((J14/100)*$S$14)*$T$2 -> 54640.485 | K35: =((K14/100)*$S$14)*$T$2 -> 45533.738 | L35: =((L14/100)*$S$14)*$T$2 -> 0 | M35: =((M14/100)*$S$14)*$T$2 -> 0 | ... Q35: =((Q14/100)*$S$14)*$T$2 -> 0 | R35: =COUNTIF(F35:Q35,">0") -> 5 | S35: =SUM(F35:Q35) -> 182134.95 | T35: =IF($S$51=0,0,(S35/$S$51)) -> 0.097253191
B36: 6C | D36: CONTRAPARTIDA | E36: R$ | F36: =((F14/100)*$S$14)*$T$3 -> 0 | G36: =((G14/100)*$S$14)*$T$3 -> 0 | H36: =((H14/100)*$S$14)*$T$3 -> 0 | I36: =((I14/100)*$S$14)*$T$3 -> 0 | J36: =((J14/100)*$S$14)*$T$3 -> 0 | K36: =((K14/100)*$S$14)*$T$3 -> 0 | L36: =((L14/100)*$S$14)*$T$3 -> 0 | M36: =((M14/100)*$S$14)*$T$3 -> 0 | ... Q36: =((Q14/100)*$S$14)*$T$3 -> 0 | R36: =COUNTIF(F36:Q36,">0") -> 0 | S36: =SUM(F36:Q36) -> 0 | T36: =IF($S$51=0,0,(S36/$S$51)) -> 0
B37: 7T | C37: SINALIZAÇÃO DE TRÂNSITO | D37: FINANCIAMENTO | E37: R$ | F37: =((F15/100)*$S$15)*$T$2 -> 0 | G37: =((G15/100)*$S$15)*$T$2 -> 0 | H37: =((H15/100)*$S$15)*$T$2 -> 11119.372 | I37: =((I15/100)*$S$15)*$T$2 -> 11119.372 | J37: =((J15/100)*$S$15)*$T$2 -> 16679.058 | K37: =((K15/100)*$S$15)*$T$2 -> 16679.058 | L37: =((L15/100)*$S$15)*$T$2 -> 0 | M37: =((M15/100)*$S$15)*$T$2 -> 0 | ... Q37: =((Q15/100)*$S$15)*$T$2 -> 0 | R37: =COUNTIF(F37:Q37,">0") -> 4 | S37: =SUM(F37:Q37) -> 55596.86 | T37: =IF($S$51=0,0,(S37/$S$51)) -> 0.029686625
B38: 7C | D38: CONTRAPARTIDA | E38: R$ | F38: =((F15/100)*$S$15)*$T$3 -> 0 | G38: =((G15/100)*$S$15)*$T$3 -> 0 | H38: =((H15/100)*$S$15)*$T$3 -> 0 | I38: =((I15/100)*$S$15)*$T$3 -> 0 | J38: =((J15/100)*$S$15)*$T$3 -> 0 | K38: =((K15/100)*$S$15)*$T$3 -> 0 | L38: =((L15/100)*$S$15)*$T$3 -> 0 | M38: =((M15/100)*$S$15)*$T$3 -> 0 | ... Q38: =((Q15/100)*$S$15)*$T$3 -> 0 | R38: =COUNTIF(F38:Q38,">0") -> 0 | S38: =SUM(F38:Q38) -> 0 | T38: =IF($S$51=0,0,(S38/$S$51)) -> 0
B39: 8T | C39: ILUMINAÇÃO PÚBLICA | D39: FINANCIAMENTO | E39: R$ | F39: =((F16/100)*$S$16)*$T$2 -> 0 | G39: =((G16/100)*$S$16)*$T$2 -> 0 | H39: =((H16/100)*$S$16)*$T$2 -> 10587.104 | I39: =((I16/100)*$S$16)*$T$2 -> 15880.656 | J39: =((J16/100)*$S$16)*$T$2 -> 15880.656 | K39: =((K16/100)*$S$16)*$T$2 -> 10587.104 | L39: =((L16/100)*$S$16)*$T$2 -> 0 | M39: =((M16/100)*$S$16)*$T$2 -> 0 | ... Q39: =((Q16/100)*$S$16)*$T$2 -> 0 | R39: =COUNTIF(F39:Q39,">0") -> 4 | S39: =SUM(F39:Q39) -> 52935.52 | T39: =IF($S$51=0,0,(S39/$S$51)) -> 0.02826557
B40: 8C | D40: CONTRAPARTIDA | E40: R$ | F40: =((F16/100)*$S$16)*$T$3 -> 0 | G40: =((G16/100)*$S$16)*$T$3 -> 0 | H40: =((H16/100)*$S$16)*$T$3 -> 0 | I40: =((I16/100)*$S$16)*$T$3 -> 0 | J40: =((J16/100)*$S$16)*$T$3 -> 0 | K40: =((K16/100)*$S$16)*$T$3 -> 0 | L40: =((L16/100)*$S$16)*$T$3 -> 0 | M40: =((M16/100)*$S$16)*$T$3 -> 0 | ... Q40: =((Q16/100)*$S$16)*$T$3 -> 0 | R40: =COUNTIF(F40:Q40,">0") -> 0 | S40: =SUM(F40:Q40) -> 0 | T40: =IF($S$51=0,0,(S40/$S$51)) -> 0
B41: 9T | C41: SERVIÇOS DIVERSOS | D41: FINANCIAMENTO | E41: R$ | F41: =((F17/100)*$S$17)*$T$2 -> 0 | G41: =((G17/100)*$S$17)*$T$2 -> 0 | H41: =((H17/100)*$S$17)*$T$2 -> 0 | I41: =((I17/100)*$S$17)*$T$2 -> 0 | J41: =((J17/100)*$S$17)*$T$2 -> 0 | K41: =((K17/100)*$S$17)*$T$2 -> 0 | L41: =((L17/100)*$S$17)*$T$2 -> 0 | M41: =((M17/100)*$S$17)*$T$2 -> 0 | ... Q41: =((Q17/100)*$S$17)*$T$2 -> 0 | R41: =COUNTIF(F41:Q41,">0") -> 0 | S41: =SUM(F41:Q41) -> 0 | T41: =IF($S$51=0,0,(S41/$S$51)) -> 0
B42: 9C | D42: CONTRAPARTIDA | E42: R$ | F42: =((F17/100)*$S$17)*$T$3 -> 0 | G42: =((G17/100)*$S$17)*$T$3 -> 0 | H42: =((H17/100)*$S$17)*$T$3 -> 0 | I42: =((I17/100)*$S$17)*$T$3 -> 0 | J42: =((J17/100)*$S$17)*$T$3 -> 0 | K42: =((K17/100)*$S$17)*$T$3 -> 0 | L42: =((L17/100)*$S$17)*$T$3 -> 0 | M42: =((M17/100)*$S$17)*$T$3 -> 0 | ... Q42: =((Q17/100)*$S$17)*$T$3 -> 0 | R42: =COUNTIF(F42:Q42,">0") -> 0 | S42: =SUM(F42:Q42) -> 0 | T42: =IF($S$51=0,0,(S42/$S$51)) -> 0
B43: 10T | C43: DRENAGEM | D43: FINANCIAMENTO | E43: R$ | F43: =((F18/100)*$S$18)*$T$2 -> 55633.778 | G43: =((G18/100)*$S$18)*$T$2 -> 83450.667 | H43: =((H18/100)*$S$18)*$T$2 -> 83450.667 | I43: =((I18/100)*$S$18)*$T$2 -> 41725.334 | J43: =((J18/100)*$S$18)*$T$2 -> 13908.445 | K43: =((K18/100)*$S$18)*$T$2 -> 0 | L43: =((L18/100)*$S$18)*$T$2 -> 0 | M43: =((M18/100)*$S$18)*$T$2 -> 0 | ... Q43: =((Q18/100)*$S$18)*$T$2 -> 0 | R43: =COUNTIF(F43:Q43,">0") -> 5 | S43: =SUM(F43:Q43) -> 278168.89 | T43: =IF($S$51=0,0,(S43/$S$51)) -> 0.14853169
B44: 10C | D44: CONTRAPARTIDA | E44: R$ | F44: =((F18/100)*$S$18)*$T$3 -> 0 | G44: =((G18/100)*$S$18)*$T$3 -> 0 | H44: =((H18/100)*$S$18)*$T$3 -> 0 | I44: =((I18/100)*$S$18)*$T$3 -> 0 | J44: =((J18/100)*$S$18)*$T$3 -> 0 | K44: =((K18/100)*$S$18)*$T$3 -> 0 | L44: =((L18/100)*$S$18)*$T$3 -> 0 | M44: =((M18/100)*$S$18)*$T$3 -> 0 | ... Q44: =((Q18/100)*$S$18)*$T$3 -> 0 | R44: =COUNTIF(F44:Q44,">0") -> 0 | S44: =SUM(F44:Q44) -> 0 | T44: =IF($S$51=0,0,(S44/$S$51)) -> 0
B45: 11T | C45: ENSAIOS TECNOLÓGICOS | D45: FINANCIAMENTO | E45: R$ | F45: =((F19/100)*$S$19)*$T$2 -> 863.1786 | G45: =((G19/100)*$S$19)*$T$2 -> 3452.7144 | H45: =((H19/100)*$S$19)*$T$2 -> 7193.155 | I45: =((I19/100)*$S$19)*$T$2 -> 8056.3336 | J45: =((J19/100)*$S$19)*$T$2 -> 6042.2502 | K45: =((K19/100)*$S$19)*$T$2 -> 3164.9882 | L45: =((L19/100)*$S$19)*$T$2 -> 0 | M45: =((M19/100)*$S$19)*$T$2 -> 0 | ... Q45: =((Q19/100)*$S$19)*$T$2 -> 0 | R45: =COUNTIF(F45:Q45,">0") -> 6 | S45: =SUM(F45:Q45) -> 28772.62 | T45: =IF($S$51=0,0,(S45/$S$51)) -> 0.015363493
B46: 11C | D46: CONTRAPARTIDA | E46: R$ | F46: =((F19/100)*$S$19)*$T$3 -> 0 | G46: =((G19/100)*$S$19)*$T$3 -> 0 | H46: =((H19/100)*$S$19)*$T$3 -> 0 | I46: =((I19/100)*$S$19)*$T$3 -> 0 | J46: =((J19/100)*$S$19)*$T$3 -> 0 | K46: =((K19/100)*$S$19)*$T$3 -> 0 | L46: =((L19/100)*$S$19)*$T$3 -> 0 | M46: =((M19/100)*$S$19)*$T$3 -> 0 | ... Q46: =((Q19/100)*$S$19)*$T$3 -> 0 | R46: =COUNTIF(F46:Q46,">0") -> 0 | S46: =SUM(F46:Q46) -> 0 | T46: =IF($S$51=0,0,(S46/$S$51)) -> 0
B48: T | C48: TOTAIS | D48: FINANCIAMENTO | E48: R$ | F48: =SUMIF($D$25:$D$46,"FINANCIAMENTO",F$25:F$46) -> 86615.729 | G48: =SUMIF($D$25:$D$46,"FINANCIAMENTO",G$25:G$46) -> 248166.68 | H48: =SUMIF($D$25:$D$46,"FINANCIAMENTO",H$25:H$46) -> 445229.39 | I48: =SUMIF($D$25:$D$46,"FINANCIAMENTO",I$25:I$46) -> 486559.04 | J48: =SUMIF($D$25:$D$46,"FINANCIAMENTO",J$25:J$46) -> 394477.38 | K48: =SUMIF($D$25:$D$46,"FINANCIAMENTO",K$25:K$46) -> 211743.3 | L48: =SUMIF($D$25:$D$46,"FINANCIAMENTO",L$25:L$46) -> 0 | M48: =SUMIF($D$25:$D$46,"FINANCIAMENTO",M$25:M$46) -> 0 | ... Q48: =SUMIF($D$25:$D$46,"FINANCIAMENTO",Q$25:Q$46) -> 0 | S48: =SUMIF($D$25:$D$46,"FINANCIAMENTO",S$25:S$46) -> 1872791.5 | T48: =SUMIF($D$25:$D$46,"FINANCIAMENTO",T$25:T$46) -> 1
B49: C | D49: CONTRAPARTIDA | E49: R$ | F49: =SUMIF($D$25:$D$46,"CONTRAPARTIDA",F$25:F$46) -> 0 | G49: =SUMIF($D$25:$D$46,"CONTRAPARTIDA",G$25:G$46) -> 0 | H49: =SUMIF($D$25:$D$46,"CONTRAPARTIDA",H$25:H$46) -> 0 | I49: =SUMIF($D$25:$D$46,"CONTRAPARTIDA",I$25:I$46) -> 0 | J49: =SUMIF($D$25:$D$46,"CONTRAPARTIDA",J$25:J$46) -> 0 | K49: =SUMIF($D$25:$D$46,"CONTRAPARTIDA",K$25:K$46) -> 0 | L49: =SUMIF($D$25:$D$46,"CONTRAPARTIDA",L$25:L$46) -> 0 | M49: =SUMIF($D$25:$D$46,"CONTRAPARTIDA",M$25:M$46) -> 0 | ... Q49: =SUMIF($D$25:$D$46,"CONTRAPARTIDA",Q$25:Q$46) -> 0 | S49: =SUMIF($D$25:$D$46,"CONTRAPARTIDA",S$25:S$46) -> 0 | T49: =SUMIF($D$25:$D$46,"CONTRAPARTIDA",T$25:T$46) -> 0
B51: FATURAMENTO MENSAL PREVISTO | E51: R$ | F51: =SUM(F48:F49) -> 86615.729 | G51: =SUM(G48:G49) -> 248166.68 | H51: =SUM(H48:H49) -> 445229.39 | I51: =SUM(I48:I49) -> 486559.04 | J51: =SUM(J48:J49) -> 394477.38 | K51: =SUM(K48:K49) -> 211743.3 | L51: =SUM(L48:L49) -> 0 | M51: =SUM(M48:M49) -> 0 | ... Q51: =SUM(Q48:Q49) -> 0 | S51: =SUM(F51:Q51) -> 1872791.5 | T51: =SUM(T48:T49) -> 1
B52: MENSAL PARCIAL PREVISTO EM % | E52: R$ | F52: =IF($S$51=0,0,F51/$S$51) -> 0.046249531 | G52: =IF($S$51=0,0,G51/$S$51) -> 0.13251164 | H52: =IF($S$51=0,0,H51/$S$51) -> 0.23773569 | I52: =IF($S$51=0,0,I51/$S$51) -> 0.25980417 | J52: =IF($S$51=0,0,J51/$S$51) -> 0.21063603 | K52: =IF($S$51=0,0,K51/$S$51) -> 0.11306293 | L52: =IF($S$51=0,0,L51/$S$51) -> 0 | M52: =IF($S$51=0,0,M51/$S$51) -> 0 | ... Q52: =IF($S$51=0,0,Q51/$S$51) -> 0 | S52: =S48+S49 -> 1872791.5 | T52: =SUM(F52:Q52) -> 1
B53: MENSAL ACUMULADO PREVISTO EM % | E53: R$ | F53: =F52 -> 0.046249531 | G53: =IF(G51=0,0,F53+G52) -> 0.17876117 | H53: =IF(H51=0,0,G53+H52) -> 0.41649687 | I53: =IF(I51=0,0,H53+I52) -> 0.67630103 | J53: =IF(J51=0,0,I53+J52) -> 0.88693707 | K53: =IF(K51=0,0,J53+K52) -> 1 | L53: =IF(L51=0,0,K53+L52) -> 0 | M53: =IF(M51=0,0,L53+M52) -> 0 | N53: =IF(N51=0,0,M53+N52) -> 0 | ... Q53: =IF(Q51=0,0,P53+Q52) -> 0 | S53: =IF(S51=S52,"OK","CORRIGIR") -> OK | T53: =IF(T51=T52,"OK","CORRIGIR") -> OK
B54: Resp. Técnico: Adailton Rogério de Oliveira | F54: Assinatura: | J54: Prefeito: Maicon Grosskopf | N54: Assinatura: | Q54: data: 23-08-2021
B55: Engenheiro Civil - CREA PR 68.917/D | G55: ___________________________ | O55: __________________

Sheet BDI
A1: BDI - ACÓRDÃO Nº 2622/2013 – TCU PAVIMENTAÇÃO
A2: IMPOSTOS | B2: ISS = | C2: =B26 -> 0.2
B3: PIS = | C3: 0.65
B4: COFINS = | C4: 3
B5: CPMF = | C5: 0
B6: TOTAL = | C6: =SUM(C2:C5) -> 3.85
A7: TIPO DE SERVIÇO | B7: OBRAS | C7: MATERIAIS
A8: ADMINISTRAÇÃO CENTRAL | B8: 4.67 | C8: 4.49
A9: RISCOS | B9: 0.97 | C9: 0.82
A10: SEGUROS E GRANTIAS | B10: 0.74 | C10: 0.89
A11: DESPESAS FINANCEIRAS | B11: 1.21 | C11: 1.11
A12: LUCRO | B12: 8.69 | C12: 6.22
A13: BDI (OBRA OU MATERIAIS/EQUIP.) | B13: =(((((1+(B8+B9+B10)/100)*(1+B11/100)*(1+B12/100))/(1-C6/100))-1)*100) -> 21.709285 | C13: =(((((1+(C8+C9+C10)/100)*(1+C11/100)*(1+C12/100))/(1-(C3+C4+C5)/100))-1)*100) -> 18.378602
A14: BDI=(((((1+(C8+C9+C10)/100)*(1+C11/100)*(1+C12/100))/(1-C6/100))-1)*100)
A15: BDI (OBRA) | B15: =IF(D15="X",0,ROUND(B13,2)/100) -> 0.2171 | F15: Digite "X" para obter Valor Total sem BDI
A17: BDI (MATERIAIS E EQUIPAMENTOS) | B17: =IF(D15="X",0,ROUND(C13,2)/100) -> 0.1838
B22: DIGITE
A23: 1 - Solicitar o valor do ISS do município | B23: 2 | C23: %
A24: 2- Solicitar a "Base de Cálculo" (% de mão de Obra) | B24: 10 | C24: %
A25: 3- Fórmula de cálculo do ISS | B25: =ISS x base de cálculo | C25: %
A26: 4- Valor do ISS calculado (Máximo : 2,50%) | B26: =ROUND(B23*B24/100,4) -> 0.2 | C26: %
A28: VALORES DO BDI POR TIPO DE OBRA
A29: TIPOS DE OBRA | B29: 1º Quartil | C29: Médio | D29: 3º Quartil
A30: CONSTRUÇÃO DE EDIFÍCIOS | B30: 0.2034 | C30: 0.2212 | D30: 0.25
A31: CONSTRUÇÃO DE RODOVIAS E FERROVIAS | B31: 0.196 | C31: 0.2095 | D31: 0.2423
A32: CONSTRUÇÃO DE REDES DE ABASTECIMENTO DE ÁGUA, COLETA DE ESGOTO E CONSTRUÇÕES CORRELATAS | B32: 0.2076 | C32: 0.2418 | D32: 0.2644
A33: CONSTRUÇÃO E MANUTENÇÃO DE ESTAÇÕES E REDES DE DISTRIBUIÇÃO DE ENERGIA ELÉTRICA | B33: 0.24 | C33: 0.2584 | D33: 0.2786
A34: OBRAS PORTUÁRIAS, MARÍTIMAS E FLUVIAIS | B34: 0.228 | C34: 0.2748 | D34: 0.3095
A37: BDI PARA ITENS DE MERO FORNECIMENTO DE MATERIAIS E EQUIPAMENTOS | B37: 1º Quartil | C37: Médio | D37: 3º Quartil
B38: 0.111 | C38: 0.1402 | D38: 0.168
A41: TIPOS DE OBRA | B41: ADMINISTRAÇÃO CENTRAL | E41: RISCO | H41: SEGURO + GARANTIA | K41: DESPESA FINANCEIRA | N41: LUCRO
B42: 1º Quartil | C42: Médio | D42: 3º Quartil | E42: 1º Quartil | F42: Médio | G42: 3º Quartil | H42: 1º Quartil | I42: Médio | J42: 3º Quartil | K42: 1º Quartil | L42: Médio | M42: 3º Quartil | N42: 1º Quartil | O42: Médio | P42: 3º Quartil
A43: CONSTRUÇÃO DE EDIFÍCIOS | B43: 0.03 | C43: 0.04 | D43: 0.055 | E43: 0.0097 | F43: 0.0127 | G43: 0.0127 | H43: 0.008 | I43: 0.008 | J43: 0.01 | K43: 0.0059 | L43: 0.0123 | M43: 0.0139 | N43: 0.0616 | O43: 0.074 | P43: 0.0896
A44: CONSTRUÇÃO DE RODOVIAS E FERROVIAS | B44: 0.038 | C44: 0.0401 | D44: 0.0467 | E44: 0.005 | F44: 0.0056 | G44: 0.0097 | H44: 0.0032 | I44: 0.004 | J44: 0.0074 | K44: 0.0102 | L44: 0.0111 | M44: 0.0121 | N44: 0.0664 | O44: 0.073 | P44: 0.0869
A45: CONSTRUÇÃO DE REDES DE ABASTECIMENTO DE ÁGUA, COLETA DE ESGOTO E CONSTRUÇÕES CORRELATAS | B45: 0.0343 | C45: 0.0493 | D45: 0.0671 | E45: 0.01 | F45: 0.0139 | G45: 0.0174 | H45: 0.0028 | I45: 0.0049 | J45: 0.0075 | K45: 0.0094 | L45: 0.0099 | M45: 0.0117 | N45: 0.0674 | O45: 0.0804 | P45: 0.094
A46: CONSTRUÇÃO E MANUTENÇÃO DE ESTAÇÕES E REDES DE DISTRIBUIÇÃO DE ENERGIA ELÉTRICA | B46: 0.0529 | C46: 0.0592 | D46: 0.0793 | E46: 0.01 | F46: 0.0148 | G46: 0.0197 | H46: 0.0025 | I46: 0.0051 | J46: 0.0056 | K46: 0.0101 | L46: 0.0107 | M46: 0.0111 | N46: 0.08 | O46: 0.0831 | P46: 0.0951
A47: OBRAS PORTUÁRIAS, MARÍTIMAS E FLUVIAIS | B47: 0.04 | C47: 0.0552 | D47: 0.0785 | E47: 0.0146 | F47: 0.0232 | G47: 0.0316 | H47: 0.0081 | I47: 0.0122 | J47: 0.0199 | K47: 0.0094 | L47: 0.0102 | M47: 0.0133 | N47: 0.0714 | O47: 0.084 | P47: 0.1043
A50: BDI PARA ITENS DE MERO FORNECIMENTO DE MATERIAIS E EQUIPAMENTOS
A51: PARCELA DO BDI | B51: 1º Quartil | C51: Médio | D51: 3º Quartil
A52: ADMINISTRAÇÃO CENTRAL | B52: 0.015 | C52: 0.0345 | D52: 0.0449
A53: SEGURO + GARANTIA | B53: 0.003 | C53: 0.0048 | D53: 0.0082
A54: RISCO | B54: 0.0056 | C54: 0.0085 | D54: 0.0089
A55: DESPESA FINANCEIRA | B55: 0.0085 | C55: 0.0085 | D55: 0.0111
A56: LUCRO | B56: 0.035 | C56: 0.0511 | D56: 0.0622
A59: PERCENTUAL DE ADMINISTRAÇÃO LOCAL INSERIDO NO CUSTO DIRETO*
A60: TIPOS DE OBRA | B60: 1º Quartil | C60: Médio | D60: 3º Quartil
A61: CONSTRUÇÃO DE EDIFÍCIOS | B61: 0.0349 | C61: 0.0623 | D61: 0.0887
A62: CONSTRUÇÃO DE RODOVIAS E FERROVIAS | B62: 0.0198 | C62: 0.0699 | D62: 0.1068
A63: CONSTRUÇÃO DE REDES DE ABASTECIMENTO DE ÁGUA, COLETA DE ESGOTO E CONSTRUÇÕES CORRELATAS | B63: 0.0413 | C63: 0.0764 | D63: 0.1089
A64: CONSTRUÇÃO E MANUTENÇÃO DE ESTAÇÕES E REDES DE DISTRIBUIÇÃO DE ENERGIA ELÉTRICA | B64: 0.0185 | C64: 0.0505 | D64: 0.0745
A65: OBRAS PORTUÁRIAS, MARÍTIMAS E FLUVIAIS | B65: 0.0623 | C65: 0.0748 | D65: 0.0909
A67: *Para verificação da adequabilidade das planilhas orçamentárias das obras públicas utilizar como referência do impacto esperado para os itens associados a administração local no valor total do orçamento, os seguintes valores percentuais abtidos no estudo de que tratam estes autos.

Sheet Grandes Itens
A1: GRANDES ITENS
A2: Município: | B2: PIÊN | E2: SAM | F2: 58
A3: Projeto: | B3: PAVIMENTAÇÃO DE ESTRADAS VICINAIS | E3: LOTE nº | F3: 1
F4: ( R$ ) - PM TOTAIS | G4: Grandes Ítens (%)
A5: 1 | B5: SERVIÇOS PRELIMINARES | F5: ='orc DER JAN 2021'!V18 -> 6097.39 | G5: =IF(F5=0,0,ROUND(F5/$F$17,4)) -> 0.0033
A6: 2 | B6: TERRAPLENAGEM | F6: ='orc DER JAN 2021'!V68 -> 20910.88 | G6: =IF(F6=0,0,ROUND(F6/$F$17,4)) -> 0.0112
A7: 3 | B7: BASE / SUB-BASE | F7: ='orc DER JAN 2021'!V113 -> 515253.24 | G7: =IF(F7=0,0,ROUND(F7/$F$17,4)) -> 0.2751
A8: 4 | B8: REVESTIMENTO | F8: ='orc DER JAN 2021'!V223 -> 678892.08 | G8: =IF(F8=0,0,ROUND(F8/$F$17,4)) -> 0.3625
A9: 5 | B9: MEIO-FIO E SARJETA | F9: ='orc DER JAN 2021'!V467 -> 54029.08 | G9: =IF(F9=0,0,ROUND(F9/$F$17,4)) -> 0.0288
A10: 6 | B10: PAISAGISMO / URBANISMO | F10: ='orc DER JAN 2021'!V522 -> 182134.95 | G10: =IF(F10=0,0,ROUND(F10/$F$17,4)) -> 0.0973
A11: 7 | B11: SINALIZAÇÃO DE TRÂNSITO | F11: ='orc DER JAN 2021'!V719 -> 55596.86 | G11: =IF(F11=0,0,ROUND(F11/$F$17,4)) -> 0.0297
A12: 8 | B12: ILUMINAÇÃO PÚBLICA | F12: ='orc DER JAN 2021'!V779 -> 52935.52 | G12: =IF(F12=0,0,ROUND(F12/$F$17,4)) -> 0.0283
A13: 9 | B13: SERVIÇOS DIVERSOS | G13: =IF(F13=0,0,ROUND(F13/$F$17,4)) -> 0
A14: 10 | B14: DRENAGEM | F14: ='orc DER JAN 2021'!V1734 -> 278168.89 | G14: =IF(F14=0,0,ROUND(F14/$F$17,4)) -> 0.1485
A15: 11 | B15: ENSAIOS TECNOLÓGICOS | F15: ='orc DER JAN 2021'!V2611 -> 28772.62 | G15: =IF(F15=0,0,ROUND(F15/$F$17,4)) -> 0.0154
A17: x | C17: TOTAL GERAL | E17: 0 | F17: =SUM(F5:F15) -> 1872791.5 | G17: =SUM(G5:G16) -> 1.0001
A18: Experiência: | D18: Quantidade (projeto) | E18: Unid | F18: Quantidade Edital (50%)
A19: Pavimentação em Concreto Betuminoso Usinado à Quente - CBUQ | D19: ='orc DER JAN 2021'!R391 -> 1173.3 | E19: ton | F19: =ROUND(D19*0.5,-1) -> 590

Sheet ENSAIOS DE ORÇAMENTO
A2: CICLÓP 11 mpa m3 | C2: serviço | E2: TIJOLO | F2: cimen | G2: areia | H2: brita | I2: tubo ø60 610.600 | J2: custo exec | K2: tampão 161125 | L2: CAL | M2: Pedra Argamassada m3 | N2: forma m2 | O2: TIJOLO M3 | P2: concr magr | Q2: Concr 11mpa | R2: Concr 15mpa | S2: Concr 18 mpa | T2: argamas M2 | U2: aço ca 25 | V2: aço ca 50 | W2: aço ca 60 | X2: grelha
C3: B.L. Símples alvenaria H até 1,20 m | E3: =O3*0.846 -> 0.87984 | F3: =A3*0.231+M3*0.1+O3*0.0588+P3*0.18+Q3*0.27+R3*0.33+T3*0.005*0.434 -> 0.1154104 | G3: =A3*0.6447+M3*0.51+O3*0.396+P3*1.06+Q3*0.96+R3*0.921+T3*0.005*1.575 -> 0.62209 | H3: =A3*(0.777+0.45)+M3*(1.5)+P3*1.11+Q3*1.11+R3*1.11 -> 0.20424 | J3: =A3*306.45+M3*238+N3*90.76+O3*438+P3*340.38+Q3*378.52+R3*404.81+S3*411.043+T3*412.45*0.005+U3*17.12+V3*18.08+W3*19.34+X3*234.12+K3*436.99+I3*367.03 -> 1106.2077 | L3: =O3*0.0282 -> 0.029328 | N3: =ROUND(1.5*1.25/4,2) -> 0.47 | O3: =ROUND(O4/1.5*1.2,2) -> 1.04 | P3: 0.094 | R3: 0.09 | T3: =ROUND(T4/1.5*1.2,2) -> 3.52 | W3: 15.42 | X3: 1
C4: B.L. Símples alvenaria H até 1,50 m | E4: =O4*0.846 -> 1.0998 | F4: =A4*0.231+M4*0.1+O4*0.0588+P4*0.18+Q4*0.27+R4*0.33+T4*0.005*0.434 -> 0.132608 | G4: =A4*0.6447+M4*0.51+O4*0.396+P4*1.06+Q4*0.96+R4*0.921+T4*0.005*1.575 -> 0.73198 | H4: =A4*(0.777+0.45)+M4*(1.5)+P4*1.11+Q4*1.11+R4*1.11 -> 0.20424 | J4: =A4*306.45+M4*238+N4*90.76+O4*438+P4*340.38+Q4*378.52+R4*404.81+S4*411.043+T4*412.45*0.005+U4*17.12+V4*18.08+W4*19.34+X4*234.12+K4*436.99+I4*367.03 -> 1221.9025 | L4: =O4*0.0282 -> 0.03666 | N4: =ROUND(1.5*1.25/4,2) -> 0.47 | O4: =ROUND(0.89*2*0.25*(1.5+0.75)*1.3,2) -> 1.3 | P4: 0.094 | R4: 0.09 | T4: 4.4 | W4: 15.42 | X4: 1
C5: B.L. Símples alvenaria H até 2,00 m | E5: =O5*0.846 -> 1.46358 | F5: =A5*0.231+M5*0.1+O5*0.0588+P5*0.18+Q5*0.27+R5*0.33+T5*0.005*0.434 -> 0.1610819 | G5: =A5*0.6447+M5*0.51+O5*0.396+P5*1.06+Q5*0.96+R5*0.921+T5*0.005*1.575 -> 0.91383625 | H5: =A5*(0.777+0.45)+M5*(1.5)+P5*1.11+Q5*1.11+R5*1.11 -> 0.20424 | J5: =A5*306.45+M5*238+N5*90.76+O5*438+P5*340.38+Q5*378.52+R5*404.81+S5*411.043+T5*412.45*0.005+U5*17.12+V5*18.08+W5*19.34+X5*234.12+K5*436.99+I5*367.03 -> 1413.274 | L5: =O5*0.0282 -> 0.048786 | N5: =ROUND(1.5*1.25/4,2) -> 0.47 | O5: =ROUND(O4/1.5*2,2) -> 1.73 | P5: 0.094 | R5: 0.09 | T5: =ROUND(T4/1.5*2,2) -> 5.87 | W5: 15.42 | X5: 1
C6: B.L. Símples alvenaria H até 2,50 m | E6: =O6*0.846 -> 1.83582 | F6: =A6*0.231+M6*0.1+O6*0.0588+P6*0.18+Q6*0.27+R6*0.33+T6*0.005*0.434 -> 0.1901221 | G6: =A6*0.6447+M6*0.51+O6*0.396+P6*1.06+Q6*0.96+R6*0.921+T6*0.005*1.575 -> 1.0995738 | H6: =A6*(0.777+0.45)+M6*(1.5)+P6*1.11+Q6*1.11+R6*1.11 -> 0.20424 | J6: =A6*306.45+M6*238+N6*90.76+O6*438+P6*340.38+Q6*378.52+R6*404.81+S6*411.043+T6*412.45*0.005+U6*17.12+V6*18.08+W6*19.34+X6*234.12+K6*436.99+I6*367.03 -> 1609.0049 | L6: =O6*0.0282 -> 0.061194 | N6: =ROUND(1.5*1.25/4,2) -> 0.47 | O6: =ROUND(O4/1.5*2.5,2) -> 2.17 | P6: 0.094 | R6: 0.09 | T6: =ROUND(T4/1.5*2.5,2) -> 7.33 | W6: 15.42 | X6: 1
C7: B.L. Símples pré-moldado H até 1,20 m | E7: =O7*0.846 -> 0 | F7: =A7*0.231+M7*0.1+O7*0.0588+P7*0.18+Q7*0.27+R7*0.33+T7*0.005*0.434 -> 0.43266 | G7: =A7*0.6447+M7*0.51+O7*0.396+P7*1.06+Q7*0.96+R7*0.921+T7*0.005*1.575 -> 1.26997 | H7: =A7*(0.777+0.45)+M7*(1.5)+P7*1.11+Q7*1.11+R7*1.11 -> 1.51182 | J7: =A7*306.45+M7*238+N7*90.76+O7*438+P7*340.38+Q7*378.52+R7*404.81+S7*411.043+T7*412.45*0.005+U7*17.12+V7*18.08+W7*19.34+X7*234.12+K7*436.99+I7*367.03 -> 895.78926 | L7: =O7*0.0282 -> 0 | N7: =N11/2 -> 1.295 | P7: 0.112 | R7: =ROUND(1.58/1.45*1.15,2) -> 1.25 | X7: 1
C8: B.L. Símples pré-moldado H até 1,50 m | E8: =O8*0.846 -> 0 | F8: =A8*0.231+M8*0.1+O8*0.0588+P8*0.18+Q8*0.27+R8*0.33+T8*0.005*0.434 -> 0.54156 | G8: =A8*0.6447+M8*0.51+O8*0.396+P8*1.06+Q8*0.96+R8*0.921+T8*0.005*1.575 -> 1.5739 | H8: =A8*(0.777+0.45)+M8*(1.5)+P8*1.11+Q8*1.11+R8*1.11 -> 1.87812 | J8: =A8*306.45+M8*238+N8*90.76+O8*438+P8*340.38+Q8*378.52+R8*404.81+S8*411.043+T8*412.45*0.005+U8*17.12+V8*18.08+W8*19.34+X8*234.12+K8*436.99+I8*367.03 -> 1060.235 | L8: =O8*0.0282 -> 0 | N8: =N12/2 -> 1.635 | P8: 0.112 | R8: 1.58 | X8: 1
C9: B.L. Símples pré-moldado H até 2,00 m | E9: =O9*0.846 -> 0 | F9: =A9*0.231+M9*0.1+O9*0.0588+P9*0.18+Q9*0.27+R9*0.33+T9*0.005*0.434 -> 0.71976 | G9: =A9*0.6447+M9*0.51+O9*0.396+P9*1.06+Q9*0.96+R9*0.921+T9*0.005*1.575 -> 2.07124 | H9: =A9*(0.777+0.45)+M9*(1.5)+P9*1.11+Q9*1.11+R9*1.11 -> 2.47752 | J9: =A9*306.45+M9*238+N9*90.76+O9*438+P9*340.38+Q9*378.52+R9*404.81+S9*411.043+T9*412.45*0.005+U9*17.12+V9*18.08+W9*19.34+X9*234.12+K9*436.99+I9*367.03 -> 1330.1118 | L9: =O9*0.0282 -> 0 | N9: =N13/2 -> 2.2 | P9: 0.112 | R9: =ROUND(1.58/1.45*1.95,2) -> 2.12 | X9: 1
C10: B.L. Símples pré-moldado H até 2,50 m | E10: =O10*0.846 -> 0 | F10: =A10*0.231+M10*0.1+O10*0.0588+P10*0.18+Q10*0.27+R10*0.33+T10*0.005*0.434 -> 0.90126 | G10: =A10*0.6447+M10*0.51+O10*0.396+P10*1.06+Q10*0.96+R10*0.921+T10*0.005*1.575 -> 2.57779 | H10: =A10*(0.777+0.45)+M10*(1.5)+P10*1.11+Q10*1.11+R10*1.11 -> 3.08802 | J10: =A10*306.45+M10*238+N10*90.76+O10*438+P10*340.38+Q10*378.52+R10*404.81+S10*411.043+T10*412.45*0.005+U10*17.12+V10*18.08+W10*19.34+X10*234.12+K10*436.99+I10*367.03 -> 1604.0367 | L10: =O10*0.0282 -> 0 | N10: =N14/2 -> 2.765 | P10: 0.112 | R10: =ROUND(1.58/1.45*2.45,2) -> 2.67 | X10: 1
C11: B.L. Símples concreto armado H até 1,20 m | E11: =O11*0.846 -> 0 | F11: =A11*0.231+M11*0.1+O11*0.0588+P11*0.18+Q11*0.27+R11*0.33+T11*0.005*0.434 -> 0.20478 | G11: =A11*0.6447+M11*0.51+O11*0.396+P11*1.06+Q11*0.96+R11*0.921+T11*0.005*1.575 -> 0.60275 | H11: =A11*(0.777+0.45)+M11*(1.5)+P11*1.11+Q11*1.11+R11*1.11 -> 0.71706 | J11: =A11*306.45+M11*238+N11*90.76+O11*438+P11*340.38+Q11*378.52+R11*404.81+S11*411.043+T11*412.45*0.005+U11*17.12+V11*18.08+W11*19.34+X11*234.12+K11*436.99+I11*367.03 -> 1723.0976 | L11: =O11*0.0282 -> 0 | N11: =ROUND(N12/1.45*1.15,2) -> 2.59 | P11: =0.112/2 -> 0.056 | R11: =ROUND(R12/1.45*1.15,2) -> 0.59 | W11: =ROUND(W12/1.45*1.15,2) -> 51.5 | X11: 1
C12: B.L. Símples concreto armado H até 1,50 m | E12: =O12*0.846 -> 0 | F12: =A12*0.231+M12*0.1+O12*0.0588+P12*0.18+Q12*0.27+R12*0.33+T12*0.005*0.434 -> 0.25758 | G12: =A12*0.6447+M12*0.51+O12*0.396+P12*1.06+Q12*0.96+R12*0.921+T12*0.005*1.575 -> 0.75011 | H12: =A12*(0.777+0.45)+M12*(1.5)+P12*1.11+Q12*1.11+R12*1.11 -> 0.89466 | J12: =A12*306.45+M12*238+N12*90.76+O12*438+P12*340.38+Q12*378.52+R12*404.81+S12*411.043+T12*412.45*0.005+U12*17.12+V12*18.08+W12*19.34+X12*234.12+K12*436.99+I12*367.03 -> 2109.5136 | L12: =O12*0.0282 -> 0 | N12: =ROUND(9.8/3,2) -> 3.27 | P12: =0.112/2 -> 0.056 | R12: 0.75 | W12: 64.94 | X12: 1
C13: B.L. Símples concreto armado H até 2,00 m | E13: =O13*0.846 -> 0 | F13: =A13*0.231+M13*0.1+O13*0.0588+P13*0.18+Q13*0.27+R13*0.33+T13*0.005*0.434 -> 0.34338 | G13: =A13*0.6447+M13*0.51+O13*0.396+P13*1.06+Q13*0.96+R13*0.921+T13*0.005*1.575 -> 0.98957 | H13: =A13*(0.777+0.45)+M13*(1.5)+P13*1.11+Q13*1.11+R13*1.11 -> 1.18326 | J13: =A13*306.45+M13*238+N13*90.76+O13*438+P13*340.38+Q13*378.52+R13*404.81+S13*411.043+T13*412.45*0.005+U13*17.12+V13*18.08+W13*19.34+X13*234.12+K13*436.99+I13*367.03 -> 2317.323 | L13: =O13*0.0282 -> 0 | N13: =ROUND(N12/1.45*1.95,2) -> 4.4 | P13: =0.112/2 -> 0.056 | R13: =ROUND(R12/1.45*1.95,2) -> 1.01 | W13: =ROUND(W12/1.95*1.95,2) -> 64.94 | X13: 1
C14: B.L. Símples concreto armado H até 2,50 m | E14: =O14*0.846 -> 0 | F14: =A14*0.231+M14*0.1+O14*0.0588+P14*0.18+Q14*0.27+R14*0.33+T14*0.005*0.434 -> 0.42918 | G14: =A14*0.6447+M14*0.51+O14*0.396+P14*1.06+Q14*0.96+R14*0.921+T14*0.005*1.575 -> 1.22903 | H14: =A14*(0.777+0.45)+M14*(1.5)+P14*1.11+Q14*1.11+R14*1.11 -> 1.47186 | J14: =A14*306.45+M14*238+N14*90.76+O14*438+P14*340.38+Q14*378.52+R14*404.81+S14*411.043+T14*412.45*0.005+U14*17.12+V14*18.08+W14*19.34+X14*234.12+K14*436.99+I14*367.03 -> 2847.1434 | L14: =O14*0.0282 -> 0 | N14: =ROUND(N12/1.45*2.45,2) -> 5.53 | P14: =0.112/2 -> 0.056 | R14: =ROUND(R12/1.45*2.45,2) -> 1.27 | W14: =ROUND(W12/1.95*2.45,2) -> 81.59 | X14: 1
C15: B.L. Dupla Alvenaria H até 1,20 m | E15: =O15*0.846 -> 1.671696 | F15: =A15*0.231+M15*0.1+O15*0.0588+P15*0.18+Q15*0.27+R15*0.33+T15*0.005*0.434 -> 0.2047668 | G15: =A15*0.6447+M15*0.51+O15*0.396+P15*1.06+Q15*0.96+R15*0.921+T15*0.005*1.575 -> 1.129303 | H15: =A15*(0.777+0.45)+M15*(1.5)+P15*1.11+Q15*1.11+R15*1.11 -> 0.388056 | J15: =A15*306.45+M15*238+N15*90.76+O15*438+P15*340.38+Q15*378.52+R15*404.81+S15*411.043+T15*412.45*0.005+U15*17.12+V15*18.08+W15*19.34+X15*234.12+K15*436.99+I15*367.03 -> 2111.4144 | L15: =O15*0.0282 -> 0.0557232 | N15: =N3*1.9 -> 0.893 | O15: =O3*1.9 -> 1.976 | P15: =P3*1.9 -> 0.1786 | R15: =R3*1.9 -> 0.171 | W15: =W3*1.9 -> 29.298 | X15: 2
C16: B.L. Dupla Alvenaria H até 1,50 m | E16: =O16*0.846 -> 2.08962 | F16: =A16*0.231+M16*0.1+O16*0.0588+P16*0.18+Q16*0.27+R16*0.33+T16*0.005*0.434 -> 0.233814 | G16: =A16*0.6447+M16*0.51+O16*0.396+P16*1.06+Q16*0.96+R16*0.921+T16*0.005*1.575 -> 1.324927 | H16: =A16*(0.777+0.45)+M16*(1.5)+P16*1.11+Q16*1.11+R16*1.11 -> 0.388056 | J16: =A16*306.45+M16*238+N16*90.76+O16*438+P16*340.38+Q16*378.52+R16*404.81+S16*411.043+T16*412.45*0.005+U16*17.12+V16*18.08+W16*19.34+X16*234.12+K16*436.99+I16*367.03 -> 2327.7864 | L16: =O16*0.0282 -> 0.069654 | N16: =N4*1.9 -> 0.893 | O16: =O4*1.9 -> 2.47 | P16: =P4*1.9 -> 0.1786 | R16: =R4*1.9 -> 0.171 | W16: =W4*1.9 -> 29.298 | X16: 2
C17: B.L. Dupla Alvenaria H até 2,00 m | E17: =O17*0.846 -> 2.780802 | F17: =A17*0.231+M17*0.1+O17*0.0588+P17*0.18+Q17*0.27+R17*0.33+T17*0.005*0.434 -> 0.2818536 | G17: =A17*0.6447+M17*0.51+O17*0.396+P17*1.06+Q17*0.96+R17*0.921+T17*0.005*1.575 -> 1.648459 | H17: =A17*(0.777+0.45)+M17*(1.5)+P17*1.11+Q17*1.11+R17*1.11 -> 0.388056 | J17: =A17*306.45+M17*238+N17*90.76+O17*438+P17*340.38+Q17*378.52+R17*404.81+S17*411.043+T17*412.45*0.005+U17*17.12+V17*18.08+W17*19.34+X17*234.12+K17*436.99+I17*367.03 -> 2685.6324 | L17: =O17*0.0282 -> 0.0926934 | N17: =N5*1.9 -> 0.893 | O17: =O5*1.9 -> 3.287 | P17: =P5*1.9 -> 0.1786 | R17: =R5*1.9 -> 0.171 | W17: =W5*1.9 -> 29.298 | X17: 2
C18: B.L. Dupla Alvenaria H até 2,50 m | E18: =O18*0.846 -> 3.488058 | F18: =A18*0.231+M18*0.1+O18*0.0588+P18*0.18+Q18*0.27+R18*0.33+T18*0.005*0.434 -> 0.3310104 | G18: =A18*0.6447+M18*0.51+O18*0.396+P18*1.06+Q18*0.96+R18*0.921+T18*0.005*1.575 -> 1.979515 | H18: =A18*(0.777+0.45)+M18*(1.5)+P18*1.11+Q18*1.11+R18*1.11 -> 0.388056 | J18: =A18*306.45+M18*238+N18*90.76+O18*438+P18*340.38+Q18*378.52+R18*404.81+S18*411.043+T18*412.45*0.005+U18*17.12+V18*18.08+W18*19.34+X18*234.12+K18*436.99+I18*367.03 -> 3051.8004 | L18: =O18*0.0282 -> 0.1162686 | N18: =N6*1.9 -> 0.893 | O18: =O6*1.9 -> 4.123 | P18: =P6*1.9 -> 0.1786 | R18: =R6*1.9 -> 0.171 | W18: =W6*1.9 -> 29.298 | X18: 2
C19: B.L. Dupla Pré-moldado H até 1,20 m | E19: =O19*0.846 -> 0 | F19: =A19*0.231+M19*0.1+O19*0.0588+P19*0.18+Q19*0.27+R19*0.33+T19*0.005*0.434 -> 0.822054 | G19: =A19*0.6447+M19*0.51+O19*0.396+P19*1.06+Q19*0.96+R19*0.921+T19*0.005*1.575 -> 2.412943 | H19: =A19*(0.777+0.45)+M19*(1.5)+P19*1.11+Q19*1.11+R19*1.11 -> 2.872458 | J19: =A19*306.45+M19*238+N19*90.76+O19*438+P19*340.38+Q19*378.52+R19*404.81+S19*411.043+T19*412.45*0.005+U19*17.12+V19*18.08+W19*19.34+X19*234.12+K19*436.99+I19*367.03 -> 1725.4116 | L19: =O19*0.0282 -> 0 | N19: =1.9*N7 -> 2.4605 | P19: =1.9*P7 -> 0.2128 | R19: =1.9*R7 -> 2.375 | X19: 2
C20: B.L. Dupla Pré-moldado H até 1,50 m | E20: =O20*0.846 -> 0 | F20: =A20*0.231+M20*0.1+O20*0.0588+P20*0.18+Q20*0.27+R20*0.33+T20*0.005*0.434 -> 1.028964 | G20: =A20*0.6447+M20*0.51+O20*0.396+P20*1.06+Q20*0.96+R20*0.921+T20*0.005*1.575 -> 2.99041 | H20: =A20*(0.777+0.45)+M20*(1.5)+P20*1.11+Q20*1.11+R20*1.11 -> 3.568428 | J20: =A20*306.45+M20*238+N20*90.76+O20*438+P20*340.38+Q20*378.52+R20*404.81+S20*411.043+T20*412.45*0.005+U20*17.12+V20*18.08+W20*19.34+X20*234.12+K20*436.99+I20*367.03 -> 2037.8584 | L20: =O20*0.0282 -> 0 | N20: =1.9*N8 -> 3.1065 | P20: =1.9*P8 -> 0.2128 | R20: =1.9*R8 -> 3.002 | X20: 2
C21: B.L. Dupla Pré-moldado H até 2,00 m | E21: =O21*0.846 -> 0 | F21: =A21*0.231+M21*0.1+O21*0.0588+P21*0.18+Q21*0.27+R21*0.33+T21*0.005*0.434 -> 1.367544 | G21: =A21*0.6447+M21*0.51+O21*0.396+P21*1.06+Q21*0.96+R21*0.921+T21*0.005*1.575 -> 3.935356 | H21: =A21*(0.777+0.45)+M21*(1.5)+P21*1.11+Q21*1.11+R21*1.11 -> 4.707288 | J21: =A21*306.45+M21*238+N21*90.76+O21*438+P21*340.38+Q21*378.52+R21*404.81+S21*411.043+T21*412.45*0.005+U21*17.12+V21*18.08+W21*19.34+X21*234.12+K21*436.99+I21*367.03 -> 2550.6243 | L21: =O21*0.0282 -> 0 | N21: =1.9*N9 -> 4.18 | P21: =1.9*P9 -> 0.2128 | R21: =1.9*R9 -> 4.028 | X21: 2
C22: B.L. Dupla Pré-moldado H até 2,50 m | E22: =O22*0.846 -> 0 | F22: =A22*0.231+M22*0.1+O22*0.0588+P22*0.18+Q22*0.27+R22*0.33+T22*0.005*0.434 -> 1.712394 | G22: =A22*0.6447+M22*0.51+O22*0.396+P22*1.06+Q22*0.96+R22*0.921+T22*0.005*1.575 -> 4.897801 | H22: =A22*(0.777+0.45)+M22*(1.5)+P22*1.11+Q22*1.11+R22*1.11 -> 5.867238 | J22: =A22*306.45+M22*238+N22*90.76+O22*438+P22*340.38+Q22*378.52+R22*404.81+S22*411.043+T22*412.45*0.005+U22*17.12+V22*18.08+W22*19.34+X22*234.12+K22*436.99+I22*367.03 -> 3071.0817 | L22: =O22*0.0282 -> 0 | N22: =1.9*N10 -> 5.2535 | P22: =1.9*P10 -> 0.2128 | R22: =1.9*R10 -> 5.073 | X22: 2
C23: B.L. Dupla Concreto armado H até 1,20 m | E23: =O23*0.846 -> 0 | F23: =A23*0.231+M23*0.1+O23*0.0588+P23*0.18+Q23*0.27+R23*0.33+T23*0.005*0.434 -> 0.389082 | G23: =A23*0.6447+M23*0.51+O23*0.396+P23*1.06+Q23*0.96+R23*0.921+T23*0.005*1.575 -> 1.145225 | H23: =A23*(0.777+0.45)+M23*(1.5)+P23*1.11+Q23*1.11+R23*1.11 -> 1.362414 | J23: =A23*306.45+M23*238+N23*90.76+O23*438+P23*340.38+Q23*378.52+R23*404.81+S23*411.043+T23*412.45*0.005+U23*17.12+V23*18.08+W23*19.34+X23*234.12+K23*436.99+I23*367.03 -> 3297.2974 | L23: =O23*0.0282 -> 0 | N23: =1.9*N11 -> 4.921 | P23: =1.9*P11 -> 0.1064 | R23: =1.9*R11 -> 1.121 | W23: =1.9*W11 -> 97.85 | X23: 2
C24: B.L. Dupla Concreto armado H até 1,50 m | E24: =O24*0.846 -> 0 | F24: =A24*0.231+M24*0.1+O24*0.0588+P24*0.18+Q24*0.27+R24*0.33+T24*0.005*0.434 -> 0.489402 | G24: =A24*0.6447+M24*0.51+O24*0.396+P24*1.06+Q24*0.96+R24*0.921+T24*0.005*1.575 -> 1.425209 | H24: =A24*(0.777+0.45)+M24*(1.5)+P24*1.11+Q24*1.11+R24*1.11 -> 1.699854 | J24: =A24*306.45+M24*238+N24*90.76+O24*438+P24*340.38+Q24*378.52+R24*404.81+S24*411.043+T24*412.45*0.005+U24*17.12+V24*18.08+W24*19.34+X24*234.12+K24*436.99+I24*367.03 -> 4031.4878 | L24: =O24*0.0282 -> 0 | N24: =1.9*N12 -> 6.213 | P24: =1.9*P12 -> 0.1064 | R24: =1.9*R12 -> 1.425 | W24: =1.9*W12 -> 123.386 | X24: 2
C25: B.L. Dupla Concreto armado H até 2,00 m | E25: =O25*0.846 -> 0 | F25: =A25*0.231+M25*0.1+O25*0.0588+P25*0.18+Q25*0.27+R25*0.33+T25*0.005*0.434 -> 0.652422 | G25: =A25*0.6447+M25*0.51+O25*0.396+P25*1.06+Q25*0.96+R25*0.921+T25*0.005*1.575 -> 1.880183 | H25: =A25*(0.777+0.45)+M25*(1.5)+P25*1.11+Q25*1.11+R25*1.11 -> 2.248194 | J25: =A25*306.45+M25*238+N25*90.76+O25*438+P25*340.38+Q25*378.52+R25*404.81+S25*411.043+T25*412.45*0.005+U25*17.12+V25*18.08+W25*19.34+X25*234.12+K25*436.99+I25*367.03 -> 4426.3257 | L25: =O25*0.0282 -> 0 | N25: =1.9*N13 -> 8.36 | P25: =1.9*P13 -> 0.1064 | R25: =1.9*R13 -> 1.919 | W25: =1.9*W13 -> 123.386 | X25: 2
C26: B.L. Dupla Concreto armado H até 2,50 m | E26: =O26*0.846 -> 0 | F26: =A26*0.231+M26*0.1+O26*0.0588+P26*0.18+Q26*0.27+R26*0.33+T26*0.005*0.434 -> 0.815442 | G26: =A26*0.6447+M26*0.51+O26*0.396+P26*1.06+Q26*0.96+R26*0.921+T26*0.005*1.575 -> 2.335157 | H26: =A26*(0.777+0.45)+M26*(1.5)+P26*1.11+Q26*1.11+R26*1.11 -> 2.796534 | J26: =A26*306.45+M26*238+N26*90.76+O26*438+P26*340.38+Q26*378.52+R26*404.81+S26*411.043+T26*412.45*0.005+U26*17.12+V26*18.08+W26*19.34+X26*234.12+K26*436.99+I26*367.03 -> 5432.9844 | L26: =O26*0.0282 -> 0 | N26: =1.9*N14 -> 10.507 | P26: =1.9*P14 -> 0.1064 | R26: =1.9*R14 -> 2.413 | W26: =1.9*W14 -> 155.021 | X26: 2
C27: C.L. Alvenaria Tubo até 0,40 | E27: =O27*0.846 -> 0.1705536 | F27: =A27*0.231+M27*0.1+O27*0.0588+P27*0.18+Q27*0.27+R27*0.33+T27*0.005*0.434 -> 0.099453824 | G27: =A27*0.6447+M27*0.51+O27*0.396+P27*1.06+Q27*0.96+R27*0.921+T27*0.005*1.575 -> 0.36184865 | H27: =A27*(0.777+0.45)+M27*(1.5)+P27*1.11+Q27*1.11+R27*1.11 -> 0.30857645 | J27: =A27*306.45+M27*238+N27*90.76+O27*438+P27*340.38+Q27*378.52+R27*404.81+S27*411.043+T27*412.45*0.005+U27*17.12+V27*18.08+W27*19.34+X27*234.12+K27*436.99+I27*367.03 -> 399.28747 | L27: =O27*0.0282 -> 0.00568512 | N27: =(0.88*0.88+4*0.09*0.09*0.8)/2.5 -> 0.320128 | O27: =2*(0.7+0.7)*0.8*0.09 -> 0.2016 | P27: 0.06 | R27: =3*N27*2*0.1+0.09*0.09*0.8*4 -> 0.2179968 | T27: =4*(0.7+0.7)/2*0.8 -> 2.24 | W27: =40*R27 -> 8.719872
C28: C.L. Alvenaria Tubo até 0,60 | E28: =O28*0.846 -> 0.2801952 | F28: =A28*0.231+M28*0.1+O28*0.0588+P28*0.18+Q28*0.27+R28*0.33+T28*0.005*0.434 -> 0.14735024 | G28: =A28*0.6447+M28*0.51+O28*0.396+P28*1.06+Q28*0.96+R28*0.921+T28*0.005*1.575 -> 0.5281957 | H28: =A28*(0.777+0.45)+M28*(1.5)+P28*1.11+Q28*1.11+R28*1.11 -> 0.43353936 | J28: =A28*306.45+M28*238+N28*90.76+O28*438+P28*340.38+Q28*378.52+R28*404.81+S28*411.043+T28*412.45*0.005+U28*17.12+V28*18.08+W28*19.34+X28*234.12+K28*436.99+I28*367.03 -> 607.73563 | L28: =O28*0.0282 -> 0.00933984 | N28: =(1.1*1.1+4*0.09*0.09*1)/2.5 -> 0.49696 | O28: =2*(0.92+0.92)*1*0.09 -> 0.3312 | P28: 0.06 | R28: =3*N28*2*0.1+0.09*0.09*1*4 -> 0.330576 | T28: =4*(0.92+0.92)/2*1 -> 3.68 | W28: =40*R28 -> 13.22304
C29: C.L. Alvenaria Tubo até 0,80 | E29: =O29*0.846 -> 0.6822144 | F29: =A29*0.231+M29*0.1+O29*0.0588+P29*0.18+Q29*0.27+R29*0.33+T29*0.005*0.434 -> 0.2561376 | G29: =A29*0.6447+M29*0.51+O29*0.396+P29*1.06+Q29*0.96+R29*0.921+T29*0.005*1.575 -> 0.9569433 | H29: =A29*(0.777+0.45)+M29*(1.5)+P29*1.11+Q29*1.11+R29*1.11 -> 0.70038336 | J29: =A29*306.45+M29*238+N29*90.76+O29*438+P29*340.38+Q29*378.52+R29*404.81+S29*411.043+T29*412.45*0.005+U29*17.12+V29*18.08+W29*19.34+X29*234.12+K29*436.99+I29*367.03 -> 1110.7009 | L29: =O29*0.0282 -> 0.02274048 | N29: =(1.48*1.48+4*0.14*0.14*1.2)/3 -> 0.76149333 | O29: =2*(1.2+1.2)*1.2*0.14 -> 0.8064 | P29: 0.08 | R29: =3*N29*2*0.1+0.14*0.14*1.2*4 -> 0.550976 | T29: =4*(1.2+1.2)/2*1.2 -> 5.76 | W29: =40*R29 -> 22.03904
C30: C.L. Alvenaria Tubo até 1,00 | E30: =O30*0.846 -> 0.9285696 | F30: =A30*0.231+M30*0.1+O30*0.0588+P30*0.18+Q30*0.27+R30*0.33+T30*0.005*0.434 -> 0.33109504 | G30: =A30*0.6447+M30*0.51+O30*0.396+P30*1.06+Q30*0.96+R30*0.921+T30*0.005*1.575 -> 1.2541824 | H30: =A30*(0.777+0.45)+M30*(1.5)+P30*1.11+Q30*1.11+R30*1.11 -> 0.89487312 | J30: =A30*306.45+M30*238+N30*90.76+O30*438+P30*340.38+Q30*378.52+R30*404.81+S30*411.043+T30*412.45*0.005+U30*17.12+V30*18.08+W30*19.34+X30*234.12+K30*436.99+I30*367.03 -> 1443.4659 | L30: =O30*0.0282 -> 0.03095232 | N30: =(1.68*1.68+4*0.14*0.14*1.4)/3 -> 0.97738667 | O30: =2*(1.4+1.4)*1.4*0.14 -> 1.0976 | P30: 0.11 | R30: =3*N30*2*0.1+0.14*0.14*1.4*4 -> 0.696192 | T30: =4*(1.4+1.4)/2*1.4 -> 7.84 | W30: =40*R30 -> 27.84768
C31: C.L. Alvenaria Tubo até 1,20 | E31: =O31*0.846 -> 1.3189478 | F31: =A31*0.231+M31*0.1+O31*0.0588+P31*0.18+Q31*0.27+R31*0.33+T31*0.005*0.434 -> 0.45250179 | G31: =A31*0.6447+M31*0.51+O31*0.396+P31*1.06+Q31*0.96+R31*0.921+T31*0.005*1.575 -> 1.7334338 | H31: =A31*(0.777+0.45)+M31*(1.5)+P31*1.11+Q31*1.11+R31*1.11 -> 1.2150149 | J31: =A31*306.45+M31*238+N31*90.76+O31*438+P31*340.38+Q31*378.52+R31*404.81+S31*411.043+T31*412.45*0.005+U31*17.12+V31*18.08+W31*19.34+X31*234.12+K31*436.99+I31*367.03 -> 1983.5092 | L31: =O31*0.0282 -> 0.043964928 | N31: =(1.98*1.98+4*0.14*0.14*1.6)/3 -> 1.3486133 | O31: =2*(1.7+1.78)*1.6*0.14 -> 1.55904 | P31: 0.16 | R31: =3*N31*2*0.1+0.14*0.14*1.6*4 -> 0.934608 | T31: =4*(1.7+1.7)/2*1.6 -> 10.88 | W31: =40*R31 -> 37.38432
C32: C.L. pré-moldado Tubo até 0,40 | E32: =O32*0.846 -> 0 | F32: =A32*0.231+M32*0.1+O32*0.0588+P32*0.18+Q32*0.27+R32*0.33+T32*0.005*0.434 -> 0.1320288 | G32: =A32*0.6447+M32*0.51+O32*0.396+P32*1.06+Q32*0.96+R32*0.921+T32*0.005*1.575 -> 0.40193856 | H32: =A32*(0.777+0.45)+M32*(1.5)+P32*1.11+Q32*1.11+R32*1.11 -> 0.4743696 | J32: =A32*306.45+M32*238+N32*90.76+O32*438+P32*340.38+Q32*378.52+R32*404.81+S32*411.043+T32*412.45*0.005+U32*17.12+V32*18.08+W32*19.34+X32*234.12+K32*436.99+I32*367.03 -> 423.93762 | L32: =O32*0.0282 -> 0 | N32: =N37/2 -> 0.94933333 | P32: 0.06 | R32: =(4*0.8*0.12*(0.7+0.88)/2+(0.8*0.8)*0.1) -> 0.36736 | W32: =W27 -> 8.719872
C33: C.L. pré-moldado Tubo até 0,60 | E33: =O33*0.846 -> 0 | F33: =A33*0.231+M33*0.1+O33*0.0588+P33*0.18+Q33*0.27+R33*0.33+T33*0.005*0.434 -> 0.2044473 | G33: =A33*0.6447+M33*0.51+O33*0.396+P33*1.06+Q33*0.96+R33*0.921+T33*0.005*1.575 -> 0.60405201 | H33: =A33*(0.777+0.45)+M33*(1.5)+P33*1.11+Q33*1.11+R33*1.11 -> 0.7179591 | J33: =A33*306.45+M33*238+N33*90.76+O33*438+P33*340.38+Q33*378.52+R33*404.81+S33*411.043+T33*412.45*0.005+U33*17.12+V33*18.08+W33*19.34+X33*234.12+K33*436.99+I33*367.03 -> 651.35713 | L33: =O33*0.0282 -> 0 | N33: =N38/2 -> 1.5166833 | P33: 0.06 | R33: =(4*1*0.12*(0.92+1.1)/2+(1.01*1.01)*0.1) -> 0.58681 | W33: =W28 -> 13.22304
C34: C.L. pré-moldado Tubo até 0,80 | E34: =O34*0.846 -> 0 | F34: =A34*0.231+M34*0.1+O34*0.0588+P34*0.18+Q34*0.27+R34*0.33+T34*0.005*0.434 -> 0.38327895 | G34: =A34*0.6447+M34*0.51+O34*0.396+P34*1.06+Q34*0.96+R34*0.921+T34*0.005*1.575 -> 1.1143076 | H34: =A34*(0.777+0.45)+M34*(1.5)+P34*1.11+Q34*1.11+R34*1.11 -> 1.3295746 | J34: =A34*306.45+M34*238+N34*90.76+O34*438+P34*340.38+Q34*378.52+R34*404.81+S34*411.043+T34*412.45*0.005+U34*17.12+V34*18.08+W34*19.34+X34*234.12+K34*436.99+I34*367.03 -> 1127.719 | L34: =O34*0.0282 -> 0 | N34: =N39/2 -> 2.4432667 | P34: 0.08 | R34: =(4*1.2*0.15*(1.2+1.48)/2+(1.01*1.01)*0.15) -> 1.117815 | W34: =W29 -> 22.03904
C35: C.L. pré-moldado Tubo até 1,00 | E35: =O35*0.846 -> 0 | F35: =A35*0.231+M35*0.1+O35*0.0588+P35*0.18+Q35*0.27+R35*0.33+T35*0.005*0.434 -> 0.5640822 | G35: =A35*0.6447+M35*0.51+O35*0.396+P35*1.06+Q35*0.96+R35*0.921+T35*0.005*1.575 -> 1.6356421 | H35: =A35*(0.777+0.45)+M35*(1.5)+P35*1.11+Q35*1.11+R35*1.11 -> 1.9528674 | J35: =A35*306.45+M35*238+N35*90.76+O35*438+P35*340.38+Q35*378.52+R35*404.81+S35*411.043+T35*412.45*0.005+U35*17.12+V35*18.08+W35*19.34+X35*234.12+K35*436.99+I35*367.03 -> 1540.4644 | L35: =O35*0.0282 -> 0 | N35: =N40/2 -> 3.2699333 | P35: 0.11 | R35: =(4*1.4*0.15*(1.4+1.68)/2+(1.54*1.54)*0.15) -> 1.64934 | W35: =W30 -> 27.84768
C36: C.L. pré-moldado Tubo até 1,20 | E36: =O36*0.846 -> 0 | F36: =A36*0.231+M36*0.1+O36*0.0588+P36*0.18+Q36*0.27+R36*0.33+T36*0.005*0.434 -> 0.7792992 | G36: =A36*0.6447+M36*0.51+O36*0.396+P36*1.06+Q36*0.96+R36*0.921+T36*0.005*1.575 -> 2.264175 | H36: =A36*(0.777+0.45)+M36*(1.5)+P36*1.11+Q36*1.11+R36*1.11 -> 2.7020064 | J36: =A36*306.45+M36*238+N36*90.76+O36*438+P36*340.38+Q36*378.52+R36*404.81+S36*411.043+T36*412.45*0.005+U36*17.12+V36*18.08+W36*19.34+X36*234.12+K36*436.99+I36*367.03 -> 2105.5847 | L36: =O36*0.0282 -> 0 | N36: =N41/2 -> 4.4896 | P36: 0.16 | R36: =(4*1.6*0.15*(1.7+1.98)/2+(1.84*1.84)*0.15) -> 2.27424 | W36: =W31 -> 37.38432
C37: C.L. concreto armado Tubo até 0,40 | E37: =O37*0.846 -> 0 | F37: =A37*0.231+M37*0.1+O37*0.0588+P37*0.18+Q37*0.27+R37*0.33+T37*0.005*0.434 -> 0.1362528 | G37: =A37*0.6447+M37*0.51+O37*0.396+P37*1.06+Q37*0.96+R37*0.921+T37*0.005*1.575 -> 0.41372736 | H37: =A37*(0.777+0.45)+M37*(1.5)+P37*1.11+Q37*1.11+R37*1.11 -> 0.4885776 | J37: =A37*306.45+M37*238+N37*90.76+O37*438+P37*340.38+Q37*378.52+R37*404.81+S37*411.043+T37*412.45*0.005+U37*17.12+V37*18.08+W37*19.34+X37*234.12+K37*436.99+I37*367.03 -> 898.02176 | L37: =O37*0.0282 -> 0 | N37: =(4*0.8*(0.7+0.88)+(0.8*0.8))/3 -> 1.8986667 | P37: 0.06 | R37: =(4*0.8*0.12*(0.7+0.88)/2+(0.8*0.8)*0.12) -> 0.38016 | W37: =ROUND(R37*75,2) -> 28.51
C38: C.L. concreto armado Tubo até 0,60 | E38: =O38*0.846 -> 0 | F38: =A38*0.231+M38*0.1+O38*0.0588+P38*0.18+Q38*0.27+R38*0.33+T38*0.005*0.434 -> 0.21117996 | G38: =A38*0.6447+M38*0.51+O38*0.396+P38*1.06+Q38*0.96+R38*0.921+T38*0.005*1.575 -> 0.62284225 | H38: =A38*(0.777+0.45)+M38*(1.5)+P38*1.11+Q38*1.11+R38*1.11 -> 0.74060532 | J38: =A38*306.45+M38*238+N38*90.76+O38*438+P38*340.38+Q38*378.52+R38*404.81+S38*411.043+T38*412.45*0.005+U38*17.12+V38*18.08+W38*19.34+X38*234.12+K38*436.99+I38*367.03 -> 1422.2802 | L38: =O38*0.0282 -> 0 | N38: =(4*1*(0.92+1.1)+(1.01*1.01))/3 -> 3.0333667 | P38: 0.06 | R38: =(4*1*0.12*(0.92+1.1)/2+(1.01*1.01)*0.12) -> 0.607212 | W38: =ROUND(R38*75,2) -> 45.54
C39: C.L. concreto armado Tubo até 0,80 | E39: =O39*0.846 -> 0 | F39: =A39*0.231+M39*0.1+O39*0.0588+P39*0.18+Q39*0.27+R39*0.33+T39*0.005*0.434 -> 0.38327895 | G39: =A39*0.6447+M39*0.51+O39*0.396+P39*1.06+Q39*0.96+R39*0.921+T39*0.005*1.575 -> 1.1143076 | H39: =A39*(0.777+0.45)+M39*(1.5)+P39*1.11+Q39*1.11+R39*1.11 -> 1.3295746 | J39: =A39*306.45+M39*238+N39*90.76+O39*438+P39*340.38+Q39*378.52+R39*404.81+S39*411.043+T39*412.45*0.005+U39*17.12+V39*18.08+W39*19.34+X39*234.12+K39*436.99+I39*367.03 -> 2436.5899 | L39: =O39*0.0282 -> 0 | N39: =(4*1.2*(1.2+1.48)+(1.34*1.34))/3 -> 4.8865333 | P39: 0.08 | R39: =(4*1.2*0.15*(1.2+1.48)/2+(1.01*1.01)*0.15) -> 1.117815 | W39: =ROUND(R39*70,2) -> 78.25
C40: C.L. concreto armado Tubo até 1,00 | E40: =O40*0.846 -> 0 | F40: =A40*0.231+M40*0.1+O40*0.0588+P40*0.18+Q40*0.27+R40*0.33+T40*0.005*0.434 -> 0.5640822 | G40: =A40*0.6447+M40*0.51+O40*0.396+P40*1.06+Q40*0.96+R40*0.921+T40*0.005*1.575 -> 1.6356421 | H40: =A40*(0.777+0.45)+M40*(1.5)+P40*1.11+Q40*1.11+R40*1.11 -> 1.9528674 | J40: =A40*306.45+M40*238+N40*90.76+O40*438+P40*340.38+Q40*378.52+R40*404.81+S40*411.043+T40*412.45*0.005+U40*17.12+V40*18.08+W40*19.34+X40*234.12+K40*436.99+I40*367.03 -> 3531.4724 | L40: =O40*0.0282 -> 0 | N40: =(4*1.4*(1.4+1.68)+(1.54*1.54))/3 -> 6.5398667 | P40: 0.11 | R40: =(4*1.4*0.15*(1.4+1.68)/2+(1.54*1.54)*0.15) -> 1.64934 | W40: =ROUND(R40*70,2) -> 115.45
C41: C.L. concreto armado Tubo até 1,20 | E41: =O41*0.846 -> 0 | F41: =A41*0.231+M41*0.1+O41*0.0588+P41*0.18+Q41*0.27+R41*0.33+T41*0.005*0.434 -> 0.7792992 | G41: =A41*0.6447+M41*0.51+O41*0.396+P41*1.06+Q41*0.96+R41*0.921+T41*0.005*1.575 -> 2.264175 | H41: =A41*(0.777+0.45)+M41*(1.5)+P41*1.11+Q41*1.11+R41*1.11 -> 2.7020064 | J41: =A41*306.45+M41*238+N41*90.76+O41*438+P41*340.38+Q41*378.52+R41*404.81+S41*411.043+T41*412.45*0.005+U41*17.12+V41*18.08+W41*19.34+X41*234.12+K41*436.99+I41*367.03 -> 4868.9761 | L41: =O41*0.0282 -> 0 | N41: =(4*1.6*(1.7+1.98)+(1.84*1.84))/3 -> 8.9792 | P41: 0.16 | R41: =(4*1.6*0.15*(1.7+1.98)/2+(1.84*1.84)*0.15) -> 2.27424 | W41: =ROUND(R41*70,2) -> 159.2
C42: C.L. concreto armado Tubo até 1,50 | E42: =O42*0.846 -> 0 | F42: =A42*0.231+M42*0.1+O42*0.0588+P42*0.18+Q42*0.27+R42*0.33+T42*0.005*0.434 -> 1.2096229 | G42: =A42*0.6447+M42*0.51+O42*0.396+P42*1.06+Q42*0.96+R42*0.921+T42*0.005*1.575 -> 3.5097804 | H42: =A42*(0.777+0.45)+M42*(1.5)+P42*1.11+Q42*1.11+R42*1.11 -> 4.1898226 | J42: =A42*306.45+M42*238+N42*90.76+O42*438+P42*340.38+Q42*378.52+R42*404.81+S42*411.043+T42*412.45*0.005+U42*17.12+V42*18.08+W42*19.34+X42*234.12+K42*436.99+I42*367.03 -> 7247.9917 | L42: =O42*0.0282 -> 0 | N42: =(4*2*(2.1+2.48)+(2.29*2.29))/4 -> 10.471025 | P42: 0.24 | R42: =(4*2*0.15*(2.1+2.48)/2+(2.29*2.29)*0.15) -> 3.534615 | W42: =ROUND(R42*70,2) -> 247.42
C43: C.L. concreto armado Tubo até 2,00 | E43: =O43*0.846 -> 0 | F43: =A43*0.231+M43*0.1+O43*0.0588+P43*0.18+Q43*0.27+R43*0.33+T43*0.005*0.434 -> 1.908779 | G43: =A43*0.6447+M43*0.51+O43*0.396+P43*1.06+Q43*0.96+R43*0.921+T43*0.005*1.575 -> 5.5279776 | H43: =A43*(0.777+0.45)+M43*(1.5)+P43*1.11+Q43*1.11+R43*1.11 -> 6.6020747 | J43: =A43*306.45+M43*238+N43*90.76+O43*438+P43*340.38+Q43*378.52+R43*404.81+S43*411.043+T43*412.45*0.005+U43*17.12+V43*18.08+W43*19.34+X43*234.12+K43*436.99+I43*367.03 -> 11450.372 | L43: =O43*0.0282 -> 0 | N43: =(4*2.5*(2.7+3.08)+(2.89*2.89))/4 -> 16.538025 | P43: 0.36 | R43: =(4*2.5*0.15*(2.7+3.08)/2+(2.89*2.89)*0.15) -> 5.587815 | W43: =ROUND(R43*70,2) -> 391.15
C44: P.V. Alvenaria H até 0,80 m Tubo até 0,40 + chaminé 1,00 m | E44: =O44*0.846 -> 0.54144 | F44: =A44*0.231+M44*0.1+O44*0.0588+P44*0.18+Q44*0.27+R44*0.33+T44*0.005*0.434 -> 0.3527622 | G44: =A44*0.6447+M44*0.51+O44*0.396+P44*1.06+Q44*0.96+R44*0.921+T44*0.005*1.575 -> 1.1888125 | H44: =A44*(0.777+0.45)+M44*(1.5)+P44*1.11+Q44*1.11+R44*1.11 -> 1.11 | I44: 1 | J44: =A44*306.45+M44*238+N44*90.76+O44*438+P44*340.38+Q44*378.52+R44*404.81+S44*411.043+T44*412.45*0.005+U44*17.12+V44*18.08+W44*19.34+X44*234.12+K44*436.99+I44*367.03 -> 2080.0031 | K44: 1 | L44: =O44*0.0282 -> 0.018048 | N44: =ROUND((4.9+2*0.5)/5,2) -> 1.18 | O44: =ROUND((1.285*0.5),2) -> 0.64 | P44: 0.1 | R44: =ROUND((0.8 +0.205 *0.5),2) -> 0.9 | T44: =ROUND((0.12 *0.5),2) -> 0.06 | W44: =ROUND((21.07 +8.54 *0.5),2) -> 25.34
C45: P.V. Alvenaria H até 1,00 m Tubo até 0,60 + chaminé 1,00 m | E45: =O45*0.846 -> 0.7614 | F45: =A45*0.231+M45*0.1+O45*0.0588+P45*0.18+Q45*0.27+R45*0.33+T45*0.005*0.434 -> 0.3848936 | G45: =A45*0.6447+M45*0.51+O45*0.396+P45*1.06+Q45*0.96+R45*0.921+T45*0.005*1.575 -> 1.34997 | H45: =A45*(0.777+0.45)+M45*(1.5)+P45*1.11+Q45*1.11+R45*1.11 -> 1.1766 | I45: 1 | J45: =A45*306.45+M45*238+N45*90.76+O45*438+P45*340.38+Q45*378.52+R45*404.81+S45*411.043+T45*412.45*0.005+U45*17.12+V45*18.08+W45*19.34+X45*234.12+K45*436.99+I45*367.03 -> 2257.2566 | K45: 1 | L45: =O45*0.0282 -> 0.02538 | N45: =ROUND((4.9+2*0.7)/5,2) -> 1.26 | O45: =ROUND((1.285*0.7),2) -> 0.9 | P45: 0.12 | R45: =ROUND((0.8 +0.205 *0.7),2) -> 0.94 | T45: =ROUND((0.12 *0.7),2) -> 0.08 | W45: =ROUND((21.07 +8.54 *0.7),2) -> 27.05
C46: P.V. Alvenaria H até 1,30 m Tubo até 0,80 + chaminé 1,00 m | E46: =O46*0.846 -> 1.09134 | F46: =A46*0.231+M46*0.1+O46*0.0588+P46*0.18+Q46*0.27+R46*0.33+T46*0.005*0.434 -> 0.4328124 | G46: =A46*0.6447+M46*0.51+O46*0.396+P46*1.06+Q46*0.96+R46*0.921+T46*0.005*1.575 -> 1.579795 | H46: =A46*(0.777+0.45)+M46*(1.5)+P46*1.11+Q46*1.11+R46*1.11 -> 1.2654 | I46: 1 | J46: =A46*306.45+M46*238+N46*90.76+O46*438+P46*340.38+Q46*378.52+R46*404.81+S46*411.043+T46*412.45*0.005+U46*17.12+V46*18.08+W46*19.34+X46*234.12+K46*436.99+I46*367.03 -> 2520.3012 | K46: 1 | L46: =O46*0.0282 -> 0.036378 | N46: =ROUND((4.9+2*1)/5,2) -> 1.38 | O46: =ROUND((1.285*1),2) -> 1.29 | P46: 0.13 | Q46: =(Q45+Q47)/2 -> 0 | R46: =ROUND((0.8 +0.205 *1),2) -> 1.01 | T46: =ROUND((0.12 *1),2) -> 0.12 | W46: =ROUND((21.07 +8.54 *1),2) -> 29.61
C47: P.V. Alvenaria H até 1,50 m Tubo até 1,00 + chaminé 1,00 m | E47: =O47*0.846 -> 1.30284 | F47: =A47*0.231+M47*0.1+O47*0.0588+P47*0.18+Q47*0.27+R47*0.33+T47*0.005*0.434 -> 0.4625558 | G47: =A47*0.6447+M47*0.51+O47*0.396+P47*1.06+Q47*0.96+R47*0.921+T47*0.005*1.575 -> 1.7263925 | H47: =A47*(0.777+0.45)+M47*(1.5)+P47*1.11+Q47*1.11+R47*1.11 -> 1.3209 | I47: 1 | J47: =A47*306.45+M47*238+N47*90.76+O47*438+P47*340.38+Q47*378.52+R47*404.81+S47*411.043+T47*412.45*0.005+U47*17.12+V47*18.08+W47*19.34+X47*234.12+K47*436.99+I47*367.03 -> 2689.7708 | K47: 1 | L47: =O47*0.0282 -> 0.043428 | N47: =ROUND((4.9+2*1.2)/5,2) -> 1.46 | O47: =ROUND((1.285*1.2),2) -> 1.54 | P47: 0.14 | R47: =ROUND((0.8 +0.205 *1.2),2) -> 1.05 | T47: =ROUND((0.12 *1.2),2) -> 0.14 | W47: =ROUND((21.07 +8.54 *1.2),2) -> 31.32
C48: P.V. Alvenaria H até 1,80 m Tubo até 1,20 + chaminé 1,00 m | E48: =O48*0.846 -> 1.63278 | F48: =A48*0.231+M48*0.1+O48*0.0588+P48*0.18+Q48*0.27+R48*0.33+T48*0.005*0.434 -> 0.5053746 | G48: =A48*0.6447+M48*0.51+O48*0.396+P48*1.06+Q48*0.96+R48*0.921+T48*0.005*1.575 -> 1.9364075 | H48: =A48*(0.777+0.45)+M48*(1.5)+P48*1.11+Q48*1.11+R48*1.11 -> 1.3875 | I48: 1 | J48: =A48*306.45+M48*238+N48*90.76+O48*438+P48*340.38+Q48*378.52+R48*404.81+S48*411.043+T48*412.45*0.005+U48*17.12+V48*18.08+W48*19.34+X48*234.12+K48*436.99+I48*367.03 -> 2945.3635 | K48: 1 | L48: =O48*0.0282 -> 0.054426 | N48: =ROUND((4.9+2*1.5)/5,2) -> 1.58 | O48: =ROUND((1.285*1.5),2) -> 1.93 | P48: 0.14 | R48: =ROUND((0.8 +0.205 *1.5),2) -> 1.11 | T48: =ROUND((0.12 *1.5),2) -> 0.18 | W48: =ROUND((21.07 +8.54 *1.5),2) -> 33.88
C49: P.V. Pré-moldado H até 0,80 m Tubo até 0,40 + chaminé 1,00 m | E49: =O49*0.846 -> 0 | F49: =A49*0.231+M49*0.1+O49*0.0588+P49*0.18+Q49*0.27+R49*0.33+T49*0.005*0.434 -> 0.3825 | G49: =A49*0.6447+M49*0.51+O49*0.396+P49*1.06+Q49*0.96+R49*0.921+T49*0.005*1.575 -> 1.14838 | H49: =A49*(0.777+0.45)+M49*(1.5)+P49*1.11+Q49*1.11+R49*1.11 -> 1.35975 | I49: 1 | J49: =A49*306.45+M49*238+N49*90.76+O49*438+P49*340.38+Q49*378.52+R49*404.81+S49*411.043+T49*412.45*0.005+U49*17.12+V49*18.08+W49*19.34+X49*234.12+K49*436.99+I49*367.03 -> 1388.1369 | K49: 1 | L49: =O49*0.0282 -> 0 | N49: =N54/2 -> 1.075 | P49: =P54 -> 0.145 | R49: =R54 -> 1.08
C50: P.V. Pré-moldado H até 1,00 m Tubo até 0,60 + chaminé 1,00 m | E50: =O50*0.846 -> 0 | F50: =A50*0.231+M50*0.1+O50*0.0588+P50*0.18+Q50*0.27+R50*0.33+T50*0.005*0.434 -> 0.432 | G50: =A50*0.6447+M50*0.51+O50*0.396+P50*1.06+Q50*0.96+R50*0.921+T50*0.005*1.575 -> 1.28653 | H50: =A50*(0.777+0.45)+M50*(1.5)+P50*1.11+Q50*1.11+R50*1.11 -> 1.52625 | I50: 1 | J50: =A50*306.45+M50*238+N50*90.76+O50*438+P50*340.38+Q50*378.52+R50*404.81+S50*411.043+T50*412.45*0.005+U50*17.12+V50*18.08+W50*19.34+X50*234.12+K50*436.99+I50*367.03 -> 1471.5484 | K50: 1 | L50: =O50*0.0282 -> 0 | N50: =N55/2 -> 1.325 | P50: =P55 -> 0.145 | R50: =R55 -> 1.23
C51: P.V. Pré-moldado H até 1,30 m Tubo até 0,80 + chaminé 1,00 m | E51: =O51*0.846 -> 0 | F51: =A51*0.231+M51*0.1+O51*0.0588+P51*0.18+Q51*0.27+R51*0.33+T51*0.005*0.434 -> 0.5046 | G51: =A51*0.6447+M51*0.51+O51*0.396+P51*1.06+Q51*0.96+R51*0.921+T51*0.005*1.575 -> 1.48915 | H51: =A51*(0.777+0.45)+M51*(1.5)+P51*1.11+Q51*1.11+R51*1.11 -> 1.77045 | I51: 1 | J51: =A51*306.45+M51*238+N51*90.76+O51*438+P51*340.38+Q51*378.52+R51*404.81+S51*411.043+T51*412.45*0.005+U51*17.12+V51*18.08+W51*19.34+X51*234.12+K51*436.99+I51*367.03 -> 1594.6416 | K51: 1 | L51: =O51*0.0282 -> 0 | N51: =N56/2 -> 1.7 | O51: =(O50+O52)/2 -> 0 | P51: =P56 -> 0.145 | Q51: =(Q50+Q52)/2 -> 0 | R51: =R56 -> 1.45 | T51: =(T50+T52)/2 -> 0
C52: P.V. Pré-moldado H até 1,50 m Tubo até 1,00 + chaminé 1,00 m | E52: =O52*0.846 -> 0 | F52: =A52*0.231+M52*0.1+O52*0.0588+P52*0.18+Q52*0.27+R52*0.33+T52*0.005*0.434 -> 0.6411 | G52: =A52*0.6447+M52*0.51+O52*0.396+P52*1.06+Q52*0.96+R52*0.921+T52*0.005*1.575 -> 1.88405 | H52: =A52*(0.777+0.45)+M52*(1.5)+P52*1.11+Q52*1.11+R52*1.11 -> 2.2422 | I52: 1 | J52: =A52*306.45+M52*238+N52*90.76+O52*438+P52*340.38+Q52*378.52+R52*404.81+S52*411.043+T52*412.45*0.005+U52*17.12+V52*18.08+W52*19.34+X52*234.12+K52*436.99+I52*367.03 -> 1783.2271 | K52: 1 | L52: =O52*0.0282 -> 0 | N52: =N57/2 -> 1.9 | P52: =P57 -> 0.17 | R52: =R57 -> 1.85
C53: P.V. Pré-moldado H até 1,80 m Tubo até 1,20 + chaminé 1,00 m | E53: =O53*0.846 -> 0 | F53: =A53*0.231+M53*0.1+O53*0.0588+P53*0.18+Q53*0.27+R53*0.33+T53*0.005*0.434 -> 0.80658 | G53: =A53*0.6447+M53*0.51+O53*0.396+P53*1.06+Q53*0.96+R53*0.921+T53*0.005*1.575 -> 2.3576 | H53: =A53*(0.777+0.45)+M53*(1.5)+P53*1.11+Q53*1.11+R53*1.11 -> 2.80941 | I53: 1 | J53: =A53*306.45+M53*238+N53*90.76+O53*438+P53*340.38+Q53*378.52+R53*404.81+S53*411.043+T53*412.45*0.005+U53*17.12+V53*18.08+W53*19.34+X53*234.12+K53*436.99+I53*367.03 -> 2005.9764 | K53: 1 | L53: =O53*0.0282 -> 0 | N53: =N58/2 -> 2.09 | P53: =P58 -> 0.191 | R53: =R58 -> 2.34
C54: P.V. Concreto armado H até 0,80 m Tubo até 0,40 + chaminé 1,00 m | E54: =O54*0.846 -> 0 | F54: =A54*0.231+M54*0.1+O54*0.0588+P54*0.18+Q54*0.27+R54*0.33+T54*0.005*0.434 -> 0.3825 | G54: =A54*0.6447+M54*0.51+O54*0.396+P54*1.06+Q54*0.96+R54*0.921+T54*0.005*1.575 -> 1.14838 | H54: =A54*(0.777+0.45)+M54*(1.5)+P54*1.11+Q54*1.11+R54*1.11 -> 1.35975 | I54: 1 | J54: =A54*306.45+M54*238+N54*90.76+O54*438+P54*340.38+Q54*378.52+R54*404.81+S54*411.043+T54*412.45*0.005+U54*17.12+V54*18.08+W54*19.34+X54*234.12+K54*436.99+I54*367.03 -> 3101.3288 | K54: 1 | L54: =O54*0.0282 -> 0 | N54: =ROUND((3.59+10*0.5)/4,2) -> 2.15 | P54: 0.145 | R54: =ROUND((0.704 +0.75 *0.5),2) -> 1.08 | W54: =R54*77.35 -> 83.538
C55: P.V. Concreto armado H até 1,00 m Tubo até 0,60 + chaminé 1,00 m | E55: =O55*0.846 -> 0 | F55: =A55*0.231+M55*0.1+O55*0.0588+P55*0.18+Q55*0.27+R55*0.33+T55*0.005*0.434 -> 0.432 | G55: =A55*0.6447+M55*0.51+O55*0.396+P55*1.06+Q55*0.96+R55*0.921+T55*0.005*1.575 -> 1.28653 | H55: =A55*(0.777+0.45)+M55*(1.5)+P55*1.11+Q55*1.11+R55*1.11 -> 1.52625 | I55: 1 | J55: =A55*306.45+M55*238+N55*90.76+O55*438+P55*340.38+Q55*378.52+R55*404.81+S55*411.043+T55*412.45*0.005+U55*17.12+V55*18.08+W55*19.34+X55*234.12+K55*436.99+I55*367.03 -> 3431.8227 | K55: 1 | L55: =O55*0.0282 -> 0 | N55: =ROUND((3.59+10*0.7)/4,2) -> 2.65 | P55: 0.145 | R55: =ROUND((0.704 +0.75 *0.7),2) -> 1.23 | W55: =R55*77.35 -> 95.1405
C56: P.V. Concreto armado H até 1,30 m Tubo até 0,80 + chaminé 1,00 m | E56: =O56*0.846 -> 0 | F56: =A56*0.231+M56*0.1+O56*0.0588+P56*0.18+Q56*0.27+R56*0.33+T56*0.005*0.434 -> 0.5046 | G56: =A56*0.6447+M56*0.51+O56*0.396+P56*1.06+Q56*0.96+R56*0.921+T56*0.005*1.575 -> 1.48915 | H56: =A56*(0.777+0.45)+M56*(1.5)+P56*1.11+Q56*1.11+R56*1.11 -> 1.77045 | I56: 1 | J56: =A56*306.45+M56*238+N56*90.76+O56*438+P56*340.38+Q56*378.52+R56*404.81+S56*411.043+T56*412.45*0.005+U56*17.12+V56*18.08+W56*19.34+X56*234.12+K56*436.99+I56*367.03 -> 3918.0596 | K56: 1 | L56: =O56*0.0282 -> 0 | N56: =ROUND((3.59+10*1)/4,2) -> 3.4 | O56: =(O55+O57)/2 -> 0 | P56: 0.145 | Q56: =(Q55+Q57)/2 -> 0 | R56: =ROUND((0.704 +0.75 *1),2) -> 1.45 | W56: =R56*77.35 -> 112.1575
C57: P.V. Concreto armado H até 1,50 m Tubo até 1,00 + chaminé 1,00 m | E57: =O57*0.846 -> 0 | F57: =A57*0.231+M57*0.1+O57*0.0588+P57*0.18+Q57*0.27+R57*0.33+T57*0.005*0.434 -> 0.6411 | G57: =A57*0.6447+M57*0.51+O57*0.396+P57*1.06+Q57*0.96+R57*0.921+T57*0.005*1.575 -> 1.88405 | H57: =A57*(0.777+0.45)+M57*(1.5)+P57*1.11+Q57*1.11+R57*1.11 -> 2.2422 | I57: 1 | J57: =A57*306.45+M57*238+N57*90.76+O57*438+P57*340.38+Q57*378.52+R57*404.81+S57*411.043+T57*412.45*0.005+U57*17.12+V57*18.08+W57*19.34+X57*234.12+K57*436.99+I57*367.03 -> 4723.1767 | K57: 1 | L57: =O57*0.0282 -> 0 | N57: =ROUND((4+11.2*1)/4,2) -> 3.8 | P57: 0.17 | R57: =ROUND((0.843 +0.84*1.2),2) -> 1.85 | W57: =R57*77.35 -> 143.0975
C58: P.V. Concreto armado H até 1,80 m Tubo até 1,20 + chaminé 1,00 m | E58: =O58*0.846 -> 0 | F58: =A58*0.231+M58*0.1+O58*0.0588+P58*0.18+Q58*0.27+R58*0.33+T58*0.005*0.434 -> 0.80658 | G58: =A58*0.6447+M58*0.51+O58*0.396+P58*1.06+Q58*0.96+R58*0.921+T58*0.005*1.575 -> 2.3576 | H58: =A58*(0.777+0.45)+M58*(1.5)+P58*1.11+Q58*1.11+R58*1.11 -> 2.80941 | I58: 1 | J58: =A58*306.45+M58*238+N58*90.76+O58*438+P58*340.38+Q58*378.52+R58*404.81+S58*411.043+T58*412.45*0.005+U58*17.12+V58*18.08+W58*19.34+X58*234.12+K58*436.99+I58*367.03 -> 5696.1854 | K58: 1 | L58: =O58*0.0282 -> 0 | N58: =ROUND((4.53+12.2*1)/4,2) -> 4.18 | P58: 0.191 | R58: =ROUND((0.968 +0.915 *1.5),2) -> 2.34 | W58: =R58*77.35 -> 180.999
C59: P.V. Concreto armado H até 2,00 m Tubo até 1,50 + chaminé 1,00 m | E59: =O59*0.846 -> 0 | F59: =A59*0.231+M59*0.1+O59*0.0588+P59*0.18+Q59*0.27+R59*0.33+T59*0.005*0.434 -> 0.897537 | G59: =A59*0.6447+M59*0.51+O59*0.396+P59*1.06+Q59*0.96+R59*0.921+T59*0.005*1.575 -> 2.627429 | H59: =A59*(0.777+0.45)+M59*(1.5)+P59*1.11+Q59*1.11+R59*1.11 -> 3.1298115 | I59: 1 | J59: =A59*306.45+M59*238+N59*90.76+O59*438+P59*340.38+Q59*378.52+R59*404.81+S59*411.043+T59*412.45*0.005+U59*17.12+V59*18.08+W59*19.34+X59*234.12+K59*436.99+I59*367.03 -> 6242.2876 | K59: 1 | L59: =O59*0.0282 -> 0 | N59: =N58/1.8*2 -> 4.6444444 | P59: =P58*1.15 -> 0.21965 | R59: =R58/1.8*2 -> 2.6 | W59: =R59*77.35 -> 201.11
C60: P.V. Concreto armado H até 2,50 m Tubo até 2,00 + chaminé 1,00 m | E60: =O60*0.846 -> 0 | F60: =A60*0.231+M60*0.1+O60*0.0588+P60*0.18+Q60*0.27+R60*0.33+T60*0.005*0.434 -> 1.1179675 | G60: =A60*0.6447+M60*0.51+O60*0.396+P60*1.06+Q60*0.96+R60*0.921+T60*0.005*1.575 -> 3.2610033 | H60: =A60*(0.777+0.45)+M60*(1.5)+P60*1.11+Q60*1.11+R60*1.11 -> 3.8878832 | I60: 1 | J60: =A60*306.45+M60*238+N60*90.76+O60*438+P60*340.38+Q60*378.52+R60*404.81+S60*411.043+T60*412.45*0.005+U60*17.12+V60*18.08+W60*19.34+X60*234.12+K60*436.99+I60*367.03 -> 7594.3781 | K60: 1 | L60: =O60*0.0282 -> 0 | N60: =N59/2*2.5 -> 5.8055556 | P60: =P59*1.15 -> 0.2525975 | R60: =R59/2*2.5 -> 3.25 | W60: =R60*77.35 -> 251.3875
C61: Viga de Apoio em concreto marmado Tubo 0,80 | E61: =O61*0.846 -> 0 | F61: =A61*0.231+M61*0.1+O61*0.0588+P61*0.18+Q61*0.27+R61*0.33+T61*0.005*0.434 -> 0.11253 | G61: =A61*0.6447+M61*0.51+O61*0.396+P61*1.06+Q61*0.96+R61*0.921+T61*0.005*1.575 -> 0.314061 | H61: =A61*(0.777+0.45)+M61*(1.5)+P61*1.11+Q61*1.11+R61*1.11 -> 0.37851 | J61: =A61*306.45+M61*238+N61*90.76+O61*438+P61*340.38+Q61*378.52+R61*404.81+S61*411.043+T61*412.45*0.005+U61*17.12+V61*18.08+W61*19.34+X61*234.12+K61*436.99+I61*367.03 -> 813.88541 | L61: =O61*0.0282 -> 0 | N61: =2+1.56+0.72 -> 4.28 | R61: =0.1+0.16+0.081 -> 0.341 | W61: =1.32+4.11+4.74+1.69+3 -> 14.86
C62: Viga de Apoio em concreto marmado Tubo 1,00 | E62: =O62*0.846 -> 0 | F62: =A62*0.231+M62*0.1+O62*0.0588+P62*0.18+Q62*0.27+R62*0.33+T62*0.005*0.434 -> 0.12243 | G62: =A62*0.6447+M62*0.51+O62*0.396+P62*1.06+Q62*0.96+R62*0.921+T62*0.005*1.575 -> 0.341691 | H62: =A62*(0.777+0.45)+M62*(1.5)+P62*1.11+Q62*1.11+R62*1.11 -> 0.41181 | J62: =A62*306.45+M62*238+N62*90.76+O62*438+P62*340.38+Q62*378.52+R62*404.81+S62*411.043+T62*412.45*0.005+U62*17.12+V62*18.08+W62*19.34+X62*234.12+K62*436.99+I62*367.03 -> 912.06511 | L62: =O62*0.0282 -> 0 | N62: =2+1.76+0.72 -> 4.48 | R62: =0.1+0.19+0.081 -> 0.371 | W62: =1.32+4.11+7.42+2.52+3 -> 18.37
C63: Viga de Apoio em concreto marmado Tubo 1,20 | E63: =O63*0.846 -> 0 | F63: =A63*0.231+M63*0.1+O63*0.0588+P63*0.18+Q63*0.27+R63*0.33+T63*0.005*0.434 -> 0.13233 | G63: =A63*0.6447+M63*0.51+O63*0.396+P63*1.06+Q63*0.96+R63*0.921+T63*0.005*1.575 -> 0.369321 | H63: =A63*(0.777+0.45)+M63*(1.5)+P63*1.11+Q63*1.11+R63*1.11 -> 0.44511 | J63: =A63*306.45+M63*238+N63*90.76+O63*438+P63*340.38+Q63*378.52+R63*404.81+S63*411.043+T63*412.45*0.005+U63*17.12+V63*18.08+W63*19.34+X63*234.12+K63*436.99+I63*367.03 -> 1028.231 | L63: =O63*0.0282 -> 0 | N63: =2+1.96+0.72 -> 4.68 | R63: =0.1+0.22+0.081 -> 0.401 | W63: =1.32+4.11+10.23+3.15+4 -> 22.81
C64: Dissipador de Energia c/Pedra de Mão tubo ø 0, 40 | E64: =O64*0.846 -> 0 | F64: =A64*0.231+M64*0.1+O64*0.0588+P64*0.18+Q64*0.27+R64*0.33+T64*0.005*0.434 -> 0.38417 | G64: =A64*0.6447+M64*0.51+O64*0.396+P64*1.06+Q64*0.96+R64*0.921+T64*0.005*1.575 -> 1.55436 | H64: =A64*(0.777+0.45)+M64*(1.5)+P64*1.11+Q64*1.11+R64*1.11 -> 2.90781 | J64: =A64*306.45+M64*238+N64*90.76+O64*438+P64*340.38+Q64*378.52+R64*404.81+S64*411.043+T64*412.45*0.005+U64*17.12+V64*18.08+W64*19.34+X64*234.12+K64*436.99+I64*367.03 -> 882.17088 | L64: =O64*0.0282 -> 0 | M64: 1.22 | N64: =7.413/3 -> 2.471 | Q64: 0.971
C65: Dissipador de Energia c/Pedra de Mão tubo ø 0, 60 | E65: =O65*0.846 -> 0 | F65: =A65*0.231+M65*0.1+O65*0.0588+P65*0.18+Q65*0.27+R65*0.33+T65*0.005*0.434 -> 0.47295 | G65: =A65*0.6447+M65*0.51+O65*0.396+P65*1.06+Q65*0.96+R65*0.921+T65*0.005*1.575 -> 1.9179 | H65: =A65*(0.777+0.45)+M65*(1.5)+P65*1.11+Q65*1.11+R65*1.11 -> 3.61035 | J65: =A65*306.45+M65*238+N65*90.76+O65*438+P65*340.38+Q65*378.52+R65*404.81+S65*411.043+T65*412.45*0.005+U65*17.12+V65*18.08+W65*19.34+X65*234.12+K65*436.99+I65*367.03 -> 1059.2509 | L65: =O65*0.0282 -> 0 | M65: 1.53 | N65: =8.15/3 -> 2.7166667 | Q65: 1.185
C66: Dissipador de Energia c/Pedra de Mão tubo ø 0, 80 | E66: =O66*0.846 -> 0 | F66: =A66*0.231+M66*0.1+O66*0.0588+P66*0.18+Q66*0.27+R66*0.33+T66*0.005*0.434 -> 0.75196 | G66: =A66*0.6447+M66*0.51+O66*0.396+P66*1.06+Q66*0.96+R66*0.921+T66*0.005*1.575 -> 3.06438 | H66: =A66*(0.777+0.45)+M66*(1.5)+P66*1.11+Q66*1.11+R66*1.11 -> 5.84628 | J66: =A66*306.45+M66*238+N66*90.76+O66*438+P66*340.38+Q66*378.52+R66*404.81+S66*411.043+T66*412.45*0.005+U66*17.12+V66*18.08+W66*19.34+X66*234.12+K66*436.99+I66*367.03 -> 1635.6418 | L66: =O66*0.0282 -> 0 | M66: 2.53 | N66: =11.04/3 -> 3.68 | Q66: 1.848
C67: Dissipador de Energia c/Pedra de Mão tubo ø 1,00 | E67: =O67*0.846 -> 0 | F67: =A67*0.231+M67*0.1+O67*0.0588+P67*0.18+Q67*0.27+R67*0.33+T67*0.005*0.434 -> 1.08901 | G67: =A67*0.6447+M67*0.51+O67*0.396+P67*1.06+Q67*0.96+R67*0.921+T67*0.005*1.575 -> 4.44348 | H67: =A67*(0.777+0.45)+M67*(1.5)+P67*1.11+Q67*1.11+R67*1.11 -> 8.50593 | J67: =A67*306.45+M67*238+N67*90.76+O67*438+P67*340.38+Q67*378.52+R67*404.81+S67*411.043+T67*412.45*0.005+U67*17.12+V67*18.08+W67*19.34+X67*234.12+K67*436.99+I67*367.03 -> 2313.6581 | L67: =O67*0.0282 -> 0 | M67: 3.7 | N67: =14.05/3 -> 4.6833333 | Q67: 2.663
C68: Dissipador de Energia c/Pedra de Mão tubo ø 1,20 | E68: =O68*0.846 -> 0 | F68: =A68*0.231+M68*0.1+O68*0.0588+P68*0.18+Q68*0.27+R68*0.33+T68*0.005*0.434 -> 1.47401 | G68: =A68*0.6447+M68*0.51+O68*0.396+P68*1.06+Q68*0.96+R68*0.921+T68*0.005*1.575 -> 6.03168 | H68: =A68*(0.777+0.45)+M68*(1.5)+P68*1.11+Q68*1.11+R68*1.11 -> 11.63493 | J68: =A68*306.45+M68*238+N68*90.76+O68*438+P68*340.38+Q68*378.52+R68*404.81+S68*411.043+T68*412.45*0.005+U68*17.12+V68*18.08+W68*19.34+X68*234.12+K68*436.99+I68*367.03 -> 3097.2652 | L68: =O68*0.0282 -> 0 | M68: 5.12 | N68: =17.52/3 -> 5.84 | Q68: 3.563
C69: Dissipador de Energia c/Pedra de Mão tubo ø 1,50 | E69: =O69*0.846 -> 0 | F69: =A69*0.231+M69*0.1+O69*0.0588+P69*0.18+Q69*0.27+R69*0.33+T69*0.005*0.434 -> 2.41967 | G69: =A69*0.6447+M69*0.51+O69*0.396+P69*1.06+Q69*0.96+R69*0.921+T69*0.005*1.575 -> 9.95466 | H69: =A69*(0.777+0.45)+M69*(1.5)+P69*1.11+Q69*1.11+R69*1.11 -> 19.47531 | J69: =A69*306.45+M69*238+N69*90.76+O69*438+P69*340.38+Q69*378.52+R69*404.81+S69*411.043+T69*412.45*0.005+U69*17.12+V69*18.08+W69*19.34+X69*234.12+K69*436.99+I69*367.03 -> 4958.9663 | L69: =O69*0.0282 -> 0 | M69: 8.75 | N69: =23.5/3 -> 7.8333333 | Q69: 5.721
C70: ENSAIO DE ORÇAMENTO 1 | E70: =O70*0.846 -> 0 | F70: =A70*0.231+M70*0.1+O70*0.0588+P70*0.18+Q70*0.27+R70*0.33+T70*0.005*0.434 -> 0 | G70: =A70*0.6447+M70*0.51+O70*0.396+P70*1.06+Q70*0.96+R70*0.921+T70*0.005*1.575 -> 0 | H70: =A70*(0.777+0.45)+M70*(0.777+0.45)+P70*1.11+Q70*1.11+R70*1.11 -> 0 | J70: =A70*306.45+M70*238+N70*90.76+O70*438+P70*340.38+Q70*378.52+R70*404.81+S70*411.043+T70*412.45*0.005+U70*17.12+V70*18.08+W70*19.34+X70*234.12+K70*436.99+I70*367.03 -> 0 | L70: =O70*0.0282 -> 0
C71: ENSAIO DE ORÇAMENTO 2 | E71: =O71*0.846 -> 0 | F71: =A71*0.231+M71*0.1+O71*0.0588+P71*0.18+Q71*0.27+R71*0.33+T71*0.005*0.434 -> 0 | G71: =A71*0.6447+M71*0.51+O71*0.396+P71*1.06+Q71*0.96+R71*0.921+T71*0.005*1.575 -> 0 | H71: =A71*(0.777+0.45)+M71*(0.777+0.45)+P71*1.11+Q71*1.11+R71*1.11 -> 0 | J71: =A71*306.45+M71*238+N71*90.76+O71*438+P71*340.38+Q71*378.52+R71*404.81+S71*411.043+T71*412.45*0.005+U71*17.12+V71*18.08+W71*19.34+X71*234.12+K71*436.99+I71*367.03 -> 0 | L71: =O71*0.0282 -> 0
C72: ENSAIO DE ORÇAMENTO 3 | E72: =O72*0.846 -> 0 | F72: =A72*0.231+M72*0.1+O72*0.0588+P72*0.18+Q72*0.27+R72*0.33+T72*0.005*0.434 -> 0 | G72: =A72*0.6447+M72*0.51+O72*0.396+P72*1.06+Q72*0.96+R72*0.921+T72*0.005*1.575 -> 0 | H72: =A72*(0.777+0.45)+M72*(0.777+0.45)+P72*1.11+Q72*1.11+R72*1.11 -> 0 | J72: =A72*306.45+M72*238+N72*90.76+O72*438+P72*340.38+Q72*378.52+R72*404.81+S72*411.043+T72*412.45*0.005+U72*17.12+V72*18.08+W72*19.34+X72*234.12+K72*436.99+I72*367.03 -> 0 | L72: =O72*0.0282 -> 0
C73: ENSAIO DE ORÇAMENTO 4 | E73: =O73*0.846 -> 0 | F73: =A73*0.231+M73*0.1+O73*0.0588+P73*0.18+Q73*0.27+R73*0.33+T73*0.005*0.434 -> 0 | G73: =A73*0.6447+M73*0.51+O73*0.396+P73*1.06+Q73*0.96+R73*0.921+T73*0.005*1.575 -> 0 | H73: =A73*(0.777+0.45)+M73*(0.777+0.45)+P73*1.11+Q73*1.11+R73*1.11 -> 0 | J73: =A73*306.45+M73*238+N73*90.76+O73*438+P73*340.38+Q73*378.52+R73*404.81+S73*411.043+T73*412.45*0.005+U73*17.12+V73*18.08+W73*19.34+X73*234.12+K73*436.99+I73*367.03 -> 0 | L73: =O73*0.0282 -> 0
C74: ENSAIO DE ORÇAMENTO 5 | E74: =O74*0.846 -> 0 | F74: =A74*0.231+M74*0.1+O74*0.0588+P74*0.18+Q74*0.27+R74*0.33+T74*0.005*0.434 -> 0 | G74: =A74*0.6447+M74*0.51+O74*0.396+P74*1.06+Q74*0.96+R74*0.921+T74*0.005*1.575 -> 0 | H74: =A74*(0.777+0.45)+M74*(0.777+0.45)+P74*1.11+Q74*1.11+R74*1.11 -> 0 | J74: =A74*306.45+M74*238+N74*90.76+O74*438+P74*340.38+Q74*378.52+R74*404.81+S74*411.043+T74*412.45*0.005+U74*17.12+V74*18.08+W74*19.34+X74*234.12+K74*436.99+I74*367.03 -> 0 | L74: =O74*0.0282 -> 0
C75: ENSAIO DE ORÇAMENTO 6 | E75: =O75*0.846 -> 0 | F75: =A75*0.231+M75*0.1+O75*0.0588+P75*0.18+Q75*0.27+R75*0.33+T75*0.005*0.434 -> 0 | G75: =A75*0.6447+M75*0.51+O75*0.396+P75*1.06+Q75*0.96+R75*0.921+T75*0.005*1.575 -> 0 | H75: =A75*(0.777+0.45)+M75*(0.777+0.45)+P75*1.11+Q75*1.11+R75*1.11 -> 0 | J75: =A75*306.45+M75*238+N75*90.76+O75*438+P75*340.38+Q75*378.52+R75*404.81+S75*411.043+T75*412.45*0.005+U75*17.12+V75*18.08+W75*19.34+X75*234.12+K75*436.99+I75*367.03 -> 0 | L75: =O75*0.0282 -> 0
C76: ENSAIO DE ORÇAMENTO 7 | E76: =O76*0.846 -> 0 | F76: =A76*0.231+M76*0.1+O76*0.0588+P76*0.18+Q76*0.27+R76*0.33+T76*0.005*0.434 -> 0 | G76: =A76*0.6447+M76*0.51+O76*0.396+P76*1.06+Q76*0.96+R76*0.921+T76*0.005*1.575 -> 0 | H76: =A76*(0.777+0.45)+M76*(0.777+0.45)+P76*1.11+Q76*1.11+R76*1.11 -> 0 | J76: =A76*306.45+M76*238+N76*90.76+O76*438+P76*340.38+Q76*378.52+R76*404.81+S76*411.043+T76*412.45*0.005+U76*17.12+V76*18.08+W76*19.34+X76*234.12+K76*436.99+I76*367.03 -> 0 | L76: =O76*0.0282 -> 0
C77: ENSAIO DE ORÇAMENTO 8 | E77: =O77*0.846 -> 0 | F77: =A77*0.231+M77*0.1+O77*0.0588+P77*0.18+Q77*0.27+R77*0.33+T77*0.005*0.434 -> 0 | G77: =A77*0.6447+M77*0.51+O77*0.396+P77*1.06+Q77*0.96+R77*0.921+T77*0.005*1.575 -> 0 | H77: =A77*(0.777+0.45)+M77*(0.777+0.45)+P77*1.11+Q77*1.11+R77*1.11 -> 0 | J77: =A77*306.45+M77*238+N77*90.76+O77*438+P77*340.38+Q77*378.52+R77*404.81+S77*411.043+T77*412.45*0.005+U77*17.12+V77*18.08+W77*19.34+X77*234.12+K77*436.99+I77*367.03 -> 0 | L77: =O77*0.0282 -> 0
C78: ENSAIO DE ORÇAMENTO 9 | E78: =O78*0.846 -> 0 | F78: =A78*0.231+M78*0.1+O78*0.0588+P78*0.18+Q78*0.27+R78*0.33+T78*0.005*0.434 -> 0 | G78: =A78*0.6447+M78*0.51+O78*0.396+P78*1.06+Q78*0.96+R78*0.921+T78*0.005*1.575 -> 0 | H78: =A78*(0.777+0.45)+M78*(0.777+0.45)+P78*1.11+Q78*1.11+R78*1.11 -> 0 | J78: =A78*306.45+M78*238+N78*90.76+O78*438+P78*340.38+Q78*378.52+R78*404.81+S78*411.043+T78*412.45*0.005+U78*17.12+V78*18.08+W78*19.34+X78*234.12+K78*436.99+I78*367.03 -> 0 | L78: =O78*0.0282 -> 0
C79: ENSAIO DE ORÇAMENTO 10 | E79: =O79*0.846 -> 0 | F79: =A79*0.231+M79*0.1+O79*0.0588+P79*0.18+Q79*0.27+R79*0.33+T79*0.005*0.434 -> 0 | G79: =A79*0.6447+M79*0.51+O79*0.396+P79*1.06+Q79*0.96+R79*0.921+T79*0.005*1.575 -> 0 | H79: =A79*(0.777+0.45)+M79*(0.777+0.45)+P79*1.11+Q79*1.11+R79*1.11 -> 0 | J79: =A79*306.45+M79*238+N79*90.76+O79*438+P79*340.38+Q79*378.52+R79*404.81+S79*411.043+T79*412.45*0.005+U79*17.12+V79*18.08+W79*19.34+X79*234.12+K79*436.99+I79*367.03 -> 0 | L79: =O79*0.0282 -> 0
E80: =O80*0.846 -> 0 | F80: =A80*0.231+M80*0.1+O80*0.0588+P80*0.18+Q80*0.27+R80*0.33+T80*0.005*0.434 -> 0 | G80: =A80*0.6447+M80*0.51+O80*0.396+P80*1.06+Q80*0.96+R80*0.921+T80*0.005*1.575 -> 0 | H80: =A80*(0.777+0.45)+M80*(0.777+0.45)+P80*1.11+Q80*1.11+R80*1.11 -> 0 | J80: =A80*306.45+M80*238+N80*90.76+O80*438+P80*340.38+Q80*378.52+R80*404.81+S80*411.043+T80*412.45*0.005+U80*17.12+V80*18.08+W80*19.34+X80*234.12+K80*436.99+I80*367.03 -> 0 | L80: =O80*0.0282 -> 0
E81: =O81*0.846 -> 0 | F81: =A81*0.231+M81*0.1+O81*0.0588+P81*0.18+Q81*0.27+R81*0.33+T81*0.005*0.434 -> 0 | G81: =A81*0.6447+M81*0.51+O81*0.396+P81*1.06+Q81*0.96+R81*0.921+T81*0.005*1.575 -> 0 | H81: =A81*(0.777+0.45)+M81*(0.777+0.45)+P81*1.11+Q81*1.11+R81*1.11 -> 0 | J81: =A81*306.45+M81*238+N81*90.76+O81*438+P81*340.38+Q81*378.52+R81*404.81+S81*411.043+T81*412.45*0.005+U81*17.12+V81*18.08+W81*19.34+X81*234.12+K81*436.99+I81*367.03 -> 0 | L81: =O81*0.0282 -> 0
E82: =O82*0.846 -> 0 | F82: =A82*0.231+M82*0.1+O82*0.0588+P82*0.18+Q82*0.27+R82*0.33+T82*0.005*0.434 -> 0 | G82: =A82*0.6447+M82*0.51+O82*0.396+P82*1.06+Q82*0.96+R82*0.921+T82*0.005*1.575 -> 0 | H82: =A82*(0.777+0.45)+M82*(0.777+0.45)+P82*1.11+Q82*1.11+R82*1.11 -> 0 | J82: =A82*306.45+M82*238+N82*90.76+O82*438+P82*340.38+Q82*378.52+R82*404.81+S82*411.043+T82*412.45*0.005+U82*17.12+V82*18.08+W82*19.34+X82*234.12+K82*436.99+I82*367.03 -> 0 | L82: =O82*0.0282 -> 0
K83: K | L83: l. | M83: M | N83: N | O83: O | P83: P | Q83: Q | R83: R | S83: S | T83: T | U83: U | V83: V | W83: W | X83: X

Sheet orc DER JAN 2021
A1: Cartilha | L1: cartilha | R1: cartilha | U1: cartilha
A2: ORÇAMENTO COMPARATIVO DE PAVIMENTAÇÃO PELA TABELA | B2: ORÇAMENTO COMPARATIVO DE PAVIMENTAÇÃO PELA TABELA | F2: DER janeiro 2021 (Ligantes maio/2021)
D3: Anexo | F3: Anexo | L3: Anexo | R3: Anexo
A4: x | B4: x | D4: ESCRITÓRIO REGIONAL | E4: : | F4: CURITIBA
A5: x | B5: x | D5: SUBPROJETO | E5: : | F5: PAVIMENTAÇÃO
A6: x | B6: x | D6: PROTOCOLO | E6: :
A7: x | B7: x | D7: ARQ Nº | E7: :
D8: LOCAL | E8: : | F8: PIÊN
D9: BDI (%) - BETUMES | E9: : | F9: =IF(BDI!B17<0,0,BDI!B17) -> 0.1838
D10: BDI (%) - SERVIÇOS | E10: : | F10: =BDI!B15 -> 0.2171
D11: ENSAIOS (%) | E11: :
A12: PLANILHA DE SERVIÇOS - PAVIMENTAÇÃO | B12: PLANILHA DE SERVIÇOS - PAVIMENTAÇÃO
A13: Município: | B13: Município: | D13: PIÊN | F13: SAM | G13: 58 | U13: SAM | V13: 58
B14: Projeto: | D14: PAVIMENTAÇÃO VIA URBANA | F14: LOTE | G14: 1 | U14: LOTE nº | V14: 1
B15: Local da Obra: | D15: ESTRADA MUNICIPAL KO-002 - TRECHO 1
B16: Código | C16: Origem | D16: DESCRIÇÃO DOS SERVIÇOS | F16: DMT | G16: CONSUMO | H16: CUSTOS UNITÁRIOS - ( R$ ) | L16: UD | M16: PROJETO ORIGINAL | R16: ORÇAMENTO APROVADO | W16: IMPRIMIR
A17: CÓDIGO DE BUSCA | F17: km | G17: ( ton ) | H17: TRANSP | I17: EXEC. | J17: S/BDI | K17: C/BDI | M17: QUANT | N17: UNIT | O17: Paranacidade ( R$ ) | P17: ( R$ ) - PM | Q17: ( R$ ) - PM TOTAIS | R17: QUANT | S17: UNIT | T17: Paranacidade ( R$ ) | U17: ( R$ ) - PM | V17: ( R$ ) - PM TOTAIS | W17: ITENS | X17: Arquivo | Y17: ANEXO | Z17: Cartilha
A18: 1 | B18: 1 | D18: SERVIÇOS PRELIMINARES | Q18: =SUM(P19:P67) -> 6203.62 | V18: =SUM(U19:U67) -> 6097.39 | W18: =IF(OR(Q18>0,V18>0),"X","") -> X | X18: =IF(W18="X","x",IF(W18="xx","x",IF(W18="xy","x",IF(W18="y","x",IF(OR(P18>0,U18>0),"x",""))))) -> x | Y18: =IF(W18="X","x",IF(W18="y","x",IF(W18="xx","x",IF(U18>0,"x","")))) -> x | Z18: =IF(W18="X","x",IF(U18>0,"x","")) -> x
A19: 831000 | B19: 831000A | C19: DER | D19: Construção de Cerca 4 fios c/ mourões de concreto | H19: 0 | I19: 35.38 | J19: =IF(ISBLANK(I19),"",SUM(H19:I19)) -> 35.38 | K19: =IF(ISBLANK(I19),0,ROUND(J19*(1+$F$10)*(1+$F$11*E19),2)) -> 43.06 | L19: m | O19: =IF(ISBLANK(M19),0,ROUND(K19*M19,2)) -> 0 | P19: =IF(ISBLANK(N19),0,ROUND(M19*N19,2)) -> 0 | R19: =M19 -> 0 | S19: =N19 -> 0 | T19: =IF(ISBLANK(R19),0,ROUND(K19*R19,2)) -> 0 | U19: =IF(ISBLANK(R19),0,ROUND(R19*S19,2)) -> 0 | X19: =IF(W19="X","x",IF(W19="xx","x",IF(W19="xy","x",IF(W19="y","x",IF(OR(P19>0,U19>0),"x",""))))) | Y19: =IF(W19="X","x",IF(W19="y","x",IF(W19="xx","x",IF(U19>0,"x","")))) | Z19: =IF(W19="X","x",IF(U19>0,"x",""))
A20: 830000 | B20: 830000A | C20: DER | D20: Construção de Cerca 4 fios c/ mourões de madeira | H20: 0 | I20: 26.82 | J20: =IF(ISBLANK(I20),"",SUM(H20:I20)) -> 26.82 | K20: =IF(ISBLANK(I20),0,ROUND(J20*(1+$F$10)*(1+$F$11*E20),2)) -> 32.64 | L20: m | O20: =IF(ISBLANK(M20),0,ROUND(K20*M20,2)) -> 0 | P20: =IF(ISBLANK(N20),0,ROUND(M20*N20,2)) -> 0 | R20: =M20 -> 0 | S20: =N20 -> 0 | T20: =IF(ISBLANK(R20),0,ROUND(K20*R20,2)) -> 0 | U20: =IF(ISBLANK(R20),0,ROUND(R20*S20,2)) -> 0 | X20: =IF(W20="X","x",IF(W20="xx","x",IF(W20="xy","x",IF(W20="y","x",IF(OR(P20>0,U20>0),"x",""))))) | Y20: =IF(W20="X","x",IF(W20="y","x",IF(W20="xx","x",IF(U20>0,"x","")))) | Z20: =IF(W20="X","x",IF(U20>0,"x",""))
A21: 606600 | B21: 606600A | C21: DER | D21: Demolição de Concreto Armado | I21: 259.06 | J21: =IF(ISBLANK(I21),"",SUM(H21:I21)) -> 259.06 | K21: =IF(ISBLANK(I21),0,ROUND(J21*(1+$F$10)*(1+$F$11*E21),2)) -> 315.3 | L21: m3 | O21: =IF(ISBLANK(M21),0,ROUND(K21*M21,2)) -> 0 | P21: =IF(ISBLANK(N21),0,ROUND(M21*N21,2)) -> 0 | R21: =M21 -> 0 | S21: =N21 -> 0 | T21: =IF(ISBLANK(R21),0,ROUND(K21*R21,2)) -> 0 | U21: =IF(ISBLANK(R21),0,ROUND(R21*S21,2)) -> 0 | X21: =IF(W21="X","x",IF(W21="xx","x",IF(W21="xy","x",IF(W21="y","x",IF(OR(P21>0,U21>0),"x",""))))) | Y21: =IF(W21="X","x",IF(W21="y","x",IF(W21="xx","x",IF(U21>0,"x","")))) | Z21: =IF(W21="X","x",IF(U21>0,"x",""))
A22: 606700 | B22: 606700A | C22: DER | D22: Demolição de Concreto Símples | I22: 123.85 | J22: =IF(ISBLANK(I22),"",SUM(H22:I22)) -> 123.85 | K22: =IF(ISBLANK(I22),0,ROUND(J22*(1+$F$10)*(1+$F$11*E22),2)) -> 150.74 | L22: m3 | M22: 2.4 | N22: 153.36 | O22: =IF(ISBLANK(M22),0,ROUND(K22*M22,2)) -> 361.78 | P22: =IF(ISBLANK(N22),0,ROUND(M22*N22,2)) -> 368.06 | R22: =M22 -> 2.4 | S22: =K22 -> 150.74 | T22: =IF(ISBLANK(R22),0,ROUND(K22*R22,2)) -> 361.78 | U22: =IF(ISBLANK(R22),0,ROUND(R22*S22,2)) -> 361.78 | X22: =IF(W22="X","x",IF(W22="xx","x",IF(W22="xy","x",IF(W22="y","x",IF(OR(P22>0,U22>0),"x",""))))) -> x | Y22: =IF(W22="X","x",IF(W22="y","x",IF(W22="xx","x",IF(U22>0,"x","")))) -> x | Z22: =IF(W22="X","x",IF(U22>0,"x","")) -> x
A23: 512000 | B23: 512000 | C23: DER | D23: Demolição Manual de Pavimento e Transporte | F23: 1 | G23: 1.86 | H23: =IF(F23<=30,(0.7*F23+1.45)*G23,((0.7*30+1.45)+0.58*(F23-30))*G23) -> 3.999 | I23: 50.5 | J23: =IF(ISBLANK(I23),"",SUM(H23:I23)) -> 54.499 | K23: =IF(ISBLANK(I23),0,ROUND(J23*(1+$F$10)*(1+$F$11*E23),2)) -> 66.33 | L23: m3 | O23: =IF(ISBLANK(M23),0,ROUND(K23*M23,2)) -> 0 | P23: =IF(ISBLANK(N23),0,ROUND(M23*N23,2)) -> 0 | R23: =M23 -> 0 | S23: =N23 -> 0 | T23: =IF(ISBLANK(R23),0,ROUND(K23*R23,2)) -> 0 | U23: =IF(ISBLANK(R23),0,ROUND(R23*S23,2)) -> 0 | X23: =IF(W23="X","x",IF(W23="xx","x",IF(W23="xy","x",IF(W23="y","x",IF(OR(P23>0,U23>0),"x",""))))) | Y23: =IF(W23="X","x",IF(W23="y","x",IF(W23="xx","x",IF(U23>0,"x","")))) | Z23: =IF(W23="X","x",IF(U23>0,"x",""))
A24: 512050 | B24: 512050 | C24: DER | D24: Demolição Mecânica de Pavimento e Transporte | F24: 1 | G24: 1.86 | H24: =IF(F24<=30,(0.7*F24+1.45)*G24,((0.7*30+1.45)+0.58*(F24-30))*G24) -> 3.999 | I24: 33.1 | J24: =IF(ISBLANK(I24),"",SUM(H24:I24)) -> 37.099 | K24: =IF(ISBLANK(I24),0,ROUND(J24*(1+$F$10)*(1+$F$11*E24),2)) -> 45.15 | L24: m3 | M24: 6.88 | N24: 45.94 | O24: =IF(ISBLANK(M24),0,ROUND(K24*M24,2)) -> 310.63 | P24: =IF(ISBLANK(N24),0,ROUND(M24*N24,2)) -> 316.07 | R24: =M24 -> 6.88 | S24: =K24 -> 45.15 | T24: =IF(ISBLANK(R24),0,ROUND(K24*R24,2)) -> 310.63 | U24: =IF(ISBLANK(R24),0,ROUND(R24*S24,2)) -> 310.63 | X24: =IF(W24="X","x",IF(W24="xx","x",IF(W24="xy","x",IF(W24="y","x",IF(OR(P24>0,U24>0),"x",""))))) -> x | Y24: =IF(W24="X","x",IF(W24="y","x",IF(W24="xx","x",IF(U24>0,"x","")))) -> x | Z24: =IF(W24="X","x",IF(U24>0,"x","")) -> x
A25: 810250 | B25: 810250A | C25: DER | D25: Fincadinha de concreto - (9x19x39cm-0,0171m3/m) | F25: 10 | G25: =ROUND(0.017*2.34,4) -> 0.0398 | H25: =IF(F25<=30,(0.7*F25+1.45)*G25,((0.7*30+1.45)+0.58*(F25-30))*G25) -> 0.33631 | I25: 16.496432 | J25: =IF(ISBLANK(I25),"",SUM(H25:I25)) -> 16.832742 | K25: =IF(ISBLANK(I25),0,ROUND(J25*(1+$F$10)*(1+$F$11*E25),2)) -> 20.49 | L25: m | O25: =IF(ISBLANK(M25),0,ROUND(K25*M25,2)) -> 0 | P25: =IF(ISBLANK(N25),0,ROUND(M25*N25,2)) -> 0 | R25: =M25 -> 0 | S25: =N25 -> 0 | T25: =IF(ISBLANK(R25),0,ROUND(K25*R25,2)) -> 0 | U25: =IF(ISBLANK(R25),0,ROUND(R25*S25,2)) -> 0 | X25: =IF(W25="X","x",IF(W25="xx","x",IF(W25="xy","x",IF(W25="y","x",IF(OR(P25>0,U25>0),"x",""))))) | Y25: =IF(W25="X","x",IF(W25="y","x",IF(W25="xx","x",IF(U25>0,"x","")))) | Z25: =IF(W25="X","x",IF(U25>0,"x",""))
A26: 810250 | B26: 810250B | C26: DER | D26: Fincadinha de concreto - (5x22,5x45cm-0,01125m3/m) | F26: 10 | G26: =ROUND(0.01125*2.34,4) -> 0.0263 | H26: =IF(F26<=30,(0.7*F26+1.45)*G26,((0.7*30+1.45)+0.58*(F26-30))*G26) -> 0.222235 | I26: 10.852864 | J26: =IF(ISBLANK(I26),"",SUM(H26:I26)) -> 11.075099 | K26: =IF(ISBLANK(I26),0,ROUND(J26*(1+$F$10)*(1+$F$11*E26),2)) -> 13.48 | L26: m | O26: =IF(ISBLANK(M26),0,ROUND(K26*M26,2)) -> 0 | P26: =IF(ISBLANK(N26),0,ROUND(M26*N26,2)) -> 0 | R26: =M26 -> 0 | S26: =N26 -> 0 | T26: =IF(ISBLANK(R26),0,ROUND(K26*R26,2)) -> 0 | U26: =IF(ISBLANK(R26),0,ROUND(R26*S26,2)) -> 0 | X26: =IF(W26="X","x",IF(W26="xx","x",IF(W26="xy","x",IF(W26="y","x",IF(OR(P26>0,U26>0),"x",""))))) | Y26: =IF(W26="X","x",IF(W26="y","x",IF(W26="xx","x",IF(U26>0,"x","")))) | Z26: =IF(W26="X","x",IF(U26>0,"x",""))
A27: 810250 | B27: 810250C | C27: DER | D27: Fincadinha de concreto moldada in loco- (7x20cm-0,014m3/m) | F27: 10 | G27: =ROUND(0.014*2.34,4) -> 0.0328 | H27: =IF(F27<=30,(0.7*F27+1.45)*G27,((0.7*30+1.45)+0.58*(F27-30))*G27) -> 0.27716 | I27: 13.505892 | J27: =IF(ISBLANK(I27),"",SUM(H27:I27)) -> 13.783052 | K27: =IF(ISBLANK(I27),0,ROUND(J27*(1+$F$10)*(1+$F$11*E27),2)) -> 16.78 | L27: m | O27: =IF(ISBLANK(M27),0,ROUND(K27*M27,2)) -> 0 | P27: =IF(ISBLANK(N27),0,ROUND(M27*N27,2)) -> 0 | R27: =M27 -> 0 | S27: =N27 -> 0 | T27: =IF(ISBLANK(R27),0,ROUND(K27*R27,2)) -> 0 | U27: =IF(ISBLANK(R27),0,ROUND(R27*S27,2)) -> 0 | X27: =IF(W27="X","x",IF(W27="xx","x",IF(W27="xy","x",IF(W27="y","x",IF(OR(P27>0,U27>0),"x",""))))) | Y27: =IF(W27="X","x",IF(W27="y","x",IF(W27="xx","x",IF(U27>0,"x","")))) | Z27: =IF(W27="X","x",IF(U27>0,"x",""))
A28: PAI-17 | B28: PAI-17A | C28: PM curitiba | D28: Fincadinha de Granito - (8x15cm-0,012m3/m) | F28: 10 | G28: =ROUND(0.012*1.8,4) -> 0.0216 | H28: =IF(F28<=30,(0.7*F28+1.45)*G28,((0.7*30+1.45)+0.58*(F28-30))*G28) -> 0.18252 | I28: 41.73 | J28: =IF(ISBLANK(I28),"",SUM(H28:I28)) -> 41.91252 | K28: =IF(ISBLANK(I28),0,ROUND(J28*(1+$F$10)*(1+$F$11*E28),2)) -> 51.01 | L28: m | O28: =IF(ISBLANK(M28),0,ROUND(K28*M28,2)) -> 0 | P28: =IF(ISBLANK(N28),0,ROUND(M28*N28,2)) -> 0 | R28: =M28 -> 0 | S28: =N28 -> 0 | T28: =IF(ISBLANK(R28),0,ROUND(K28*R28,2)) -> 0 | U28: =IF(ISBLANK(R28),0,ROUND(R28*S28,2)) -> 0 | X28: =IF(W28="X","x",IF(W28="xx","x",IF(W28="xy","x",IF(W28="y","x",IF(OR(P28>0,U28>0),"x",""))))) | Y28: =IF(W28="X","x",IF(W28="y","x",IF(W28="xx","x",IF(U28>0,"x","")))) | Z28: =IF(W28="X","x",IF(U28>0,"x",""))
A29: 600310 | B29: 600310A | C29: DER | D29: Limpeza de bueiro | I29: 113.81 | J29: =IF(ISBLANK(I29),"",SUM(H29:I29)) -> 113.81 | K29: =IF(ISBLANK(I29),0,ROUND(J29*(1+$F$10)*(1+$F$11*E29),2)) -> 138.52 | L29: un | O29: =IF(ISBLANK(M29),0,ROUND(K29*M29,2)) -> 0 | P29: =IF(ISBLANK(N29),0,ROUND(M29*N29,2)) -> 0 | R29: =M29 -> 0 | S29: =N29 -> 0 | T29: =IF(ISBLANK(R29),0,ROUND(K29*R29,2)) -> 0 | U29: =IF(ISBLANK(R29),0,ROUND(R29*S29,2)) -> 0 | X29: =IF(W29="X","x",IF(W29="xx","x",IF(W29="xy","x",IF(W29="y","x",IF(OR(P29>0,U29>0),"x",""))))) | Y29: =IF(W29="X","x",IF(W29="y","x",IF(W29="xx","x",IF(U29>0,"x","")))) | Z29: =IF(W29="X","x",IF(U29>0,"x",""))
A30: 800900 | B30: 800900A | C30: DER | D30: Limpeza e lavagem de sinalização vertical | I30: 9.91 | J30: =IF(ISBLANK(I30),"",SUM(H30:I30)) -> 9.91 | K30: =IF(ISBLANK(I30),0,ROUND(J30*(1+$F$10)*(1+$F$11*E30),2)) -> 12.06 | L30: m2 | O30: =IF(ISBLANK(M30),0,ROUND(K30*M30,2)) -> 0 | P30: =IF(ISBLANK(N30),0,ROUND(M30*N30,2)) -> 0 | R30: =M30 -> 0 | S30: =N30 -> 0 | T30: =IF(ISBLANK(R30),0,ROUND(K30*R30,2)) -> 0 | U30: =IF(ISBLANK(R30),0,ROUND(R30*S30,2)) -> 0 | X30: =IF(W30="X","x",IF(W30="xx","x",IF(W30="xy","x",IF(W30="y","x",IF(OR(P30>0,U30>0),"x",""))))) | Y30: =IF(W30="X","x",IF(W30="y","x",IF(W30="xx","x",IF(U30>0,"x","")))) | Z30: =IF(W30="X","x",IF(U30>0,"x",""))
A31: 801100 | B31: 801100A | C31: DER | D31: Limpeza e pintura de abrigo de ônibus | I31: 13.91 | J31: =IF(ISBLANK(I31),"",SUM(H31:I31)) -> 13.91 | K31: =IF(ISBLANK(I31),0,ROUND(J31*(1+$F$10)*(1+$F$11*E31),2)) -> 16.93 | L31: m2 | O31: =IF(ISBLANK(M31),0,ROUND(K31*M31,2)) -> 0 | P31: =IF(ISBLANK(N31),0,ROUND(M31*N31,2)) -> 0 | R31: =M31 -> 0 | S31: =N31 -> 0 | T31: =IF(ISBLANK(R31),0,ROUND(K31*R31,2)) -> 0 | U31: =IF(ISBLANK(R31),0,ROUND(R31*S31,2)) -> 0 | X31: =IF(W31="X","x",IF(W31="xx","x",IF(W31="xy","x",IF(W31="y","x",IF(OR(P31>0,U31>0),"x",""))))) | Y31: =IF(W31="X","x",IF(W31="y","x",IF(W31="xx","x",IF(U31>0,"x","")))) | Z31: =IF(W31="X","x",IF(U31>0,"x",""))
A32: 600510 | B32: 600510A | C32: DER | D32: Limpeza e pintura de meio fio | I32: 1.88 | J32: =IF(ISBLANK(I32),"",SUM(H32:I32)) -> 1.88 | K32: =IF(ISBLANK(I32),0,ROUND(J32*(1+$F$10)*(1+$F$11*E32),2)) -> 2.29 | L32: m | O32: =IF(ISBLANK(M32),0,ROUND(K32*M32,2)) -> 0 | P32: =IF(ISBLANK(N32),0,ROUND(M32*N32,2)) -> 0 | R32: =M32 -> 0 | S32: =N32 -> 0 | T32: =IF(ISBLANK(R32),0,ROUND(K32*R32,2)) -> 0 | U32: =IF(ISBLANK(R32),0,ROUND(R32*S32,2)) -> 0 | X32: =IF(W32="X","x",IF(W32="xx","x",IF(W32="xy","x",IF(W32="y","x",IF(OR(P32>0,U32>0),"x",""))))) | Y32: =IF(W32="X","x",IF(W32="y","x",IF(W32="xx","x",IF(U32>0,"x","")))) | Z32: =IF(W32="X","x",IF(U32>0,"x",""))
A33: 74209/1 | B33: 74209/1 | C33: Orçacivil | D33: PLACA DE OBRA 4,00 X 2,00 M, EM CHAPA DE ACO GALVANIZADO, INCLUSIVE ARMAÇÃO EM MADEIRA E PONTALETES | I33: 3199.34 | J33: =IF(ISBLANK(I33),"",SUM(H33:I33)) -> 3199.34 | K33: =IF(ISBLANK(I33),0,ROUND(J33*(1+$F$10)*(1+$F$11*E33),2)) -> 3893.92 | L33: un | O33: =IF(ISBLANK(M33),0,ROUND(K33*M33,2)) -> 0 | P33: =IF(ISBLANK(N33),0,ROUND(M33*N33,2)) -> 0 | R33: =M33 -> 0 | S33: =N33 -> 0 | T33: =IF(ISBLANK(R33),0,ROUND(K33*R33,2)) -> 0 | U33: =IF(ISBLANK(R33),0,ROUND(R33*S33,2)) -> 0 | X33: =IF(W33="X","x",IF(W33="xx","x",IF(W33="xy","x",IF(W33="y","x",IF(OR(P33>0,U33>0),"x",""))))) | Y33: =IF(W33="X","x",IF(W33="y","x",IF(W33="xx","x",IF(U33>0,"x","")))) | Z33: =IF(W33="X","x",IF(U33>0,"x",""))
A34: composição | B34: COMPOSIÇÃO1 | C34: Orçacivil | D34: PLACA DE OBRA TIPO BANNER, 4,00 X 2,00 M, EM QUADRO DE METALON 20 X 20 MM E LONA 360 G, COM IMPRESSÃO DIGITAL, FIXADA EM ESTRUTURA DE MADEIRA. | I34: 1752.27 | J34: =IF(ISBLANK(I34),"",SUM(H34:I34)) -> 1752.27 | K34: =IF(ISBLANK(I34),0,ROUND(J34*(1+$F$10)*(1+$F$11*E34),2)) -> 2132.69 | L34: un | M34: 1 | N34: 2169.84 | O34: =IF(ISBLANK(M34),0,ROUND(K34*M34,2)) -> 2132.69 | P34: =IF(ISBLANK(N34),0,ROUND(M34*N34,2)) -> 2169.84 | R34: =M34 -> 1 | S34: =K34 -> 2132.69 | T34: =IF(ISBLANK(R34),0,ROUND(K34*R34,2)) -> 2132.69 | U34: =IF(ISBLANK(R34),0,ROUND(R34*S34,2)) -> 2132.69 | X34: =IF(W34="X","x",IF(W34="xx","x",IF(W34="xy","x",IF(W34="y","x",IF(OR(P34>0,U34>0),"x",""))))) -> x | Y34: =IF(W34="X","x",IF(W34="y","x",IF(W34="xx","x",IF(U34>0,"x","")))) -> x | Z34: =IF(W34="X","x",IF(U34>0,"x","")) -> x
A35: 73916/2 | B35: 73916/2 | C35: Orçacivil | D35: PLACA ESMALTADA PARA IDENTIFICAÇÃO NR DE RUA, DIMENSÕES 45X25CM | I35: 112.45 | J35: =IF(ISBLANK(I35),"",SUM(H35:I35)) -> 112.45 | K35: =IF(ISBLANK(I35),0,ROUND(J35*(1+$F$10)*(1+$F$11*E35),2)) -> 136.86 | L35: un | O35: =IF(ISBLANK(M35),0,ROUND(K35*M35,2)) -> 0 | P35: =IF(ISBLANK(N35),0,ROUND(M35*N35,2)) -> 0 | R35: =M35 -> 0 | S35: =N35 -> 0 | T35: =IF(ISBLANK(R35),0,ROUND(K35*R35,2)) -> 0 | U35: =IF(ISBLANK(R35),0,ROUND(R35*S35,2)) -> 0 | X35: =IF(W35="X","x",IF(W35="xx","x",IF(W35="xy","x",IF(W35="y","x",IF(OR(P35>0,U35>0),"x",""))))) | Y35: =IF(W35="X","x",IF(W35="y","x",IF(W35="xx","x",IF(U35>0,"x","")))) | Z35: =IF(W35="X","x",IF(U35>0,"x",""))
A36: 841000 | B36: 841000A | C36: DER | D36: Remoção de cercas | I36: 10.57 | J36: =IF(ISBLANK(I36),"",SUM(H36:I36)) -> 10.57 | K36: =IF(ISBLANK(I36),0,ROUND(J36*(1+$F$10)*(1+$F$11*E36),2)) -> 12.86 | L36: m | O36: =IF(ISBLANK(M36),0,ROUND(K36*M36,2)) -> 0 | P36: =IF(ISBLANK(N36),0,ROUND(M36*N36,2)) -> 0 | R36: =M36 -> 0 | S36: =N36 -> 0 | T36: =IF(ISBLANK(R36),0,ROUND(K36*R36,2)) -> 0 | U36: =IF(ISBLANK(R36),0,ROUND(R36*S36,2)) -> 0 | X36: =IF(W36="X","x",IF(W36="xx","x",IF(W36="xy","x",IF(W36="y","x",IF(OR(P36>0,U36>0),"x",""))))) | Y36: =IF(W36="X","x",IF(W36="y","x",IF(W36="xx","x",IF(U36>0,"x","")))) | Z36: =IF(W36="X","x",IF(U36>0,"x",""))
A37: 840000 | B37: 840000A | C37: DER | D37: Remoção e recolocação de cercas de arame | I37: 29.17 | J37: =IF(ISBLANK(I37),"",SUM(H37:I37)) -> 29.17 | K37: =IF(ISBLANK(I37),0,ROUND(J37*(1+$F$10)*(1+$F$11*E37),2)) -> 35.5 | L37: m | M37: 82 | N37: 36.12 | O37: =IF(ISBLANK(M37),0,ROUND(K37*M37,2)) -> 2911 | P37: =IF(ISBLANK(N37),0,ROUND(M37*N37,2)) -> 2961.84 | R37: =M37 -> 82 | S37: =K37 -> 35.5 | T37: =IF(ISBLANK(R37),0,ROUND(K37*R37,2)) -> 2911 | U37: =IF(ISBLANK(R37),0,ROUND(R37*S37,2)) -> 2911 | X37: =IF(W37="X","x",IF(W37="xx","x",IF(W37="xy","x",IF(W37="y","x",IF(OR(P37>0,U37>0),"x",""))))) -> x | Y37: =IF(W37="X","x",IF(W37="y","x",IF(W37="xx","x",IF(U37>0,"x","")))) -> x | Z37: =IF(W37="X","x",IF(U37>0,"x","")) -> x
A38: 100981 | B38: 100981 | C38: SINAPI | D38: Remoção manual de entulho | I38: 6.09 | J38: =IF(ISBLANK(I38),"",SUM(H38:I38)) -> 6.09 | K38: =IF(ISBLANK(I38),0,ROUND(J38*(1+$F$10)*(1+$F$11*E38),2)) -> 7.41 | L38: m3 | O38: =IF(ISBLANK(M38),0,ROUND(K38*M38,2)) -> 0 | P38: =IF(ISBLANK(N38),0,ROUND(M38*N38,2)) -> 0 | R38: =M38 -> 0 | S38: =N38 -> 0 | T38: =IF(ISBLANK(R38),0,ROUND(K38*R38,2)) -> 0 | U38: =IF(ISBLANK(R38),0,ROUND(R38*S38,2)) -> 0 | X38: =IF(W38="X","x",IF(W38="xx","x",IF(W38="xy","x",IF(W38="y","x",IF(OR(P38>0,U38>0),"x",""))))) | Y38: =IF(W38="X","x",IF(W38="y","x",IF(W38="xx","x",IF(U38>0,"x","")))) | Z38: =IF(W38="X","x",IF(U38>0,"x",""))
A39: 97623 | B39: 97623A | C39: SINAPI | D39: DEMOLIÇÃO DE ALVENARIA DE TIJOLO COM REAPROVEITAMENTO. | I39: 155.36 | J39: =IF(ISBLANK(I39),"",SUM(H39:I39)) -> 155.36 | K39: =IF(ISBLANK(I39),0,ROUND(J39*(1+$F$10)*(1+$F$11*E39),2)) -> 189.09 | L39: m3 | O39: =IF(ISBLANK(M39),0,ROUND(K39*M39,2)) -> 0 | P39: =IF(ISBLANK(N39),0,ROUND(M39*N39,2)) -> 0 | R39: =M39 -> 0 | S39: =N39 -> 0 | T39: =IF(ISBLANK(R39),0,ROUND(K39*R39,2)) -> 0 | U39: =IF(ISBLANK(R39),0,ROUND(R39*S39,2)) -> 0 | X39: =IF(W39="X","x",IF(W39="xx","x",IF(W39="xy","x",IF(W39="y","x",IF(OR(P39>0,U39>0),"x",""))))) | Y39: =IF(W39="X","x",IF(W39="y","x",IF(W39="xx","x",IF(U39>0,"x","")))) | Z39: =IF(W39="X","x",IF(U39>0,"x",""))
A40: 97624 | B40: 97624A | C40: SINAPI | D40: DEMOLIÇÃO DE ALVENARIA DE TIJOLO SEM APROVEITAMENTO | I40: 95.35 | J40: =IF(ISBLANK(I40),"",SUM(H40:I40)) -> 95.35 | K40: =IF(ISBLANK(I40),0,ROUND(J40*(1+$F$10)*(1+$F$11*E40),2)) -> 116.05 | L40: m3 | O40: =IF(ISBLANK(M40),0,ROUND(K40*M40,2)) -> 0 | P40: =IF(ISBLANK(N40),0,ROUND(M40*N40,2)) -> 0 | R40: =M40 -> 0 | S40: =N40 -> 0 | T40: =IF(ISBLANK(R40),0,ROUND(K40*R40,2)) -> 0 | U40: =IF(ISBLANK(R40),0,ROUND(R40*S40,2)) -> 0 | X40: =IF(W40="X","x",IF(W40="xx","x",IF(W40="xy","x",IF(W40="y","x",IF(OR(P40>0,U40>0),"x",""))))) | Y40: =IF(W40="X","x",IF(W40="y","x",IF(W40="xx","x",IF(U40>0,"x","")))) | Z40: =IF(W40="X","x",IF(U40>0,"x",""))
A41: 606500 | B41: 606500A | C41: DER | D41: Demolição de Alvenaria | I41: 154.16 | J41: =IF(ISBLANK(I41),"",SUM(H41:I41)) -> 154.16 | K41: =IF(ISBLANK(I41),0,ROUND(J41*(1+$F$10)*(1+$F$11*E41),2)) -> 187.63 | L41: m3 | O41: =IF(ISBLANK(M41),0,ROUND(K41*M41,2)) -> 0 | P41: =IF(ISBLANK(N41),0,ROUND(M41*N41,2)) -> 0 | R41: =M41 -> 0 | S41: =N41 -> 0 | T41: =IF(ISBLANK(R41),0,ROUND(K41*R41,2)) -> 0 | U41: =IF(ISBLANK(R41),0,ROUND(R41*S41,2)) -> 0 | X41: =IF(W41="X","x",IF(W41="xx","x",IF(W41="xy","x",IF(W41="y","x",IF(OR(P41>0,U41>0),"x",""))))) | Y41: =IF(W41="X","x",IF(W41="y","x",IF(W41="xx","x",IF(U41>0,"x","")))) | Z41: =IF(W41="X","x",IF(U41>0,"x",""))
D42: SERVIÇOS EXTRAS - SERVIÇOS PRELIMINARES | W42: =IF(OR(SUM(P43:P67)>0,SUM(U43:U67)>0),"y","") -> y | X42: =IF(W42="X","x",IF(W42="xx","x",IF(W42="xy","x",IF(W42="y","x",IF(OR(P42>0,U42>0),"x",""))))) -> x | Y42: =IF(W42="X","x",IF(W42="y","x",IF(W42="xx","x",IF(U42>0,"x","")))) -> x | Z42: =IF(W42="X","x",IF(U42>0,"x",""))
A43: 43647 | B43: PAI-023 | C43: PM Curitiba | D43: Arrancamento de bloco sextavado de concreto | I43: 9.12 | J43: 9.12 | K43: =IF(ISBLANK(J43),0,ROUND(J43*(1+$F$10)*(1+$F$11*E43),2)) -> 11.1 | L43: m2 | N43: 11.1 | O43: =IF(ISBLANK(M43),0,ROUND(K43*M43,2)) -> 0 | P43: =IF(ISBLANK(N43),0,ROUND(M43*N43,2)) -> 0 | R43: =M43 -> 0 | S43: =N43 -> 11.1 | T43: =IF(ISBLANK(R43),0,ROUND(K43*R43,2)) -> 0 | U43: =IF(ISBLANK(R43),0,ROUND(R43*S43,2)) -> 0 | X43: =IF(W43="X","x",IF(W43="xx","x",IF(W43="xy","x",IF(W43="y","x",IF(OR(P43>0,U43>0),"x",""))))) | Y43: =IF(W43="X","x",IF(W43="y","x",IF(W43="xx","x",IF(U43>0,"x","")))) | Z43: =IF(W43="X","x",IF(U43>0,"x",""))
A44: 43647 | B44: PAI-025 | C44: PM Curitiba | D44: Arrancamento de Pedra Irregular | I44: 9.12 | J44: 9.12 | K44: =IF(ISBLANK(J44),0,ROUND(J44*(1+$F$10)*(1+$F$11*E44),2)) -> 11.1 | L44: m2 | N44: 11.1 | O44: =IF(ISBLANK(M44),0,ROUND(K44*M44,2)) -> 0 | P44: =IF(ISBLANK(N44),0,ROUND(M44*N44,2)) -> 0 | R44: =M44 -> 0 | S44: =N44 -> 11.1 | T44: =IF(ISBLANK(R44),0,ROUND(K44*R44,2)) -> 0 | U44: =IF(ISBLANK(R44),0,ROUND(R44*S44,2)) -> 0 | X44: =IF(W44="X","x",IF(W44="xx","x",IF(W44="xy","x",IF(W44="y","x",IF(OR(P44>0,U44>0),"x",""))))) | Y44: =IF(W44="X","x",IF(W44="y","x",IF(W44="xx","x",IF(U44>0,"x","")))) | Z44: =IF(W44="X","x",IF(U44>0,"x",""))
B45: PAI-026 | C45: PM curitiba | D45: Arrancamento de Bloco de Concreto Tipo Paver | I45: 9.12 | J45: 9.12 | K45: =IF(ISBLANK(J45),0,ROUND(J45*(1+$F$10)*(1+$F$11*E45),2)) -> 11.1 | L45: m2 | M45: 34.35 | N45: 11.29 | O45: =IF(ISBLANK(M45),0,ROUND(K45*M45,2)) -> 381.29 | P45: =IF(ISBLANK(N45),0,ROUND(M45*N45,2)) -> 387.81 | R45: =M45 -> 34.35 | S45: =K45 -> 11.1 | T45: =IF(ISBLANK(R45),0,ROUND(K45*R45,2)) -> 381.29 | U45: =IF(ISBLANK(R45),0,ROUND(R45*S45,2)) -> 381.29 | X45: =IF(W45="X","x",IF(W45="xx","x",IF(W45="xy","x",IF(W45="y","x",IF(OR(P45>0,U45>0),"x",""))))) -> x | Y45: =IF(W45="X","x",IF(W45="y","x",IF(W45="xx","x",IF(U45>0,"x","")))) -> x | Z45: =IF(W45="X","x",IF(U45>0,"x","")) -> x
K46: =IF(ISBLANK(J46),0,ROUND(J46*(1+$F$10)*(1+$F$11*E46),2)) -> 0 | O46: =IF(ISBLANK(M46),0,ROUND(K46*M46,2)) -> 0 | P46: =IF(ISBLANK(N46),0,ROUND(M46*N46,2)) -> 0 | R46: =M46 -> 0 | S46: =N46 -> 0 | T46: =IF(ISBLANK(R46),0,ROUND(K46*R46,2)) -> 0 | U46: =IF(ISBLANK(R46),0,ROUND(R46*S46,2)) -> 0 | X46: =IF(W46="X","x",IF(W46="xx","x",IF(W46="xy","x",IF(W46="y","x",IF(OR(P46>0,U46>0),"x",""))))) | Y46: =IF(W46="X","x",IF(W46="y","x",IF(W46="xx","x",IF(U46>0,"x","")))) | Z46: =IF(W46="X","x",IF(U46>0,"x",""))
K47: =IF(ISBLANK(J47),0,ROUND(J47*(1+$F$10)*(1+$F$11*E47),2)) -> 0 | O47: =IF(ISBLANK(M47),0,ROUND(K47*M47,2)) -> 0 | P47: =IF(ISBLANK(N47),0,ROUND(M47*N47,2)) -> 0 | R47: =M47 -> 0 | S47: =N47 -> 0 | T47: =IF(ISBLANK(R47),0,ROUND(K47*R47,2)) -> 0 | U47: =IF(ISBLANK(R47),0,ROUND(R47*S47,2)) -> 0 | X47: =IF(W47="X","x",IF(W47="xx","x",IF(W47="xy","x",IF(W47="y","x",IF(OR(P47>0,U47>0),"x",""))))) | Y47: =IF(W47="X","x",IF(W47="y","x",IF(W47="xx","x",IF(U47>0,"x","")))) | Z47: =IF(W47="X","x",IF(U47>0,"x",""))
K48: =IF(ISBLANK(J48),0,ROUND(J48*(1+$F$10)*(1+$F$11*E48),2)) -> 0 | O48: =IF(ISBLANK(M48),0,ROUND(K48*M48,2)) -> 0 | P48: =IF(ISBLANK(N48),0,ROUND(M48*N48,2)) -> 0 | R48: =M48 -> 0 | S48: =N48 -> 0 | T48: =IF(ISBLANK(R48),0,ROUND(K48*R48,2)) -> 0 | U48: =IF(ISBLANK(R48),0,ROUND(R48*S48,2)) -> 0 | X48: =IF(W48="X","x",IF(W48="xx","x",IF(W48="xy","x",IF(W48="y","x",IF(OR(P48>0,U48>0),"x",""))))) | Y48: =IF(W48="X","x",IF(W48="y","x",IF(W48="xx","x",IF(U48>0,"x","")))) | Z48: =IF(W48="X","x",IF(U48>0,"x",""))
K49: =IF(ISBLANK(J49),0,ROUND(J49*(1+$F$10)*(1+$F$11*E49),2)) -> 0 | O49: =IF(ISBLANK(M49),0,ROUND(K49*M49,2)) -> 0 | P49: =IF(ISBLANK(N49),0,ROUND(M49*N49,2)) -> 0 | R49: =M49 -> 0 | S49: =N49 -> 0 | T49: =IF(ISBLANK(R49),0,ROUND(K49*R49,2)) -> 0 | U49: =IF(ISBLANK(R49),0,ROUND(R49*S49,2)) -> 0 | X49: =IF(W49="X","x",IF(W49="xx","x",IF(W49="xy","x",IF(W49="y","x",IF(OR(P49>0,U49>0),"x",""))))) | Y49: =IF(W49="X","x",IF(W49="y","x",IF(W49="xx","x",IF(U49>0,"x","")))) | Z49: =IF(W49="X","x",IF(U49>0,"x",""))
K50: =IF(ISBLANK(J50),0,ROUND(J50*(1+$F$10)*(1+$F$11*E50),2)) -> 0 | O50: =IF(ISBLANK(M50),0,ROUND(K50*M50,2)) -> 0 | P50: =IF(ISBLANK(N50),0,ROUND(M50*N50,2)) -> 0 | R50: =M50 -> 0 | S50: =N50 -> 0 | T50: =IF(ISBLANK(R50),0,ROUND(K50*R50,2)) -> 0 | U50: =IF(ISBLANK(R50),0,ROUND(R50*S50,2)) -> 0 | X50: =IF(W50="X","x",IF(W50="xx","x",IF(W50="xy","x",IF(W50="y","x",IF(OR(P50>0,U50>0),"x",""))))) | Y50: =IF(W50="X","x",IF(W50="y","x",IF(W50="xx","x",IF(U50>0,"x","")))) | Z50: =IF(W50="X","x",IF(U50>0,"x",""))
K51: =IF(ISBLANK(J51),0,ROUND(J51*(1+$F$10)*(1+$F$11*E51),2)) -> 0 | O51: =IF(ISBLANK(M51),0,ROUND(K51*M51,2)) -> 0 | P51: =IF(ISBLANK(N51),0,ROUND(M51*N51,2)) -> 0 | R51: =M51 -> 0 | S51: =N51 -> 0 | T51: =IF(ISBLANK(R51),0,ROUND(K51*R51,2)) -> 0 | U51: =IF(ISBLANK(R51),0,ROUND(R51*S51,2)) -> 0 | X51: =IF(W51="X","x",IF(W51="xx","x",IF(W51="xy","x",IF(W51="y","x",IF(OR(P51>0,U51>0),"x",""))))) | Y51: =IF(W51="X","x",IF(W51="y","x",IF(W51="xx","x",IF(U51>0,"x","")))) | Z51: =IF(W51="X","x",IF(U51>0,"x",""))
K52: =IF(ISBLANK(J52),0,ROUND(J52*(1+$F$10)*(1+$F$11*E52),2)) -> 0 | O52: =IF(ISBLANK(M52),0,ROUND(K52*M52,2)) -> 0 | P52: =IF(ISBLANK(N52),0,ROUND(M52*N52,2)) -> 0 | R52: =M52 -> 0 | S52: =N52 -> 0 | T52: =IF(ISBLANK(R52),0,ROUND(K52*R52,2)) -> 0 | U52: =IF(ISBLANK(R52),0,ROUND(R52*S52,2)) -> 0 | X52: =IF(W52="X","x",IF(W52="xx","x",IF(W52="xy","x",IF(W52="y","x",IF(OR(P52>0,U52>0),"x",""))))) | Y52: =IF(W52="X","x",IF(W52="y","x",IF(W52="xx","x",IF(U52>0,"x","")))) | Z52: =IF(W52="X","x",IF(U52>0,"x",""))
K53: =IF(ISBLANK(J53),0,ROUND(J53*(1+$F$10)*(1+$F$11*E53),2)) -> 0 | O53: =IF(ISBLANK(M53),0,ROUND(K53*M53,2)) -> 0 | P53: =IF(ISBLANK(N53),0,ROUND(M53*N53,2)) -> 0 | R53: =M53 -> 0 | S53: =N53 -> 0 | T53: =IF(ISBLANK(R53),0,ROUND(K53*R53,2)) -> 0 | U53: =IF(ISBLANK(R53),0,ROUND(R53*S53,2)) -> 0 | X53: =IF(W53="X","x",IF(W53="xx","x",IF(W53="xy","x",IF(W53="y","x",IF(OR(P53>0,U53>0),"x",""))))) | Y53: =IF(W53="X","x",IF(W53="y","x",IF(W53="xx","x",IF(U53>0,"x","")))) | Z53: =IF(W53="X","x",IF(U53>0,"x",""))
K54: =IF(ISBLANK(J54),0,ROUND(J54*(1+$F$10)*(1+$F$11*E54),2)) -> 0 | O54: =IF(ISBLANK(M54),0,ROUND(K54*M54,2)) -> 0 | P54: =IF(ISBLANK(N54),0,ROUND(M54*N54,2)) -> 0 | R54: =M54 -> 0 | S54: =N54 -> 0 | T54: =IF(ISBLANK(R54),0,ROUND(K54*R54,2)) -> 0 | U54: =IF(ISBLANK(R54),0,ROUND(R54*S54,2)) -> 0 | X54: =IF(W54="X","x",IF(W54="xx","x",IF(W54="xy","x",IF(W54="y","x",IF(OR(P54>0,U54>0),"x",""))))) | Y54: =IF(W54="X","x",IF(W54="y","x",IF(W54="xx","x",IF(U54>0,"x","")))) | Z54: =IF(W54="X","x",IF(U54>0,"x",""))
K55: =IF(ISBLANK(J55),0,ROUND(J55*(1+$F$10)*(1+$F$11*E55),2)) -> 0 | O55: =IF(ISBLANK(M55),0,ROUND(K55*M55,2)) -> 0 | P55: =IF(ISBLANK(N55),0,ROUND(M55*N55,2)) -> 0 | R55: =M55 -> 0 | S55: =N55 -> 0 | T55: =IF(ISBLANK(R55),0,ROUND(K55*R55,2)) -> 0 | U55: =IF(ISBLANK(R55),0,ROUND(R55*S55,2)) -> 0 | X55: =IF(W55="X","x",IF(W55="xx","x",IF(W55="xy","x",IF(W55="y","x",IF(OR(P55>0,U55>0),"x",""))))) | Y55: =IF(W55="X","x",IF(W55="y","x",IF(W55="xx","x",IF(U55>0,"x","")))) | Z55: =IF(W55="X","x",IF(U55>0,"x",""))
K56: =IF(ISBLANK(J56),0,ROUND(J56*(1+$F$10)*(1+$F$11*E56),2)) -> 0 | O56: =IF(ISBLANK(M56),0,ROUND(K56*M56,2)) -> 0 | P56: =IF(ISBLANK(N56),0,ROUND(M56*N56,2)) -> 0 | R56: =M56 -> 0 | S56: =N56 -> 0 | T56: =IF(ISBLANK(R56),0,ROUND(K56*R56,2)) -> 0 | U56: =IF(ISBLANK(R56),0,ROUND(R56*S56,2)) -> 0 | X56: =IF(W56="X","x",IF(W56="xx","x",IF(W56="xy","x",IF(W56="y","x",IF(OR(P56>0,U56>0),"x",""))))) | Y56: =IF(W56="X","x",IF(W56="y","x",IF(W56="xx","x",IF(U56>0,"x","")))) | Z56: =IF(W56="X","x",IF(U56>0,"x",""))
K57: =IF(ISBLANK(J57),0,ROUND(J57*(1+$F$10)*(1+$F$11*E57),2)) -> 0 | O57: =IF(ISBLANK(M57),0,ROUND(K57*M57,2)) -> 0 | P57: =IF(ISBLANK(N57),0,ROUND(M57*N57,2)) -> 0 | R57: =M57 -> 0 | S57: =N57 -> 0 | T57: =IF(ISBLANK(R57),0,ROUND(K57*R57,2)) -> 0 | U57: =IF(ISBLANK(R57),0,ROUND(R57*S57,2)) -> 0 | X57: =IF(W57="X","x",IF(W57="xx","x",IF(W57="xy","x",IF(W57="y","x",IF(OR(P57>0,U57>0),"x",""))))) | Y57: =IF(W57="X","x",IF(W57="y","x",IF(W57="xx","x",IF(U57>0,"x","")))) | Z57: =IF(W57="X","x",IF(U57>0,"x",""))
... K67: =IF(ISBLANK(J67),0,ROUND(J67*(1+$F$10)*(1+$F$11*E67),2)) -> 0 | O67: =IF(ISBLANK(M67),0,ROUND(K67*M67,2)) -> 0 | P67: =IF(ISBLANK(N67),0,ROUND(M67*N67,2)) -> 0 | R67: =M67 -> 0 | S67: =N67 -> 0 | T67: =IF(ISBLANK(R67),0,ROUND(K67*R67,2)) -> 0 | U67: =IF(ISBLANK(R67),0,ROUND(R67*S67,2)) -> 0 | X67: =IF(W67="X","x",IF(W67="xx","x",IF(W67="xy","x",IF(W67="y","x",IF(OR(P67>0,U67>0),"x",""))))) | Y67: =IF(W67="X","x",IF(W67="y","x",IF(W67="xx","x",IF(U67>0,"x","")))) | Z67: =IF(W67="X","x",IF(U67>0,"x",""))
A68: 2 | B68: 2 | D68: TERRAPLENAGEM | Q68: =SUM(P69:P112) -> 21469.29 | V68: =SUM(U69:U112) -> 20910.88 | W68: =IF(OR(Q68>0,V68>0),"X","") -> X | X68: =IF(W68="X","x",IF(W68="xx","x",IF(W68="xy","x",IF(W68="y","x",IF(OR(P68>0,U68>0),"x",""))))) -> x | Y68: =IF(W68="X","x",IF(W68="y","x",IF(W68="xx","x",IF(U68>0,"x","")))) -> x | Z68: =IF(W68="X","x",IF(U68>0,"x","")) -> x
A69: 400500 | B69: 400500A | C69: DER | D69: Colchão Drenante Areia Fund. Aterros | F69: 20 | G69: 1.73 | H69: =IF(F69<=30,(0.7*F69+1.45)*G69,((0.7*30+1.45)+0.58*(F69-30))*G69) -> 26.7285 | I69: 48.71 | J69: =IF(ISBLANK(I69),"",SUM(H69:I69)) -> 75.4385 | K69: =IF(ISBLANK(I69),0,ROUND(J69*(1+$F$10)*(1+$F$11*E69),2)) -> 91.82 | L69: m3 | O69: =IF(ISBLANK(M69),0,ROUND(K69*M69,2)) -> 0 | P69: =IF(ISBLANK(N69),0,ROUND(M69*N69,2)) -> 0 | R69: =M69 -> 0 | S69: =N69 -> 0 | T69: =IF(ISBLANK(R69),0,ROUND(K69*R69,2)) -> 0 | U69: =IF(ISBLANK(R69),0,ROUND(R69*S69,2)) -> 0 | X69: =IF(W69="X","x",IF(W69="xx","x",IF(W69="xy","x",IF(W69="y","x",IF(OR(P69>0,U69>0),"x",""))))) | Y69: =IF(W69="X","x",IF(W69="y","x",IF(W69="xx","x",IF(U69>0,"x","")))) | Z69: =IF(W69="X","x",IF(U69>0,"x",""))
A70: 401200 | B70: 401200 | C70: DER | D70: Compactação de Aterros - Controle Visual | I70: 1.03 | J70: =IF(ISBLANK(I70),"",SUM(H70:I70)) -> 1.03 | K70: =IF(ISBLANK(I70),0,ROUND(J70*(1+$F$10)*(1+$F$11*E70),2)) -> 1.25 | L70: m3 | O70: =IF(ISBLANK(M70),0,ROUND(K70*M70,2)) -> 0 | P70: =IF(ISBLANK(N70),0,ROUND(M70*N70,2)) -> 0 | R70: =M70 -> 0 | S70: =N70 -> 0 | T70: =IF(ISBLANK(R70),0,ROUND(K70*R70,2)) -> 0 | U70: =IF(ISBLANK(R70),0,ROUND(R70*S70,2)) -> 0 | X70: =IF(W70="X","x",IF(W70="xx","x",IF(W70="xy","x",IF(W70="y","x",IF(OR(P70>0,U70>0),"x",""))))) | Y70: =IF(W70="X","x",IF(W70="y","x",IF(W70="xx","x",IF(U70>0,"x","")))) | Z70: =IF(W70="X","x",IF(U70>0,"x",""))
A71: 401000 | B71: 401000 | C71: DER | D71: Compactação de Aterros 100% P.N. | I71: 4.31 | J71: =IF(ISBLANK(I71),"",SUM(H71:I71)) -> 4.31 | K71: =IF(ISBLANK(I71),0,ROUND(J71*(1+$F$10)*(1+$F$11*E71),2)) -> 5.25 | L71: m3 | M71: 1398.04 | N71: 5.49 | O71: =IF(ISBLANK(M71),0,ROUND(K71*M71,2)) -> 7339.71 | P71: =IF(ISBLANK(N71),0,ROUND(M71*N71,2)) -> 7675.24 | R71: =M71 -> 1398.04 | S71: =K71 -> 5.25 | T71: =IF(ISBLANK(R71),0,ROUND(K71*R71,2)) -> 7339.71 | U71: =IF(ISBLANK(R71),0,ROUND(R71*S71,2)) -> 7339.71 | X71: =IF(W71="X","x",IF(W71="xx","x",IF(W71="xy","x",IF(W71="y","x",IF(OR(P71>0,U71>0),"x",""))))) -> x | Y71: =IF(W71="X","x",IF(W71="y","x",IF(W71="xx","x",IF(U71>0,"x","")))) -> x | Z71: =IF(W71="X","x",IF(U71>0,"x","")) -> x
A72: 401950 | B72: 401950 | C72: DER | D72: Compactação de Aterros 95% P.N. | I72: 3.67 | J72: =IF(ISBLANK(I72),"",SUM(H72:I72)) -> 3.67 | K72: =IF(ISBLANK(I72),0,ROUND(J72*(1+$F$10)*(1+$F$11*E72),2)) -> 4.47 | L72: m3 | O72: =IF(ISBLANK(M72),0,ROUND(K72*M72,2)) -> 0 | P72: =IF(ISBLANK(N72),0,ROUND(M72*N72,2)) -> 0 | R72: =M72 -> 0 | S72: =N72 -> 0 | T72: =IF(ISBLANK(R72),0,ROUND(K72*R72,2)) -> 0 | U72: =IF(ISBLANK(R72),0,ROUND(R72*S72,2)) -> 0 | X72: =IF(W72="X","x",IF(W72="xx","x",IF(W72="xy","x",IF(W72="y","x",IF(OR(P72>0,U72>0),"x",""))))) | Y72: =IF(W72="X","x",IF(W72="y","x",IF(W72="xx","x",IF(U72>0,"x","")))) | Z72: =IF(W72="X","x",IF(U72>0,"x",""))
A73: 400000 | B73: 400000 | C73: DER | D73: Desmatamento e limpeza diam. até 30cm | I73: 0.76 | J73: =IF(ISBLANK(I73),"",SUM(H73:I73)) -> 0.76 | K73: =IF(ISBLANK(I73),0,ROUND(J73*(1+$F$10)*(1+$F$11*E73),2)) -> 0.92 | L73: m2 | O73: =IF(ISBLANK(M73),0,ROUND(K73*M73,2)) -> 0 | P73: =IF(ISBLANK(N73),0,ROUND(M73*N73,2)) -> 0 | R73: =M73 -> 0 | S73: =N73 -> 0 | T73: =IF(ISBLANK(R73),0,ROUND(K73*R73,2)) -> 0 | U73: =IF(ISBLANK(R73),0,ROUND(R73*S73,2)) -> 0 | X73: =IF(W73="X","x",IF(W73="xx","x",IF(W73="xy","x",IF(W73="y","x",IF(OR(P73>0,U73>0),"x",""))))) | Y73: =IF(W73="X","x",IF(W73="y","x",IF(W73="xx","x",IF(U73>0,"x","")))) | Z73: =IF(W73="X","x",IF(U73>0,"x",""))
A74: 400300 | B74: 400300 | C74: DER | D74: Destocamento árvores diam. > 30cm | I74: 34.01 | J74: =IF(ISBLANK(I74),"",SUM(H74:I74)) -> 34.01 | K74: =IF(ISBLANK(I74),0,ROUND(J74*(1+$F$10)*(1+$F$11*E74),2)) -> 41.39 | L74: un | O74: =IF(ISBLANK(M74),0,ROUND(K74*M74,2)) -> 0 | P74: =IF(ISBLANK(N74),0,ROUND(M74*N74,2)) -> 0 | R74: =M74 -> 0 | S74: =N74 -> 0 | T74: =IF(ISBLANK(R74),0,ROUND(K74*R74,2)) -> 0 | U74: =IF(ISBLANK(R74),0,ROUND(R74*S74,2)) -> 0 | X74: =IF(W74="X","x",IF(W74="xx","x",IF(W74="xy","x",IF(W74="y","x",IF(OR(P74>0,U74>0),"x",""))))) | Y74: =IF(W74="X","x",IF(W74="y","x",IF(W74="xx","x",IF(U74>0,"x","")))) | Z74: =IF(W74="X","x",IF(U74>0,"x",""))
A75: 511130 | B75: 511130A | C75: DER | D75: Escarificação e conformação do subleito | I75: 0.83 | J75: =IF(ISBLANK(I75),"",SUM(H75:I75)) -> 0.83 | K75: =IF(ISBLANK(I75),0,ROUND(J75*(1+$F$10)*(1+$F$11*E75),2)) -> 1.01 | L75: m3 | O75: =IF(ISBLANK(M75),0,ROUND(K75*M75,2)) -> 0 | P75: =IF(ISBLANK(N75),0,ROUND(M75*N75,2)) -> 0 | R75: =M75 -> 0 | S75: =N75 -> 0 | T75: =IF(ISBLANK(R75),0,ROUND(K75*R75,2)) -> 0 | U75: =IF(ISBLANK(R75),0,ROUND(R75*S75,2)) -> 0 | X75: =IF(W75="X","x",IF(W75="xx","x",IF(W75="xy","x",IF(W75="y","x",IF(OR(P75>0,U75>0),"x",""))))) | Y75: =IF(W75="X","x",IF(W75="y","x",IF(W75="xx","x",IF(U75>0,"x","")))) | Z75: =IF(W75="X","x",IF(U75>0,"x",""))
A76: 501000 | B76: 501000 | C76: DER | D76: Escarificação e remoção revestimento primário | F76: 2 | G76: 1.8 | H76: =IF(F76<=30,(0.7*F76+1.45)*G76,((0.7*30+1.45)+0.58*(F76-30))*G76) -> 5.13 | I76: 4 | J76: =IF(ISBLANK(I76),"",SUM(H76:I76)) -> 9.13 | K76: =IF(ISBLANK(I76),0,ROUND(J76*(1+$F$10)*(1+$F$11*E76),2)) -> 11.11 | L76: m3 | O76: =IF(ISBLANK(M76),0,ROUND(K76*M76,2)) -> 0 | P76: =IF(ISBLANK(N76),0,ROUND(M76*N76,2)) -> 0 | R76: =M76 -> 0 | S76: =N76 -> 0 | T76: =IF(ISBLANK(R76),0,ROUND(K76*R76,2)) -> 0 | U76: =IF(ISBLANK(R76),0,ROUND(R76*S76,2)) -> 0 | X76: =IF(W76="X","x",IF(W76="xx","x",IF(W76="xy","x",IF(W76="y","x",IF(OR(P76>0,U76>0),"x",""))))) | Y76: =IF(W76="X","x",IF(W76="y","x",IF(W76="xx","x",IF(U76>0,"x","")))) | Z76: =IF(W76="X","x",IF(U76>0,"x",""))
A77: 520100 | B77: 520100A | C77: DER | D77: Escavação e carga mat. jazida 1a. cat./sem transporte | G77: 0 | H77: 0 | I77: 3.68 | J77: =IF(ISBLANK(I77),"",SUM(H77:I77)) -> 3.68 | K77: =IF(ISBLANK(I77),0,ROUND(J77*(1+$F$10)*(1+$F$11*E77),2)) -> 4.48 | L77: m3 | N77: 4.48 | O77: =IF(ISBLANK(M77),0,ROUND(K77*M77,2)) -> 0 | P77: =IF(ISBLANK(N77),0,ROUND(M77*N77,2)) -> 0 | R77: =M77 -> 0 | S77: =N77 -> 4.48 | T77: =IF(ISBLANK(R77),0,ROUND(K77*R77,2)) -> 0 | U77: =IF(ISBLANK(R77),0,ROUND(R77*S77,2)) -> 0 | X77: =IF(W77="X","x",IF(W77="xx","x",IF(W77="xy","x",IF(W77="y","x",IF(OR(P77>0,U77>0),"x",""))))) | Y77: =IF(W77="X","x",IF(W77="y","x",IF(W77="xx","x",IF(U77>0,"x","")))) | Z77: =IF(W77="X","x",IF(U77>0,"x",""))
A78: 520200 | B78: 520200A | C78: DER | D78: Escavação e carga mat. jazida 2a. cat./sem transporte | H78: 0 | I78: 4.5 | J78: =IF(ISBLANK(I78),"",SUM(H78:I78)) -> 4.5 | K78: =IF(ISBLANK(I78),0,ROUND(J78*(1+$F$10)*(1+$F$11*E78),2)) -> 5.48 | L78: m3 | M78: 2476.49 | N78: 5.57 | O78: =IF(ISBLANK(M78),0,ROUND(K78*M78,2)) -> 13571.17 | P78: =IF(ISBLANK(N78),0,ROUND(M78*N78,2)) -> 13794.05 | R78: =M78 -> 2476.49 | S78: =K78 -> 5.48 | T78: =IF(ISBLANK(R78),0,ROUND(K78*R78,2)) -> 13571.17 | U78: =IF(ISBLANK(R78),0,ROUND(R78*S78,2)) -> 13571.17 | X78: =IF(W78="X","x",IF(W78="xx","x",IF(W78="xy","x",IF(W78="y","x",IF(OR(P78>0,U78>0),"x",""))))) -> x | Y78: =IF(W78="X","x",IF(W78="y","x",IF(W78="xx","x",IF(U78>0,"x","")))) -> x | Z78: =IF(W78="X","x",IF(U78>0,"x","")) -> x
A79: 411000 | B79: 411000A | C79: DER | D79: Escavação em 1ª Categoria | G79: 0 | H79: 0 | I79: 6.31 | J79: =IF(ISBLANK(I79),"",SUM(H79:I79)) -> 6.31 | K79: =IF(ISBLANK(I79),0,ROUND(J79*(1+$F$10)*(1+$F$11*E79),2)) -> 7.68 | L79: m3 | O79: =IF(ISBLANK(M79),0,ROUND(K79*M79,2)) -> 0 | P79: =IF(ISBLANK(N79),0,ROUND(M79*N79,2)) -> 0 | R79: =M79 -> 0 | S79: =N79 -> 0 | T79: =IF(ISBLANK(R79),0,ROUND(K79*R79,2)) -> 0 | U79: =IF(ISBLANK(R79),0,ROUND(R79*S79,2)) -> 0 | X79: =IF(W79="X","x",IF(W79="xx","x",IF(W79="xy","x",IF(W79="y","x",IF(OR(P79>0,U79>0),"x",""))))) | Y79: =IF(W79="X","x",IF(W79="y","x",IF(W79="xx","x",IF(U79>0,"x","")))) | Z79: =IF(W79="X","x",IF(U79>0,"x",""))
A80: 421000 | B80: 421000 | C80: DER | D80: Escavação em 2ª Categoria | F80: 1 | H80: 0 | I80: 8.5 | J80: =IF(ISBLANK(I80),"",SUM(H80:I80)) -> 8.5 | K80: =IF(ISBLANK(I80),0,ROUND(J80*(1+$F$10)*(1+$F$11*E80),2)) -> 10.35 | L80: m3 | O80: =IF(ISBLANK(M80),0,ROUND(K80*M80,2)) -> 0 | P80: =IF(ISBLANK(N80),0,ROUND(M80*N80,2)) -> 0 | R80: =M80 -> 0 | S80: =N80 -> 0 | T80: =IF(ISBLANK(R80),0,ROUND(K80*R80,2)) -> 0 | U80: =IF(ISBLANK(R80),0,ROUND(R80*S80,2)) -> 0 | X80: =IF(W80="X","x",IF(W80="xx","x",IF(W80="xy","x",IF(W80="y","x",IF(OR(P80>0,U80>0),"x",""))))) | Y80: =IF(W80="X","x",IF(W80="y","x",IF(W80="xx","x",IF(U80>0,"x","")))) | Z80: =IF(W80="X","x",IF(U80>0,"x",""))
A81: 431010 | B81: 431010 | C81: DER | D81: Escavação em 3ª Categoria | F81: 1 | G81: 0 | H81: 0 | I81: 26.66 | J81: =IF(ISBLANK(I81),"",SUM(H81:I81)) -> 26.66 | K81: =IF(ISBLANK(I81),0,ROUND(J81*(1+$F$10)*(1+$F$11*E81),2)) -> 32.45 | L81: m3 | O81: =IF(ISBLANK(M81),0,ROUND(K81*M81,2)) -> 0 | P81: =IF(ISBLANK(N81),0,ROUND(M81*N81,2)) -> 0 | R81: =M81 -> 0 | S81: =N81 -> 0 | T81: =IF(ISBLANK(R81),0,ROUND(K81*R81,2)) -> 0 | U81: =IF(ISBLANK(R81),0,ROUND(R81*S81,2)) -> 0 | X81: =IF(W81="X","x",IF(W81="xx","x",IF(W81="xy","x",IF(W81="y","x",IF(OR(P81>0,U81>0),"x",""))))) | Y81: =IF(W81="X","x",IF(W81="y","x",IF(W81="xx","x",IF(U81>0,"x","")))) | Z81: =IF(W81="X","x",IF(U81>0,"x",""))
A82: 520100 | B82: 520100B | C82: DER | D82: Escavação, Carga e Transp. de jazida 1ª Cat. | F82: 15 | G82: 1.5 | H82: =IF(F82<=30,(0.7*F82+1.45)*G82,((0.7*30+1.45)+0.58*(F82-30))*G82) -> 17.925 | I82: 3.68 | J82: =IF(ISBLANK(I82),"",SUM(H82:I82)) -> 21.605 | K82: =IF(ISBLANK(I82),0,ROUND(J82*(1+$F$10)*(1+$F$11*E82),2)) -> 26.3 | L82: m3 | O82: =IF(ISBLANK(M82),0,ROUND(K82*M82,2)) -> 0 | P82: =IF(ISBLANK(N82),0,ROUND(M82*N82,2)) -> 0 | R82: =M82 -> 0 | S82: =N82 -> 0 | T82: =IF(ISBLANK(R82),0,ROUND(K82*R82,2)) -> 0 | U82: =IF(ISBLANK(R82),0,ROUND(R82*S82,2)) -> 0 | X82: =IF(W82="X","x",IF(W82="xx","x",IF(W82="xy","x",IF(W82="y","x",IF(OR(P82>0,U82>0),"x",""))))) | Y82: =IF(W82="X","x",IF(W82="y","x",IF(W82="xx","x",IF(U82>0,"x","")))) | Z82: =IF(W82="X","x",IF(U82>0,"x",""))
A83: 520200 | B83: 520200B | C83: DER | D83: Escavação, Carga e Transp. de jazida 2ª Cat. | F83: 4 | G83: 1.5 | H83: =IF(F83<=30,(0.7*F83+1.45)*G83,((0.7*30+1.45)+0.58*(F83-30))*G83) -> 6.375 | I83: 4.5 | J83: =IF(ISBLANK(I83),"",SUM(H83:I83)) -> 10.875 | K83: =IF(ISBLANK(I83),0,ROUND(J83*(1+$F$10)*(1+$F$11*E83),2)) -> 13.24 | L83: m3 | O83: =IF(ISBLANK(M83),0,ROUND(K83*M83,2)) -> 0 | P83: =IF(ISBLANK(N83),0,ROUND(M83*N83,2)) -> 0 | R83: =M83 -> 0 | S83: =N83 -> 0 | T83: =IF(ISBLANK(R83),0,ROUND(K83*R83,2)) -> 0 | U83: =IF(ISBLANK(R83),0,ROUND(R83*S83,2)) -> 0 | X83: =IF(W83="X","x",IF(W83="xx","x",IF(W83="xy","x",IF(W83="y","x",IF(OR(P83>0,U83>0),"x",""))))) | Y83: =IF(W83="X","x",IF(W83="y","x",IF(W83="xx","x",IF(U83>0,"x","")))) | Z83: =IF(W83="X","x",IF(U83>0,"x",""))
A84: 411000 | B84: 411000B | C84: DER | D84: Remoção da Camada Superficial | H84: =IF(F84<=30,(0.57*F84+1.18)*G84,((0.57*30+1.18)+0.47*(F84-30))*G84) -> 0 | I84: 6.31 | J84: =IF(ISBLANK(I84),"",SUM(H84:I84)) -> 6.31 | K84: =IF(ISBLANK(I84),0,ROUND(J84*(1+$F$10)*(1+$F$11*E84),2)) -> 7.68 | L84: m3 | O84: =IF(ISBLANK(M84),0,ROUND(K84*M84,2)) -> 0 | P84: =IF(ISBLANK(N84),0,ROUND(M84*N84,2)) -> 0 | R84: =M84 -> 0 | S84: =N84 -> 0 | T84: =IF(ISBLANK(R84),0,ROUND(K84*R84,2)) -> 0 | U84: =IF(ISBLANK(R84),0,ROUND(R84*S84,2)) -> 0 | X84: =IF(W84="X","x",IF(W84="xx","x",IF(W84="xy","x",IF(W84="y","x",IF(OR(P84>0,U84>0),"x",""))))) | Y84: =IF(W84="X","x",IF(W84="y","x",IF(W84="xx","x",IF(U84>0,"x","")))) | Z84: =IF(W84="X","x",IF(U84>0,"x",""))
A85: 420200 | B85: 420200 | C85: DER | D85: Remoção de Revestimento Primário | F85: 1 | H85: =IF(F85<=30,(0.57*F85+1.18)*G85,((0.57*30+1.18)+0.47*(F85-30))*G85) -> 0 | I85: 7.71 | J85: =IF(ISBLANK(I85),"",SUM(H85:I85))*0.9 -> 6.939 | K85: =IF(ISBLANK(I85),0,ROUND(J85*(1+$F$10)*(1+$F$11*E85),2)) -> 8.45 | L85: m3 | O85: =IF(ISBLANK(M85),0,ROUND(K85*M85,2)) -> 0 | P85: =IF(ISBLANK(N85),0,ROUND(M85*N85,2)) -> 0 | R85: =M85 -> 0 | S85: =N85 -> 0 | T85: =IF(ISBLANK(R85),0,ROUND(K85*R85,2)) -> 0 | U85: =IF(ISBLANK(R85),0,ROUND(R85*S85,2)) -> 0 | X85: =IF(W85="X","x",IF(W85="xx","x",IF(W85="xy","x",IF(W85="y","x",IF(OR(P85>0,U85>0),"x",""))))) | Y85: =IF(W85="X","x",IF(W85="y","x",IF(W85="xx","x",IF(U85>0,"x","")))) | Z85: =IF(W85="X","x",IF(U85>0,"x",""))
A86: 404000 | B86: 404000 | C86: DER | D86: Remoção de Solos Moles - 2 km | F86: 2 | G86: 1.5 | H86: =IF(F86<=30,(0.7*F86+1.45)*G86,((0.7*30+1.45)+0.58*(F86-30))*G86) -> 4.275 | I86: 7.78 | J86: =IF(ISBLANK(I86),"",SUM(H86:I86)) -> 12.055 | K86: =IF(ISBLANK(I86),0,ROUND(J86*(1+$F$10)*(1+$F$11*E86),2)) -> 14.67 | L86: m3 | O86: =IF(ISBLANK(M86),0,ROUND(K86*M86,2)) -> 0 | P86: =IF(ISBLANK(N86),0,ROUND(M86*N86,2)) -> 0 | R86: =M86 -> 0 | S86: =N86 -> 0 | T86: =IF(ISBLANK(R86),0,ROUND(K86*R86,2)) -> 0 | U86: =IF(ISBLANK(R86),0,ROUND(R86*S86,2)) -> 0 | X86: =IF(W86="X","x",IF(W86="xx","x",IF(W86="xy","x",IF(W86="y","x",IF(OR(P86>0,U86>0),"x",""))))) | Y86: =IF(W86="X","x",IF(W86="y","x",IF(W86="xx","x",IF(U86>0,"x","")))) | Z86: =IF(W86="X","x",IF(U86>0,"x",""))
D87: SERVIÇOS EXTRAS - TERRAPLENAGEM | W87: =IF(OR(SUM(P88:P112)>0,SUM(U88:U112)>0),"y","") | X87: =IF(W87="X","x",IF(W87="xx","x",IF(W87="xy","x",IF(W87="y","x",IF(OR(P87>0,U87>0),"x",""))))) | Y87: =IF(W87="X","x",IF(W87="y","x",IF(W87="xx","x",IF(U87>0,"x","")))) | Z87: =IF(W87="X","x",IF(U87>0,"x",""))
K88: =IF(ISBLANK(J88),0,ROUND(J88*(1+$F$10)*(1+$F$11*E88),2)) -> 0 | O88: =IF(ISBLANK(M88),0,ROUND(K88*M88,2)) -> 0 | P88: =IF(ISBLANK(N88),0,ROUND(M88*N88,2)) -> 0 | R88: =M88 -> 0 | S88: =N88 -> 0 | T88: =IF(ISBLANK(R88),0,ROUND(K88*R88,2)) -> 0 | U88: =IF(ISBLANK(R88),0,ROUND(R88*S88,2)) -> 0 | X88: =IF(W88="X","x",IF(W88="xx","x",IF(W88="xy","x",IF(W88="y","x",IF(OR(P88>0,U88>0),"x",""))))) | Y88: =IF(W88="X","x",IF(W88="y","x",IF(W88="xx","x",IF(U88>0,"x","")))) | Z88: =IF(W88="X","x",IF(U88>0,"x",""))
K89: =IF(ISBLANK(J89),0,ROUND(J89*(1+$F$10)*(1+$F$11*E89),2)) -> 0 | O89: =IF(ISBLANK(M89),0,ROUND(K89*M89,2)) -> 0 | P89: =IF(ISBLANK(N89),0,ROUND(M89*N89,2)) -> 0 | R89: =M89 -> 0 | S89: =N89 -> 0 | T89: =IF(ISBLANK(R89),0,ROUND(K89*R89,2)) -> 0 | U89: =IF(ISBLANK(R89),0,ROUND(R89*S89,2)) -> 0 | X89: =IF(W89="X","x",IF(W89="xx","x",IF(W89="xy","x",IF(W89="y","x",IF(OR(P89>0,U89>0),"x",""))))) | Y89: =IF(W89="X","x",IF(W89="y","x",IF(W89="xx","x",IF(U89>0,"x","")))) | Z89: =IF(W89="X","x",IF(U89>0,"x",""))
K90: =IF(ISBLANK(J90),0,ROUND(J90*(1+$F$10)*(1+$F$11*E90),2)) -> 0 | O90: =IF(ISBLANK(M90),0,ROUND(K90*M90,2)) -> 0 | P90: =IF(ISBLANK(N90),0,ROUND(M90*N90,2)) -> 0 | R90: =M90 -> 0 | S90: =N90 -> 0 | T90: =IF(ISBLANK(R90),0,ROUND(K90*R90,2)) -> 0 | U90: =IF(ISBLANK(R90),0,ROUND(R90*S90,2)) -> 0 | X90: =IF(W90="X","x",IF(W90="xx","x",IF(W90="xy","x",IF(W90="y","x",IF(OR(P90>0,U90>0),"x",""))))) | Y90: =IF(W90="X","x",IF(W90="y","x",IF(W90="xx","x",IF(U90>0,"x","")))) | Z90: =IF(W90="X","x",IF(U90>0,"x",""))
K91: =IF(ISBLANK(J91),0,ROUND(J91*(1+$F$10)*(1+$F$11*E91),2)) -> 0 | O91: =IF(ISBLANK(M91),0,ROUND(K91*M91,2)) -> 0 | P91: =IF(ISBLANK(N91),0,ROUND(M91*N91,2)) -> 0 | R91: =M91 -> 0 | S91: =N91 -> 0 | T91: =IF(ISBLANK(R91),0,ROUND(K91*R91,2)) -> 0 | U91: =IF(ISBLANK(R91),0,ROUND(R91*S91,2)) -> 0 | X91: =IF(W91="X","x",IF(W91="xx","x",IF(W91="xy","x",IF(W91="y","x",IF(OR(P91>0,U91>0),"x",""))))) | Y91: =IF(W91="X","x",IF(W91="y","x",IF(W91="xx","x",IF(U91>0,"x","")))) | Z91: =IF(W91="X","x",IF(U91>0,"x",""))
K92: =IF(ISBLANK(J92),0,ROUND(J92*(1+$F$10)*(1+$F$11*E92),2)) -> 0 | O92: =IF(ISBLANK(M92),0,ROUND(K92*M92,2)) -> 0 | P92: =IF(ISBLANK(N92),0,ROUND(M92*N92,2)) -> 0 | R92: =M92 -> 0 | S92: =N92 -> 0 | T92: =IF(ISBLANK(R92),0,ROUND(K92*R92,2)) -> 0 | U92: =IF(ISBLANK(R92),0,ROUND(R92*S92,2)) -> 0 | X92: =IF(W92="X","x",IF(W92="xx","x",IF(W92="xy","x",IF(W92="y","x",IF(OR(P92>0,U92>0),"x",""))))) | Y92: =IF(W92="X","x",IF(W92="y","x",IF(W92="xx","x",IF(U92>0,"x","")))) | Z92: =IF(W92="X","x",IF(U92>0,"x",""))
K93: =IF(ISBLANK(J93),0,ROUND(J93*(1+$F$10)*(1+$F$11*E93),2)) -> 0 | O93: =IF(ISBLANK(M93),0,ROUND(K93*M93,2)) -> 0 | P93: =IF(ISBLANK(N93),0,ROUND(M93*N93,2)) -> 0 | R93: =M93 -> 0 | S93: =N93 -> 0 | T93: =IF(ISBLANK(R93),0,ROUND(K93*R93,2)) -> 0 | U93: =IF(ISBLANK(R93),0,ROUND(R93*S93,2)) -> 0 | X93: =IF(W93="X","x",IF(W93="xx","x",IF(W93="xy","x",IF(W93="y","x",IF(OR(P93>0,U93>0),"x",""))))) | Y93: =IF(W93="X","x",IF(W93="y","x",IF(W93="xx","x",IF(U93>0,"x","")))) | Z93: =IF(W93="X","x",IF(U93>0,"x",""))
K94: =IF(ISBLANK(J94),0,ROUND(J94*(1+$F$10)*(1+$F$11*E94),2)) -> 0 | O94: =IF(ISBLANK(M94),0,ROUND(K94*M94,2)) -> 0 | P94: =IF(ISBLANK(N94),0,ROUND(M94*N94,2)) -> 0 | R94: =M94 -> 0 | S94: =N94 -> 0 | T94: =IF(ISBLANK(R94),0,ROUND(K94*R94,2)) -> 0 | U94: =IF(ISBLANK(R94),0,ROUND(R94*S94,2)) -> 0 | X94: =IF(W94="X","x",IF(W94="xx","x",IF(W94="xy","x",IF(W94="y","x",IF(OR(P94>0,U94>0),"x",""))))) | Y94: =IF(W94="X","x",IF(W94="y","x",IF(W94="xx","x",IF(U94>0,"x","")))) | Z94: =IF(W94="X","x",IF(U94>0,"x",""))
K95: =IF(ISBLANK(J95),0,ROUND(J95*(1+$F$10)*(1+$F$11*E95),2)) -> 0 | O95: =IF(ISBLANK(M95),0,ROUND(K95*M95,2)) -> 0 | P95: =IF(ISBLANK(N95),0,ROUND(M95*N95,2)) -> 0 | R95: =M95 -> 0 | S95: =N95 -> 0 | T95: =IF(ISBLANK(R95),0,ROUND(K95*R95,2)) -> 0 | U95: =IF(ISBLANK(R95),0,ROUND(R95*S95,2)) -> 0 | X95: =IF(W95="X","x",IF(W95="xx","x",IF(W95="xy","x",IF(W95="y","x",IF(OR(P95>0,U95>0),"x",""))))) | Y95: =IF(W95="X","x",IF(W95="y","x",IF(W95="xx","x",IF(U95>0,"x","")))) | Z95: =IF(W95="X","x",IF(U95>0,"x",""))
K96: =IF(ISBLANK(J96),0,ROUND(J96*(1+$F$10)*(1+$F$11*E96),2)) -> 0 | O96: =IF(ISBLANK(M96),0,ROUND(K96*M96,2)) -> 0 | P96: =IF(ISBLANK(N96),0,ROUND(M96*N96,2)) -> 0 | R96: =M96 -> 0 | S96: =N96 -> 0 | T96: =IF(ISBLANK(R96),0,ROUND(K96*R96,2)) -> 0 | U96: =IF(ISBLANK(R96),0,ROUND(R96*S96,2)) -> 0 | X96: =IF(W96="X","x",IF(W96="xx","x",IF(W96="xy","x",IF(W96="y","x",IF(OR(P96>0,U96>0),"x",""))))) | Y96: =IF(W96="X","x",IF(W96="y","x",IF(W96="xx","x",IF(U96>0,"x","")))) | Z96: =IF(W96="X","x",IF(U96>0,"x",""))
K97: =IF(ISBLANK(J97),0,ROUND(J97*(1+$F$10)*(1+$F$11*E97),2)) -> 0 | O97: =IF(ISBLANK(M97),0,ROUND(K97*M97,2)) -> 0 | P97: =IF(ISBLANK(N97),0,ROUND(M97*N97,2)) -> 0 | R97: =M97 -> 0 | S97: =N97 -> 0 | T97: =IF(ISBLANK(R97),0,ROUND(K97*R97,2)) -> 0 | U97: =IF(ISBLANK(R97),0,ROUND(R97*S97,2)) -> 0 | X97: =IF(W97="X","x",IF(W97="xx","x",IF(W97="xy","x",IF(W97="y","x",IF(OR(P97>0,U97>0),"x",""))))) | Y97: =IF(W97="X","x",IF(W97="y","x",IF(W97="xx","x",IF(U97>0,"x","")))) | Z97: =IF(W97="X","x",IF(U97>0,"x",""))
K98: =IF(ISBLANK(J98),0,ROUND(J98*(1+$F$10)*(1+$F$11*E98),2)) -> 0 | O98: =IF(ISBLANK(M98),0,ROUND(K98*M98,2)) -> 0 | P98: =IF(ISBLANK(N98),0,ROUND(M98*N98,2)) -> 0 | R98: =M98 -> 0 | S98: =N98 -> 0 | T98: =IF(ISBLANK(R98),0,ROUND(K98*R98,2)) -> 0 | U98: =IF(ISBLANK(R98),0,ROUND(R98*S98,2)) -> 0 | X98: =IF(W98="X","x",IF(W98="xx","x",IF(W98="xy","x",IF(W98="y","x",IF(OR(P98>0,U98>0),"x",""))))) | Y98: =IF(W98="X","x",IF(W98="y","x",IF(W98="xx","x",IF(U98>0,"x","")))) | Z98: =IF(W98="X","x",IF(U98>0,"x",""))
K99: =IF(ISBLANK(J99),0,ROUND(J99*(1+$F$10)*(1+$F$11*E99),2)) -> 0 | O99: =IF(ISBLANK(M99),0,ROUND(K99*M99,2)) -> 0 | P99: =IF(ISBLANK(N99),0,ROUND(M99*N99,2)) -> 0 | R99: =M99 -> 0 | S99: =N99 -> 0 | T99: =IF(ISBLANK(R99),0,ROUND(K99*R99,2)) -> 0 | U99: =IF(ISBLANK(R99),0,ROUND(R99*S99,2)) -> 0 | X99: =IF(W99="X","x",IF(W99="xx","x",IF(W99="xy","x",IF(W99="y","x",IF(OR(P99>0,U99>0),"x",""))))) | Y99: =IF(W99="X","x",IF(W99="y","x",IF(W99="xx","x",IF(U99>0,"x","")))) | Z99: =IF(W99="X","x",IF(U99>0,"x",""))
... K112: =IF(ISBLANK(J112),0,ROUND(J112*(1+$F$10)*(1+$F$11*E112),2)) -> 0 | O112: =IF(ISBLANK(M112),0,ROUND(K112*M112,2)) -> 0 | P112: =IF(ISBLANK(N112),0,ROUND(M112*N112,2)) -> 0 | R112: =M112 -> 0 | S112: =N112 -> 0 | T112: =IF(ISBLANK(R112),0,ROUND(K112*R112,2)) -> 0 | U112: =IF(ISBLANK(R112),0,ROUND(R112*S112,2)) -> 0 | X112: =IF(W112="X","x",IF(W112="xx","x",IF(W112="xy","x",IF(W112="y","x",IF(OR(P112>0,U112>0),"x",""))))) | Y112: =IF(W112="X","x",IF(W112="y","x",IF(W112="xx","x",IF(U112>0,"x","")))) | Z112: =IF(W112="X","x",IF(U112>0,"x",""))
A113: 3 | B113: 3 | D113: BASE / SUB-BASE | Q113: =SUM(P114:P222) -> 524210.22 | V113: =SUM(U114:U222) -> 515253.24 | W113: =IF(OR(Q113>0,V113>0),"X","") -> X | X113: =IF(W113="X","x",IF(W113="xx","x",IF(W113="xy","x",IF(W113="y","x",IF(OR(P113>0,U113>0),"x",""))))) -> x | Y113: =IF(W113="X","x",IF(W113="y","x",IF(W113="xx","x",IF(U113>0,"x","")))) -> x | Z113: =IF(W113="X","x",IF(U113>0,"x","")) -> x
A114: 520100 | B114: 520100C | C114: DER | D114: Aterro c/ mat. do canteiro (escav 1ª CAT+transp+compact) - Passeio | F114: 0.5 | G114: =1.5*1.4 -> 2.1 | H114: =IF(F114<=30,(0.7*F114+1.45)*G114,((0.7*30+1.45)+0.58*(F114-30))*G114) -> 3.78 | I114: 8.822 | J114: =IF(ISBLANK(I114),"",SUM(H114:I114)) -> 12.602 | K114: =IF(ISBLANK(I114),0,ROUND(J114*(1+$F$10)*(1+$F$11*E114),2)) -> 15.34 | L114: m3 | O114: =IF(ISBLANK(M114),0,ROUND(K114*M114,2)) -> 0 | P114: =IF(ISBLANK(N114),0,ROUND(M114*N114,2)) -> 0 | R114: =M114 -> 0 | S114: =N114 -> 0 | T114: =IF(ISBLANK(R114),0,ROUND(K114*R114,2)) -> 0 | U114: =IF(ISBLANK(R114),0,ROUND(R114*S114,2)) -> 0 | X114: =IF(W114="X","x",IF(W114="xx","x",IF(W114="xy","x",IF(W114="y","x",IF(OR(P114>0,U114>0),"x",""))))) | Y114: =IF(W114="X","x",IF(W114="y","x",IF(W114="xx","x",IF(U114>0,"x","")))) | Z114: =IF(W114="X","x",IF(U114>0,"x",""))
A115: 520100 | B115: 520100D | C115: DER | D115: Aterro c/ mat. de jazida (escav 1ª CAT+transp+compact) - Passeio | F115: 15 | G115: =1.5*1.4 -> 2.1 | H115: =IF(F115<=30,(0.7*F115+1.45)*G115,((0.7*30+1.45)+0.58*(F115-30))*G115) -> 25.095 | I115: 8.822 | J115: =IF(ISBLANK(I115),"",SUM(H115:I115)) -> 33.917 | K115: =IF(ISBLANK(I115),0,ROUND(J115*(1+$F$10)*(1+$F$11*E115),2)) -> 41.28 | L115: m3 | O115: =IF(ISBLANK(M115),0,ROUND(K115*M115,2)) -> 0 | P115: =IF(ISBLANK(N115),0,ROUND(M115*N115,2)) -> 0 | R115: =M115 -> 0 | S115: =N115 -> 0 | T115: =IF(ISBLANK(R115),0,ROUND(K115*R115,2)) -> 0 | U115: =IF(ISBLANK(R115),0,ROUND(R115*S115,2)) -> 0 | X115: =IF(W115="X","x",IF(W115="xx","x",IF(W115="xy","x",IF(W115="y","x",IF(OR(P115>0,U115>0),"x",""))))) | Y115: =IF(W115="X","x",IF(W115="y","x",IF(W115="xx","x",IF(U115>0,"x","")))) | Z115: =IF(W115="X","x",IF(U115>0,"x",""))
A116: 532100 | B116: 532100 | C116: DER | D116: Camada de bloqueio c/ pedra o < 3/4" | F116: 20 | G116: 2.1 | H116: =IF(F116<=30,(0.7*F116+1.45)*G116,((0.7*30+1.45)+0.58*(F116-30))*G116) -> 32.445 | I116: 72.91 | J116: =IF(ISBLANK(I116),"",SUM(H116:I116)) -> 105.355 | K116: =IF(ISBLANK(I116),0,ROUND(J116*(1+$F$10)*(1+$F$11*E116),2)) -> 128.23 | L116: m3 | O116: =IF(ISBLANK(M116),0,ROUND(K116*M116,2)) -> 0 | P116: =IF(ISBLANK(N116),0,ROUND(M116*N116,2)) -> 0 | R116: =M116 -> 0 | S116: =N116 -> 0 | T116: =IF(ISBLANK(R116),0,ROUND(K116*R116,2)) -> 0 | U116: =IF(ISBLANK(R116),0,ROUND(R116*S116,2)) -> 0 | X116: =IF(W116="X","x",IF(W116="xx","x",IF(W116="xy","x",IF(W116="y","x",IF(OR(P116>0,U116>0),"x",""))))) | Y116: =IF(W116="X","x",IF(W116="y","x",IF(W116="xx","x",IF(U116>0,"x","")))) | Z116: =IF(W116="X","x",IF(U116>0,"x",""))
A117: 452010 | B117: 452010 | C117: DER | D117: Cascalhamento | F117: 15 | G117: 1.98 | H117: =IF(F117<=30,(0.7*F117+1.45)*G117,((0.7*30+1.45)+0.58*(F117-30))*G117) -> 23.661 | I117: 10.64 | J117: =IF(ISBLANK(I117),"",SUM(H117:I117)) -> 34.301 | K117: =IF(ISBLANK(I117),0,ROUND(J117*(1+$F$10)*(1+$F$11*E117),2)) -> 41.75 | L117: m3 | O117: =IF(ISBLANK(M117),0,ROUND(K117*M117,2)) -> 0 | P117: =IF(ISBLANK(N117),0,ROUND(M117*N117,2)) -> 0 | R117: =M117 -> 0 | S117: =N117 -> 0 | T117: =IF(ISBLANK(R117),0,ROUND(K117*R117,2)) -> 0 | U117: =IF(ISBLANK(R117),0,ROUND(R117*S117,2)) -> 0 | X117: =IF(W117="X","x",IF(W117="xx","x",IF(W117="xy","x",IF(W117="y","x",IF(OR(P117>0,U117>0),"x",""))))) | Y117: =IF(W117="X","x",IF(W117="y","x",IF(W117="xx","x",IF(U117>0,"x","")))) | Z117: =IF(W117="X","x",IF(U117>0,"x",""))
A118: 532500 | B118: 532500A | C118: DER | D118: Lastro de Areia | F118: 20 | G118: 1.725 | H118: =IF(F118=0,0,IF(F118<=30,(0.7*F118+1.45)*G118,((0.7*30+1.45)+0.58*(F118-30))*G118)) -> 26.65125 | I118: 64.55 | J118: =IF(ISBLANK(I118),"",SUM(H118:I118)) -> 91.20125 | K118: =IF(ISBLANK(I118),0,ROUND(J118*(1+$F$10)*(1+$F$11*E118),2)) -> 111 | L118: m3 | O118: =IF(ISBLANK(M118),0,ROUND(K118*M118,2)) -> 0 | P118: =IF(ISBLANK(N118),0,ROUND(M118*N118,2)) -> 0 | R118: =M118 -> 0 | S118: =N118 -> 0 | T118: =IF(ISBLANK(R118),0,ROUND(K118*R118,2)) -> 0 | U118: =IF(ISBLANK(R118),0,ROUND(R118*S118,2)) -> 0 | X118: =IF(W118="X","x",IF(W118="xx","x",IF(W118="xy","x",IF(W118="y","x",IF(OR(P118>0,U118>0),"x",""))))) | Y118: =IF(W118="X","x",IF(W118="y","x",IF(W118="xx","x",IF(U118>0,"x","")))) | Z118: =IF(W118="X","x",IF(U118>0,"x",""))
A119: 603900 | B119: 603900A | C119: DER | D119: Lastro de Brita | F119: 20 | G119: 1.5 | H119: =IF(F119=0,0,IF(F119<=30,(0.7*F119+1.45)*G119,((0.7*30+1.45)+0.58*(F119-30))*G119)) -> 23.175 | I119: 107.99 | J119: =IF(ISBLANK(I119),"",SUM(H119:I119)) -> 131.165 | K119: =IF(ISBLANK(I119),0,ROUND(J119*(1+$F$10)*(1+$F$11*E119),2)) -> 159.64 | L119: m3 | O119: =IF(ISBLANK(M119),0,ROUND(K119*M119,2)) -> 0 | P119: =IF(ISBLANK(N119),0,ROUND(M119*N119,2)) -> 0 | R119: =M119 -> 0 | S119: =N119 -> 0 | T119: =IF(ISBLANK(R119),0,ROUND(K119*R119,2)) -> 0 | U119: =IF(ISBLANK(R119),0,ROUND(R119*S119,2)) -> 0 | X119: =IF(W119="X","x",IF(W119="xx","x",IF(W119="xy","x",IF(W119="y","x",IF(OR(P119>0,U119>0),"x",""))))) | Y119: =IF(W119="X","x",IF(W119="y","x",IF(W119="xx","x",IF(U119>0,"x","")))) | Z119: =IF(W119="X","x",IF(U119>0,"x",""))
A120: 605000 | B120: 605000A | C120: DER | D120: Lastro de Concreto Simples (calçadas e outros) | H120: =SUM(H121:H123) -> 172.2229 | I120: 340.38 | J120: =IF(ISBLANK(I120),"",SUM(H120:I120)) -> 512.6029 | K120: =IF(ISBLANK(I120),0,ROUND(J120*(1+$F$10)*(1+$F$11*E120),2)) -> 623.89 | L120: m3 | O120: =IF(ISBLANK(M120),0,ROUND(K120*M120,2)) -> 0 | P120: =IF(ISBLANK(N120),0,ROUND(M120*N120,2)) -> 0 | R120: =M120 -> 0 | S120: =N120 -> 0 | T120: =IF(ISBLANK(R120),0,ROUND(K120*R120,2)) -> 0 | U120: =IF(ISBLANK(R120),0,ROUND(R120*S120,2)) -> 0 | X120: =IF(W120="X","x",IF(W120="xx","x",IF(W120="xy","x",IF(W120="y","x",IF(OR(P120>0,U120>0),"x",""))))) | Y120: =IF(W120="X","x",IF(W120="y","x",IF(W120="xx","x",IF(U120>0,"x","")))) | Z120: =IF(W120="X","x",IF(U120>0,"x",""))
A121: transporte | B121: transporte | D121: Cimento | F121: 500 | G121: 0.18 | H121: =IF(F121<=30,(0.51*F121+4.28)*G121,((0.51*30+4.28)+0.42*(F121-30))*G121) -> 39.0564 | I121: 0 | K121: =IF(ISBLANK(I121),0,ROUND(J121*(1+$F$10)*(1+$F$11*E121),2)) -> 0 | O121: =IF(ISBLANK(M121),0,ROUND(K121*M121,2)) -> 0 | P121: =IF(ISBLANK(N121),0,ROUND(M121*N121,2)) -> 0 | R121: =M121 -> 0 | S121: =N121 -> 0 | T121: =IF(ISBLANK(R121),0,ROUND(K121*R121,2)) -> 0 | U121: =IF(ISBLANK(R121),0,ROUND(R121*S121,2)) -> 0 | W121: =IF(U120>0,"xx",IF(P120>0,"xy","")) | X121: =IF(W121="X","x",IF(W121="xx","x",IF(W121="xy","x",IF(W121="y","x",IF(OR(P121>0,U121>0),"x",""))))) | Y121: =IF(W121="X","x",IF(W121="y","x",IF(W121="xx","x",IF(U121>0,"x","")))) | Z121: =IF(W121="X","x",IF(U121>0,"x",""))
...

Sheet viab-pav
A1: Critério Econômico de Elegibilidade
B2: PAVIMENTAÇÃO
A3: PROGRAMA PARANÁ URBANO 3
A4: INDICADOR FÍSICO (TAXA DE OCUPAÇÃO)
A5: Nº de lotes totais: | D5: >= | E5: 0.6
A6: Nº de lotes ocupados: | C6: Nº de lotes ocupados
A7: Nº de lotes ocupados = | B7: =IF(B5=0,"",ROUND(B6/B5,4)) | C7: Nº de lotes totais
A8: Nº de lotes totais
A9: VIABILIDADE DO PROJETO | B9: =IF(B5=0,"",IF(B7>=E5,"APROVADO","INVIÁVELl"))
A11: INDICADOR ECONÔMICO ( VALOR DO INVESTIMENTO / Nº DE LOTES TOTAIS)
A12: Valor do Investimento
B13: =IF(B5=0,"",IF(B12=0,"",ROUND(B12/B5,4))) | D13: <= | E13: 12591.78
A14: Valor do Investimento = | C14: Nº de lotes ocupados
A15: Nº de lotes totais | B15: atualizado : jun/2020 | C15: Nº de lotes totais
A17: VIABILIDADE DO PROJETO | B17: =IF(B13=0,"",IF(B12=0,"",IF(B13<=E13,"APROVADO","INVIÁVEL")))

Sheet viab-praça
A1: Critério Econômico de Elegibilidade
B2: PRAÇA
A3: PROGRAMA PARANÁ URBANO 3
A5: INDICADOR ECONÔMICO ( VALOR DO INVESTIMENTO / ÁREA URBANIZADA)
A6: Valor do Investimento - ( R$ ) | B6: 1945000
A7: Área Urbanizada - ( m2 ) | B7: 10000
B8: =IF(B7=0,"",IF(B6=0,0,ROUND(B6/B7,2))) -> 194.5 | D8: <= | E8: 194.49
A9: Valor do Investimento = | C9: Valor do Investimento
A10: Área Urbanizada - ( m2 ) | C10: Área Urbanizada - ( m2 )
A12: VIABILIDADE DO PROJETO | B12: =IF(B7=0,"",IF(B6=0,"",IF(B8<=E8,"APROVADO","INVIÁVEL"))) -> INVIÁVEL

Sheet Novos Traços
A1: TRAÇOS DE CBUQ | F1: DIGITAR SÓ NAS CÉLULAS COLORIDAS
A4: Nome da Usina / Pedreira | H4: Nome da Usina / Pedreira
A5: Local da Pedreira | H5: Local da Pedreira
A6: Local da Usina | H6: Local da Usina
A8: TRAÇO 1 | B8: FAIXA | C8: "FAIXA B" DER | H8: TRAÇO 2 | I8: FAIXA | J8: "FAIXA B" DER
B9: Utilização | C9: Camada de Ligação - BINDER | I9: Utilização | J9: Camada de Ligação - BINDER
A11: DADOS DO PROJETO MARSHAL | E11: CÁLCULO DO DA COMPOSIÇÃO | H11: DADOS DO PROJETO MARSHAL | L11: CÁLCULO DO DA COMPOSIÇÃO
A12: DENSIDADE APARENTE DA MASSA | H12: DENSIDADE APARENTE DA MASSA
A13: TEÔR ÓTIMO DE LIGANTE | E13: Agregados SEM Betume | H13: TEÔR ÓTIMO DE LIGANTE | L13: Agregados sem Betume
A14: Composição dos agregados (SEM LIGANTE) | E14: MATERIAL | F14: COMPOSIÇÃO | H14: Composição dos agregados (SEM LIGANTE) | L14: MATERIAL | M14: COMPOSIÇÃO
A15: MATERIAL | B15: % DE CADA AGREGADO | F15: Sem Betume | H15: MATERIAL | I15: % DE CADA AGREGADO | M15: Sem Betume
A16: Brita "a" | B16: brita 3/4 | H16: Brita "a" | I16: brita 3/4
A17: Brita "b" | B17: Pedrisco | E17: Brita | F17: =SUM(C16:C18) -> 0 | H17: Brita "b" | I17: Pedrisco | L17: Brita | M17: =SUM(J16:J18) -> 0
A18: Brita "c" | B18: Pó de pedra | H18: Brita "c" | I18: Pó de pedra | X18: Composição da MASSA (COM LIGANTE) | AA18: Traço
A19: Areia | B19: Areia | E19: Areia | F19: =C19 -> 0 | H19: Areia | I19: Areia | L19: Areia | M19: =J19 -> 0 | X19: MATERIAL | Y19: Nome da Brita | Z19: % COM ligante | AA19: % sem ligante
A20: Cal Hidratada CH-1 ou Filler | B20: Cal Hidratada CH-1 | E20: Cal Hidratada CH-1 | F20: =C20 -> 0 | H20: Cal Hidratada CH-1 ou Filler | I20: Cal Hidratada CH-1 | L20: Cal Hidratada CH-1 | M20: =J20 -> 0 | AA20: resumido
B21: Total agregados | C21: =SUM(C16:C20) -> 0 | E21: Total agregados | F21: =SUM(F17:F20) -> 0 | I21: Total agregados | J21: =SUM(J16:J20) -> 0 | L21: Total agregados | M21: =SUM(M17:M20) -> 0 | Z21: =ROUND(C16*$Q$10,4) -> 0
B22: conferência | C22: =IF(C21=0,"",IF(C21=100%,"OK","erro")) | E22: conferência | F22: =IF(F21=0,"",IF(F21=100%,"OK","erro")) | I22: conferência | J22: =IF(J21=100%,"OK","erro") -> erro | L22: conferência | M22: =IF(M21=0,"",IF(M21=100%,"OK","erro")) | Y22: Brita | Z22: =ROUND(C17*$Q$10,4) -> 0 | AA22: =SUM(Z21:Z23) -> 0
Z23: =ROUND(C18*$Q$10,4) -> 0
E24: CÁLCULO DO DO TRAÇO | L24: CÁLCULO DO DO TRAÇO | Y24: Areia | Z24: =ROUND(C19*$Q$10,4) -> 0 | AA24: =Z24 -> 0
Y25: Cal Hidratada CH-1 | Z25: =ROUND(C20*$Q$10,4) -> 0 | AA25: =Z25 -> 0
A26: CÁLCULO DO PERCENTUAL DE AGREADOS NA NASSA | E26: Agregados COM Betume | H26: CÁLCULO DO PERCENTUAL DE AGREADOS NA NASSA | L26: Agregados COM Betume | Y26: Total de LIGANTE | Z26: =O10 -> 0 | AA26: =Z26 -> 0
E27: MATERIAL | F27: COMPOSIÇÃO | L27: MATERIAL | M27: COMPOSIÇÃO | Y27: Total da MASSA | Z27: =SUM(Z21:Z26) -> 0 | AA27: =SUM(AA22:AA26) -> 0
A28: Observação : | F28: Sem Betume | H28: Observação : | M28: Sem Betume | Y28: conferência | Z28: =IF(Z27=100%,"OK","erro") -> erro | AA28: =IF(AA27=1,"OK","erro") -> erro
A29: O perceentual de Agregados na Massa é: | H29: O perceentual de Agregados na Massa é:
A30: 100,00% menos o percentual de betume | E30: Brita | F30: =ROUND($C$32*F17,4) -> 0 | H30: 100,00% menos o percentual de betume | L30: Brita | M30: =ROUND($J$32*M17,4) -> 0
A32: Percentual de Agregados na Massa | C32: =100%-C13 -> 1 | E32: Areia | F32: =ROUND($C$32*F19,4) -> 0 | H32: Percentual de Agregados na Massa | J32: =100%-J13 -> 1 | L32: Areia | M32: =ROUND($J$32*M19,4) -> 0
D33: =SUM(D28:D32) -> 0 | E33: Cal Hidratada CH-1 | F33: =ROUND($C$32*F20,4) -> 0 | K33: =SUM(K28:K32) -> 0 | L33: Cal Hidratada CH-1 | M33: =ROUND($J$32*M20,4) -> 0
E34: Teôr Ótimo de Betume | F34: =C13 -> 0 | L34: Teôr Ótimo de Betume | M34: =J13 -> 0
E35: Total da Massa | F35: =SUM(F30:F34) -> 0 | L35: Total da Massa | M35: =SUM(M30:M34) -> 0
E36: conferência | F36: =IF(F35=0,"",IF(F35=100%,"OK","erro")) | L36: conferência | M36: =IF(M35=0,"",IF(M35=100%,"OK","erro"))
A40: Nome da Usina / Pedreira | H40: Nome da Usina / Pedreira
A41: Local da Pedreira | H41: Local da Pedreira
A42: Local da Usina | H42: Local da Usina
A44: TRAÇO 3 | B44: FAIXA | C44: "FAIXA B" DER | H44: TRAÇO 4 | I44: FAIXA | J44: "FAIXA B" DER
B45: Utilização | C45: Camada de Ligação - BINDER | I45: Utilização | J45: Camada de Ligação - BINDER
A47: DADOS DO PROJETO MARSHAL | E47: CÁLCULO DO DA COMPOSIÇÃO | H47: DADOS DO PROJETO MARSHAL | L47: CÁLCULO DO DA COMPOSIÇÃO
A48: DENSIDADE APARENTE DA MASSA | H48: DENSIDADE APARENTE DA MASSA
A49: TEÔR ÓTIMO DE LIGANTE | E49: Agregados SEM Betume | H49: TEÔR ÓTIMO DE LIGANTE | L49: Agregados sem Betume
A50: Composição dos agregados (SEM LIGANTE) | E50: MATERIAL | F50: COMPOSIÇÃO | H50: Composição dos agregados (SEM LIGANTE) | L50: MATERIAL | M50: COMPOSIÇÃO
A51: MATERIAL | B51: % DE CADA AGREGADO | F51: Sem Betume | H51: MATERIAL | I51: % DE CADA AGREGADO | M51: Sem Betume
A52: Brita "a" | B52: brita 3/4 | H52: Brita "a" | I52: brita 3/4
A53: Brita "b" | B53: Pedrisco | E53: Brita | F53: =SUM(C52:C54) -> 0 | H53: Brita "b" | I53: Pedrisco | L53: Brita | M53: =SUM(J52:J54) -> 0
A54: Brita "c" | B54: Pó de pedra | H54: Brita "c" | I54: Pó de pedra
A55: Areia | B55: Areia | E55: Areia | F55: =C55 -> 0 | H55: Areia | I55: Areia | L55: Areia | M55: =J55 -> 0
A56: Cal Hidratada CH-1 ou Filler | B56: Cal Hidratada CH-1 | E56: Cal Hidratada CH-1 | F56: =C56 -> 0 | H56: Cal Hidratada CH-1 ou Filler | I56: Cal Hidratada CH-1 | L56: Cal Hidratada CH-1 | M56: =J56 -> 0
B57: Total agregados | C57: =SUM(C52:C56) -> 0 | E57: Total agregados | F57: =SUM(F53:F56) -> 0 | I57: Total agregados | J57: =SUM(J52:J56) -> 0 | L57: Total agregados | M57: =SUM(M53:M56) -> 0
B58: conferência | C58: =IF(C57=0,"",IF(C57=100%,"OK","erro")) | E58: conferência | F58: =IF(F57=0,"",IF(F57=100%,"OK","erro")) | I58: conferência | J58: =IF(J57=100%,"OK","erro") -> erro | L58: conferência | M58: =IF(M57=0,"",IF(M57=100%,"OK","erro"))
E60: CÁLCULO DO DO TRAÇO | L60: CÁLCULO DO DO TRAÇO
A62: CÁLCULO DO PERCENTUAL DE AGREADOS NA NASSA | E62: Agregados COM Betume | H62: CÁLCULO DO PERCENTUAL DE AGREADOS NA NASSA | L62: Agregados COM Betume
E63: MATERIAL | F63: COMPOSIÇÃO | L63: MATERIAL | M63: COMPOSIÇÃO
A64: Observação : | F64: Sem Betume | H64: Observação : | M64: Sem Betume
A65: O perceentual de Agregados na Massa é: | H65: O perceentual de Agregados na Massa é:
A66: 100,00% menos o percentual de betume | E66: Brita | F66: =ROUND($C$32*F53,4) -> 0 | H66: 100,00% menos o percentual de betume | L66: Brita | M66: =ROUND($J$32*M53,4) -> 0
A68: Percentual de Agregados na Massa | C68: =100%-C49 -> 1 | E68: Areia | F68: =ROUND($C$32*F55,4) -> 0 | H68: Percentual de Agregados na Massa | J68: =100%-J49 -> 1 | L68: Areia | M68: =ROUND($J$32*M55,4) -> 0
D69: =SUM(D64:D68) -> 0 | E69: Cal Hidratada CH-1 | F69: =ROUND($C$32*F56,4) -> 0 | K69: =SUM(K64:K68) -> 0 | L69: Cal Hidratada CH-1 | M69: =ROUND($J$32*M56,4) -> 0
E70: Teôr Ótimo de Betume | F70: =C49 -> 0 | L70: Teôr Ótimo de Betume | M70: =J49 -> 0
E71: Total da Massa | F71: =SUM(F66:F70) -> 0 | L71: Total da Massa | M71: =SUM(M66:M70) -> 0
E72: conferência | F72: =IF(F71=0,"",IF(F71=100%,"OK","erro")) | L72: conferência | M72: =IF(M71=0,"",IF(M71=100%,"OK","erro"))
